Workbook

Sheet Долги
A1: Таблица погашения долгов: снежный ком и лавина
A2: Заполните жёлтые ячейки — порядок, сроки и переплата посчитаются сами. Расчёт как в приложении Погашу: pogashu.ru
A4: Доплата в месяц сверх минимальных платежей | D4: 8000
A5: Месяц первого платежа | D5: =DATE(YEAR(TODAY()),MONTH(TODAY())+1,1) -> 46296
A7: Долг | B7: Остаток | C7: Ставка, % годовых | D7: Мин. платёж в месяц | E7: Проценты в месяц | F7: Очередь: снежный ком | G7: Очередь: лавина | H7: Закроется: снежный ком | I7: Закроется: лавина | J7: Проверка
A8: Рассрочка на технику | B8: 40000 | C8: 0 | D8: 4000 | E8: =IF(B8>0,ROUND(B8*C8/1200,2),"") -> 0 | F8: =IF(B8>0,COUNTIFS($B$8:$B$17,">0",$L$8:$L$17,"<"&L8)+1,"") -> 1 | G8: =IF(B8>0,COUNTIFS($B$8:$B$17,">0",$M$8:$M$17,">"&M8)+1,"") -> 3 | H8: =IF(B8>0,IF(ISNUMBER(INDEX('Снежный ком'!$R$3:$AA$3,1,F8)),EDATE($D$5,INDEX('Снежный ком'!$R$3:$AA$3,1,F8)-1),"более 30 лет"),"") -> 46388 | I8: =IF(B8>0,IF(ISNUMBER(INDEX(Лавина!$R$3:$AA$3,1,G8)),EDATE($D$5,INDEX(Лавина!$R$3:$AA$3,1,G8)-1),"более 30 лет"),"") -> 46569 | J8: =IF(B8>0,IF(D8<=E8,"платёж не покрывает проценты",""),"") | L8: =B8+ROW()/10000 -> 40000.001 | M8: =C8-ROW()/100000 -> -8e-05
A9: Потребкредит | B9: 180000 | C9: 19 | D9: 6500 | E9: =IF(B9>0,ROUND(B9*C9/1200,2),"") -> 2850 | F9: =IF(B9>0,COUNTIFS($B$8:$B$17,">0",$L$8:$L$17,"<"&L9)+1,"") -> 2 | G9: =IF(B9>0,COUNTIFS($B$8:$B$17,">0",$M$8:$M$17,">"&M9)+1,"") -> 2 | H9: =IF(B9>0,IF(ISNUMBER(INDEX('Снежный ком'!$R$3:$AA$3,1,F9)),EDATE($D$5,INDEX('Снежный ком'!$R$3:$AA$3,1,F9)-1),"более 30 лет"),"") -> 46692 | I9: =IF(B9>0,IF(ISNUMBER(INDEX(Лавина!$R$3:$AA$3,1,G9)),EDATE($D$5,INDEX(Лавина!$R$3:$AA$3,1,G9)-1),"более 30 лет"),"") -> 46844 | J9: =IF(B9>0,IF(D9<=E9,"платёж не покрывает проценты",""),"") | L9: =B9+ROW()/10000 -> 180000 | M9: =C9-ROW()/100000 -> 18.99991
A10: Кредитная карта | B10: 250000 | C10: 39.9 | D10: 12500 | E10: =IF(B10>0,ROUND(B10*C10/1200,2),"") -> 8312.5 | F10: =IF(B10>0,COUNTIFS($B$8:$B$17,">0",$L$8:$L$17,"<"&L10)+1,"") -> 3 | G10: =IF(B10>0,COUNTIFS($B$8:$B$17,">0",$M$8:$M$17,">"&M10)+1,"") -> 1 | H10: =IF(B10>0,IF(ISNUMBER(INDEX('Снежный ком'!$R$3:$AA$3,1,F10)),EDATE($D$5,INDEX('Снежный ком'!$R$3:$AA$3,1,F10)-1),"более 30 лет"),"") -> 46874 | I10: =IF(B10>0,IF(ISNUMBER(INDEX(Лавина!$R$3:$AA$3,1,G10)),EDATE($D$5,INDEX(Лавина!$R$3:$AA$3,1,G10)-1),"более 30 лет"),"") -> 46722 | J10: =IF(B10>0,IF(D10<=E10,"платёж не покрывает проценты",""),"") | L10: =B10+ROW()/10000 -> 250000 | M10: =C10-ROW()/100000 -> 39.8999
E11: =IF(B11>0,ROUND(B11*C11/1200,2),"") | F11: =IF(B11>0,COUNTIFS($B$8:$B$17,">0",$L$8:$L$17,"<"&L11)+1,"") | G11: =IF(B11>0,COUNTIFS($B$8:$B$17,">0",$M$8:$M$17,">"&M11)+1,"") | H11: =IF(B11>0,IF(ISNUMBER(INDEX('Снежный ком'!$R$3:$AA$3,1,F11)),EDATE($D$5,INDEX('Снежный ком'!$R$3:$AA$3,1,F11)-1),"более 30 лет"),"") | I11: =IF(B11>0,IF(ISNUMBER(INDEX(Лавина!$R$3:$AA$3,1,G11)),EDATE($D$5,INDEX(Лавина!$R$3:$AA$3,1,G11)-1),"более 30 лет"),"") | J11: =IF(B11>0,IF(D11<=E11,"платёж не покрывает проценты",""),"") | L11: =B11+ROW()/10000 -> 0.0011 | M11: =C11-ROW()/100000 -> -0.00011
E12: =IF(B12>0,ROUND(B12*C12/1200,2),"") | F12: =IF(B12>0,COUNTIFS($B$8:$B$17,">0",$L$8:$L$17,"<"&L12)+1,"") | G12: =IF(B12>0,COUNTIFS($B$8:$B$17,">0",$M$8:$M$17,">"&M12)+1,"") | H12: =IF(B12>0,IF(ISNUMBER(INDEX('Снежный ком'!$R$3:$AA$3,1,F12)),EDATE($D$5,INDEX('Снежный ком'!$R$3:$AA$3,1,F12)-1),"более 30 лет"),"") | I12: =IF(B12>0,IF(ISNUMBER(INDEX(Лавина!$R$3:$AA$3,1,G12)),EDATE($D$5,INDEX(Лавина!$R$3:$AA$3,1,G12)-1),"более 30 лет"),"") | J12: =IF(B12>0,IF(D12<=E12,"платёж не покрывает проценты",""),"") | L12: =B12+ROW()/10000 -> 0.0012 | M12: =C12-ROW()/100000 -> -0.00012
E13: =IF(B13>0,ROUND(B13*C13/1200,2),"") | F13: =IF(B13>0,COUNTIFS($B$8:$B$17,">0",$L$8:$L$17,"<"&L13)+1,"") | G13: =IF(B13>0,COUNTIFS($B$8:$B$17,">0",$M$8:$M$17,">"&M13)+1,"") | H13: =IF(B13>0,IF(ISNUMBER(INDEX('Снежный ком'!$R$3:$AA$3,1,F13)),EDATE($D$5,INDEX('Снежный ком'!$R$3:$AA$3,1,F13)-1),"более 30 лет"),"") | I13: =IF(B13>0,IF(ISNUMBER(INDEX(Лавина!$R$3:$AA$3,1,G13)),EDATE($D$5,INDEX(Лавина!$R$3:$AA$3,1,G13)-1),"более 30 лет"),"") | J13: =IF(B13>0,IF(D13<=E13,"платёж не покрывает проценты",""),"") | L13: =B13+ROW()/10000 -> 0.0013 | M13: =C13-ROW()/100000 -> -0.00013
E14: =IF(B14>0,ROUND(B14*C14/1200,2),"") | F14: =IF(B14>0,COUNTIFS($B$8:$B$17,">0",$L$8:$L$17,"<"&L14)+1,"") | G14: =IF(B14>0,COUNTIFS($B$8:$B$17,">0",$M$8:$M$17,">"&M14)+1,"") | H14: =IF(B14>0,IF(ISNUMBER(INDEX('Снежный ком'!$R$3:$AA$3,1,F14)),EDATE($D$5,INDEX('Снежный ком'!$R$3:$AA$3,1,F14)-1),"более 30 лет"),"") | I14: =IF(B14>0,IF(ISNUMBER(INDEX(Лавина!$R$3:$AA$3,1,G14)),EDATE($D$5,INDEX(Лавина!$R$3:$AA$3,1,G14)-1),"более 30 лет"),"") | J14: =IF(B14>0,IF(D14<=E14,"платёж не покрывает проценты",""),"") | L14: =B14+ROW()/10000 -> 0.0014 | M14: =C14-ROW()/100000 -> -0.00014
E15: =IF(B15>0,ROUND(B15*C15/1200,2),"") | F15: =IF(B15>0,COUNTIFS($B$8:$B$17,">0",$L$8:$L$17,"<"&L15)+1,"") | G15: =IF(B15>0,COUNTIFS($B$8:$B$17,">0",$M$8:$M$17,">"&M15)+1,"") | H15: =IF(B15>0,IF(ISNUMBER(INDEX('Снежный ком'!$R$3:$AA$3,1,F15)),EDATE($D$5,INDEX('Снежный ком'!$R$3:$AA$3,1,F15)-1),"более 30 лет"),"") | I15: =IF(B15>0,IF(ISNUMBER(INDEX(Лавина!$R$3:$AA$3,1,G15)),EDATE($D$5,INDEX(Лавина!$R$3:$AA$3,1,G15)-1),"более 30 лет"),"") | J15: =IF(B15>0,IF(D15<=E15,"платёж не покрывает проценты",""),"") | L15: =B15+ROW()/10000 -> 0.0015 | M15: =C15-ROW()/100000 -> -0.00015
E16: =IF(B16>0,ROUND(B16*C16/1200,2),"") | F16: =IF(B16>0,COUNTIFS($B$8:$B$17,">0",$L$8:$L$17,"<"&L16)+1,"") | G16: =IF(B16>0,COUNTIFS($B$8:$B$17,">0",$M$8:$M$17,">"&M16)+1,"") | H16: =IF(B16>0,IF(ISNUMBER(INDEX('Снежный ком'!$R$3:$AA$3,1,F16)),EDATE($D$5,INDEX('Снежный ком'!$R$3:$AA$3,1,F16)-1),"более 30 лет"),"") | I16: =IF(B16>0,IF(ISNUMBER(INDEX(Лавина!$R$3:$AA$3,1,G16)),EDATE($D$5,INDEX(Лавина!$R$3:$AA$3,1,G16)-1),"более 30 лет"),"") | J16: =IF(B16>0,IF(D16<=E16,"платёж не покрывает проценты",""),"") | L16: =B16+ROW()/10000 -> 0.0016 | M16: =C16-ROW()/100000 -> -0.00016
E17: =IF(B17>0,ROUND(B17*C17/1200,2),"") | F17: =IF(B17>0,COUNTIFS($B$8:$B$17,">0",$L$8:$L$17,"<"&L17)+1,"") | G17: =IF(B17>0,COUNTIFS($B$8:$B$17,">0",$M$8:$M$17,">"&M17)+1,"") | H17: =IF(B17>0,IF(ISNUMBER(INDEX('Снежный ком'!$R$3:$AA$3,1,F17)),EDATE($D$5,INDEX('Снежный ком'!$R$3:$AA$3,1,F17)-1),"более 30 лет"),"") | I17: =IF(B17>0,IF(ISNUMBER(INDEX(Лавина!$R$3:$AA$3,1,G17)),EDATE($D$5,INDEX(Лавина!$R$3:$AA$3,1,G17)-1),"более 30 лет"),"") | J17: =IF(B17>0,IF(D17<=E17,"платёж не покрывает проценты",""),"") | L17: =B17+ROW()/10000 -> 0.0017 | M17: =C17-ROW()/100000 -> -0.00017
A19: Бюджет на долги в месяц (минимальные платежи + доплата) | D19: =SUMIF($B$8:$B$17,">0",$D$8:$D$17)+$D$4 -> 31000
A21: Итог | D21: Снежный ком | E21: Лавина
A22: Месяцев до закрытия всех долгов | D22: =IF('Снежный ком'!$F$365>0.005,"более 360",COUNT('Снежный ком'!$A$6:$A$365)) -> 20 | E22: =IF(Лавина!$F$365>0.005,"более 360",COUNT(Лавина!$A$6:$A$365)) -> 19
A23: Месяц последнего платежа | D23: =IF(ISNUMBER(D22),EDATE($D$5,D22-1),"—") -> 46874 | E23: =IF(ISNUMBER(E22),EDATE($D$5,E22-1),"—") -> 46844
A24: Переплата (проценты) | D24: =SUM('Снежный ком'!$D$6:$D$365) -> 144800 | E24: =SUM(Лавина!$D$6:$D$365) -> 114714.56
A25: Всего выплатите | D25: =SUM('Снежный ком'!$C$6:$C$365) -> 614800 | E25: =SUM(Лавина!$C$6:$C$365) -> 584714.56
A26: Первый долг закрыт через (мес.) | D26: =MIN('Снежный ком'!$R$3:$AA$3) -> 4 | E26: =MIN(Лавина!$R$3:$AA$3) -> 10
A28: Лавина экономит на процентах | D28: =D24-E24 -> 30085.44
A29: Лавина быстрее на (мес.) | D29: =IF(AND(ISNUMBER(D22),ISNUMBER(E22)),D22-E22,"—") -> 1
A31: =IF(D28<1,"Методы дают одинаковый результат — берите снежный ком: быстрые победы бесплатно.","Лавина дешевле. Если разница для вас заметна — гасите по лавине.") -> Лавина дешевле. Если разница для вас заметна — гасите по лавине.

Sheet Снежный ком
A1: График по методу «снежный ком»: доплата идёт в самый маленький долг
H2: Платежи по долгам | R2: Остатки по долгам | AB2: Проценты по долгам | AL2: Служебное: обязательный платёж
A3: Закроется через (мес.) | R3: =IF(R$5>0,IF(R$365>0,"более 30 лет",COUNTIF(R$6:R$365,">0")+1),"") -> 4 | S3: =IF(S$5>0,IF(S$365>0,"более 30 лет",COUNTIF(S$6:S$365,">0")+1),"") -> 14 | T3: =IF(T$5>0,IF(T$365>0,"более 30 лет",COUNTIF(T$6:T$365,">0")+1),"") -> 20 | U3: =IF(U$5>0,IF(U$365>0,"более 30 лет",COUNTIF(U$6:U$365,">0")+1),"") | V3: =IF(V$5>0,IF(V$365>0,"более 30 лет",COUNTIF(V$6:V$365,">0")+1),"") | W3: =IF(W$5>0,IF(W$365>0,"более 30 лет",COUNTIF(W$6:W$365,">0")+1),"") | X3: =IF(X$5>0,IF(X$365>0,"более 30 лет",COUNTIF(X$6:X$365,">0")+1),"") | Y3: =IF(Y$5>0,IF(Y$365>0,"более 30 лет",COUNTIF(Y$6:Y$365,">0")+1),"") | ... AA3: =IF(AA$5>0,IF(AA$365>0,"более 30 лет",COUNTIF(AA$6:AA$365,">0")+1),"")
A4: № | B4: Месяц | C4: Платёж | D4: Проценты | E4: В тело долга | F4: Остаток | G4: Осталось | H4: =IFERROR(INDEX(Долги!$A$8:$A$17,MATCH(1,Долги!$F$8:$F$17,0)),"—") -> Рассрочка на технику | I4: =IFERROR(INDEX(Долги!$A$8:$A$17,MATCH(2,Долги!$F$8:$F$17,0)),"—") -> Потребкредит | J4: =IFERROR(INDEX(Долги!$A$8:$A$17,MATCH(3,Долги!$F$8:$F$17,0)),"—") -> Кредитная карта | K4: =IFERROR(INDEX(Долги!$A$8:$A$17,MATCH(4,Долги!$F$8:$F$17,0)),"—") -> — | L4: =IFERROR(INDEX(Долги!$A$8:$A$17,MATCH(5,Долги!$F$8:$F$17,0)),"—") -> — | M4: =IFERROR(INDEX(Долги!$A$8:$A$17,MATCH(6,Долги!$F$8:$F$17,0)),"—") -> — | N4: =IFERROR(INDEX(Долги!$A$8:$A$17,MATCH(7,Долги!$F$8:$F$17,0)),"—") -> — | O4: =IFERROR(INDEX(Долги!$A$8:$A$17,MATCH(8,Долги!$F$8:$F$17,0)),"—") -> — | P4: =IFERROR(INDEX(Долги!$A$8:$A$17,MATCH(9,Долги!$F$8:$F$17,0)),"—") -> — | Q4: =IFERROR(INDEX(Долги!$A$8:$A$17,MATCH(10,Долги!$F$8:$F$17,0)),"—") -> — | R4: =IFERROR(INDEX(Долги!$A$8:$A$17,MATCH(1,Долги!$F$8:$F$17,0)),"—") -> Рассрочка на технику | S4: =IFERROR(INDEX(Долги!$A$8:$A$17,MATCH(2,Долги!$F$8:$F$17,0)),"—") -> Потребкредит | T4: =IFERROR(INDEX(Долги!$A$8:$A$17,MATCH(3,Долги!$F$8:$F$17,0)),"—") -> Кредитная карта | U4: =IFERROR(INDEX(Долги!$A$8:$A$17,MATCH(4,Долги!$F$8:$F$17,0)),"—") -> — | V4: =IFERROR(INDEX(Долги!$A$8:$A$17,MATCH(5,Долги!$F$8:$F$17,0)),"—") -> — | W4: =IFERROR(INDEX(Долги!$A$8:$A$17,MATCH(6,Долги!$F$8:$F$17,0)),"—") -> — | X4: =IFERROR(INDEX(Долги!$A$8:$A$17,MATCH(7,Долги!$F$8:$F$17,0)),"—") -> — | Y4: =IFERROR(INDEX(Долги!$A$8:$A$17,MATCH(8,Долги!$F$8:$F$17,0)),"—") -> — | Z4: =IFERROR(INDEX(Долги!$A$8:$A$17,MATCH(9,Долги!$F$8:$F$17,0)),"—") -> — | AA4: =IFERROR(INDEX(Долги!$A$8:$A$17,MATCH(10,Долги!$F$8:$F$17,0)),"—") -> — | AB4: =IFERROR(INDEX(Долги!$A$8:$A$17,MATCH(1,Долги!$F$8:$F$17,0)),"—") -> Рассрочка на технику | AC4: =IFERROR(INDEX(Долги!$A$8:$A$17,MATCH(2,Долги!$F$8:$F$17,0)),"—") -> Потребкредит | AD4: =IFERROR(INDEX(Долги!$A$8:$A$17,MATCH(3,Долги!$F$8:$F$17,0)),"—") -> Кредитная карта | AE4: =IFERROR(INDEX(Долги!$A$8:$A$17,MATCH(4,Долги!$F$8:$F$17,0)),"—") -> — | AF4: =IFERROR(INDEX(Долги!$A$8:$A$17,MATCH(5,Долги!$F$8:$F$17,0)),"—") -> — | AG4: =IFERROR(INDEX(Долги!$A$8:$A$17,MATCH(6,Долги!$F$8:$F$17,0)),"—") -> — | AH4: =IFERROR(INDEX(Долги!$A$8:$A$17,MATCH(7,Долги!$F$8:$F$17,0)),"—") -> — | AI4: =IFERROR(INDEX(Долги!$A$8:$A$17,MATCH(8,Долги!$F$8:$F$17,0)),"—") -> — | AJ4: =IFERROR(INDEX(Долги!$A$8:$A$17,MATCH(9,Долги!$F$8:$F$17,0)),"—") -> — | AK4: =IFERROR(INDEX(Долги!$A$8:$A$17,MATCH(10,Долги!$F$8:$F$17,0)),"—") -> — | AL4: =IFERROR(INDEX(Долги!$A$8:$A$17,MATCH(1,Долги!$F$8:$F$17,0)),"—") -> Рассрочка на технику | AM4: =IFERROR(INDEX(Долги!$A$8:$A$17,MATCH(2,Долги!$F$8:$F$17,0)),"—") -> Потребкредит | AN4: =IFERROR(INDEX(Долги!$A$8:$A$17,MATCH(3,Долги!$F$8:$F$17,0)),"—") -> Кредитная карта | AO4: =IFERROR(INDEX(Долги!$A$8:$A$17,MATCH(4,Долги!$F$8:$F$17,0)),"—") -> — | AP4: =IFERROR(INDEX(Долги!$A$8:$A$17,MATCH(5,Долги!$F$8:$F$17,0)),"—") -> — | AQ4: =IFERROR(INDEX(Долги!$A$8:$A$17,MATCH(6,Долги!$F$8:$F$17,0)),"—") -> — | AR4: =IFERROR(INDEX(Долги!$A$8:$A$17,MATCH(7,Долги!$F$8:$F$17,0)),"—") -> — | AS4: =IFERROR(INDEX(Долги!$A$8:$A$17,MATCH(8,Долги!$F$8:$F$17,0)),"—") -> — | AT4: =IFERROR(INDEX(Долги!$A$8:$A$17,MATCH(9,Долги!$F$8:$F$17,0)),"—") -> — | AU4: =IFERROR(INDEX(Долги!$A$8:$A$17,MATCH(10,Долги!$F$8:$F$17,0)),"—") -> —
B5: старт | F5: =SUM(R5:AA5) -> 470000 | R5: =IFERROR(INDEX(Долги!$B$8:$B$17,MATCH(1,Долги!$F$8:$F$17,0)),0) -> 40000 | S5: =IFERROR(INDEX(Долги!$B$8:$B$17,MATCH(2,Долги!$F$8:$F$17,0)),0) -> 180000 | T5: =IFERROR(INDEX(Долги!$B$8:$B$17,MATCH(3,Долги!$F$8:$F$17,0)),0) -> 250000 | U5: =IFERROR(INDEX(Долги!$B$8:$B$17,MATCH(4,Долги!$F$8:$F$17,0)),0) -> 0 | V5: =IFERROR(INDEX(Долги!$B$8:$B$17,MATCH(5,Долги!$F$8:$F$17,0)),0) -> 0 | W5: =IFERROR(INDEX(Долги!$B$8:$B$17,MATCH(6,Долги!$F$8:$F$17,0)),0) -> 0 | X5: =IFERROR(INDEX(Долги!$B$8:$B$17,MATCH(7,Долги!$F$8:$F$17,0)),0) -> 0 | Y5: =IFERROR(INDEX(Долги!$B$8:$B$17,MATCH(8,Долги!$F$8:$F$17,0)),0) -> 0 | Z5: =IFERROR(INDEX(Долги!$B$8:$B$17,MATCH(9,Долги!$F$8:$F$17,0)),0) -> 0 | AA5: =IFERROR(INDEX(Долги!$B$8:$B$17,MATCH(10,Долги!$F$8:$F$17,0)),0) -> 0 | AB5: =IFERROR(INDEX(Долги!$C$8:$C$17,MATCH(1,Долги!$F$8:$F$17,0)),0) -> 0 | AC5: =IFERROR(INDEX(Долги!$C$8:$C$17,MATCH(2,Долги!$F$8:$F$17,0)),0) -> 19 | AD5: =IFERROR(INDEX(Долги!$C$8:$C$17,MATCH(3,Долги!$F$8:$F$17,0)),0) -> 39.9 | AE5: =IFERROR(INDEX(Долги!$C$8:$C$17,MATCH(4,Долги!$F$8:$F$17,0)),0) -> 0 | AF5: =IFERROR(INDEX(Долги!$C$8:$C$17,MATCH(5,Долги!$F$8:$F$17,0)),0) -> 0 | AG5: =IFERROR(INDEX(Долги!$C$8:$C$17,MATCH(6,Долги!$F$8:$F$17,0)),0) -> 0 | AH5: =IFERROR(INDEX(Долги!$C$8:$C$17,MATCH(7,Долги!$F$8:$F$17,0)),0) -> 0 | AI5: =IFERROR(INDEX(Долги!$C$8:$C$17,MATCH(8,Долги!$F$8:$F$17,0)),0) -> 0 | AJ5: =IFERROR(INDEX(Долги!$C$8:$C$17,MATCH(9,Долги!$F$8:$F$17,0)),0) -> 0 | AK5: =IFERROR(INDEX(Долги!$C$8:$C$17,MATCH(10,Долги!$F$8:$F$17,0)),0) -> 0 | AL5: =IFERROR(INDEX(Долги!$D$8:$D$17,MATCH(1,Долги!$F$8:$F$17,0)),0) -> 4000 | AM5: =IFERROR(INDEX(Долги!$D$8:$D$17,MATCH(2,Долги!$F$8:$F$17,0)),0) -> 6500 | AN5: =IFERROR(INDEX(Долги!$D$8:$D$17,MATCH(3,Долги!$F$8:$F$17,0)),0) -> 12500 | AO5: =IFERROR(INDEX(Долги!$D$8:$D$17,MATCH(4,Долги!$F$8:$F$17,0)),0) -> 0 | AP5: =IFERROR(INDEX(Долги!$D$8:$D$17,MATCH(5,Долги!$F$8:$F$17,0)),0) -> 0 | AQ5: =IFERROR(INDEX(Долги!$D$8:$D$17,MATCH(6,Долги!$F$8:$F$17,0)),0) -> 0 | AR5: =IFERROR(INDEX(Долги!$D$8:$D$17,MATCH(7,Долги!$F$8:$F$17,0)),0) -> 0 | AS5: =IFERROR(INDEX(Долги!$D$8:$D$17,MATCH(8,Долги!$F$8:$F$17,0)),0) -> 0 | AT5: =IFERROR(INDEX(Долги!$D$8:$D$17,MATCH(9,Долги!$F$8:$F$17,0)),0) -> 0 | AU5: =IFERROR(INDEX(Долги!$D$8:$D$17,MATCH(10,Долги!$F$8:$F$17,0)),0) -> 0
A6: =IF(F5>0.005,1,"") -> 1 | B6: =IF(A6="","",EDATE(Долги!$D$5,0)) -> 46296 | C6: =SUM(H6:Q6) -> 31000 | D6: =SUM(AB6:AK6) -> 11162.5 | E6: =C6-D6 -> 19837.5 | F6: =SUM(R6:AA6) -> 450162.5 | G6: =IF(OR(A6="",$F$5<=0),"",REPT("█",ROUND(20*F6/$F$5,0))) -> ███████████████████ | H6: =AL6+MIN(R5+AB6-AL6,MAX(0,ROUND(Долги!$D$19-SUM($AL6:$AU6),2))) -> 12000 | I6: =AM6+MIN(S5+AC6-AM6,MAX(0,ROUND(ROUND(Долги!$D$19-SUM($AL6:$AU6),2)-(SUM($H6:H6)-SUM($AL6:AL6)),2))) -> 6500 | J6: =AN6+MIN(T5+AD6-AN6,MAX(0,ROUND(ROUND(Долги!$D$19-SUM($AL6:$AU6),2)-(SUM($H6:I6)-SUM($AL6:AM6)),2))) -> 12500 | K6: =AO6+MIN(U5+AE6-AO6,MAX(0,ROUND(ROUND(Долги!$D$19-SUM($AL6:$AU6),2)-(SUM($H6:J6)-SUM($AL6:AN6)),2))) -> 0 | L6: =AP6+MIN(V5+AF6-AP6,MAX(0,ROUND(ROUND(Долги!$D$19-SUM($AL6:$AU6),2)-(SUM($H6:K6)-SUM($AL6:AO6)),2))) -> 0 | M6: =AQ6+MIN(W5+AG6-AQ6,MAX(0,ROUND(ROUND(Долги!$D$19-SUM($AL6:$AU6),2)-(SUM($H6:L6)-SUM($AL6:AP6)),2))) -> 0 | N6: =AR6+MIN(X5+AH6-AR6,MAX(0,ROUND(ROUND(Долги!$D$19-SUM($AL6:$AU6),2)-(SUM($H6:M6)-SUM($AL6:AQ6)),2))) -> 0 | O6: =AS6+MIN(Y5+AI6-AS6,MAX(0,ROUND(ROUND(Долги!$D$19-SUM($AL6:$AU6),2)-(SUM($H6:N6)-SUM($AL6:AR6)),2))) -> 0 | P6: =AT6+MIN(Z5+AJ6-AT6,MAX(0,ROUND(ROUND(Долги!$D$19-SUM($AL6:$AU6),2)-(SUM($H6:O6)-SUM($AL6:AS6)),2))) -> 0 | Q6: =AU6+MIN(AA5+AK6-AU6,MAX(0,ROUND(ROUND(Долги!$D$19-SUM($AL6:$AU6),2)-(SUM($H6:P6)-SUM($AL6:AT6)),2))) -> 0 | R6: =IF(R5+AB6-H6<=0.01,0,ROUND(R5+AB6-H6,2)) -> 28000 | S6: =IF(S5+AC6-I6<=0.01,0,ROUND(S5+AC6-I6,2)) -> 176350 | T6: =IF(T5+AD6-J6<=0.01,0,ROUND(T5+AD6-J6,2)) -> 245812.5 | U6: =IF(U5+AE6-K6<=0.01,0,ROUND(U5+AE6-K6,2)) -> 0 | V6: =IF(V5+AF6-L6<=0.01,0,ROUND(V5+AF6-L6,2)) -> 0 | W6: =IF(W5+AG6-M6<=0.01,0,ROUND(W5+AG6-M6,2)) -> 0 | X6: =IF(X5+AH6-N6<=0.01,0,ROUND(X5+AH6-N6,2)) -> 0 | Y6: =IF(Y5+AI6-O6<=0.01,0,ROUND(Y5+AI6-O6,2)) -> 0 | ... AA6: =IF(AA5+AK6-Q6<=0.01,0,ROUND(AA5+AK6-Q6,2)) -> 0 | AB6: =ROUND(R5*AB$5/1200,2) -> 0 | AC6: =ROUND(S5*AC$5/1200,2) -> 2850 | AD6: =ROUND(T5*AD$5/1200,2) -> 8312.5 | AE6: =ROUND(U5*AE$5/1200,2) -> 0 | AF6: =ROUND(V5*AF$5/1200,2) -> 0 | AG6: =ROUND(W5*AG$5/1200,2) -> 0 | AH6: =ROUND(X5*AH$5/1200,2) -> 0 | AI6: =ROUND(Y5*AI$5/1200,2) -> 0 | ... AK6: =ROUND(AA5*AK$5/1200,2) -> 0 | AL6: =MIN(AL$5,R5+AB6) -> 4000 | AM6: =MIN(AM$5,S5+AC6) -> 6500 | AN6: =MIN(AN$5,T5+AD6) -> 12500 | AO6: =MIN(AO$5,U5+AE6) -> 0 | AP6: =MIN(AP$5,V5+AF6) -> 0 | AQ6: =MIN(AQ$5,W5+AG6) -> 0 | AR6: =MIN(AR$5,X5+AH6) -> 0 | AS6: =MIN(AS$5,Y5+AI6) -> 0 | ... AU6: =MIN(AU$5,AA5+AK6) -> 0
A7: =IF(F6>0.005,2,"") -> 2 | B7: =IF(A7="","",EDATE(Долги!$D$5,1)) -> 46327 | C7: =SUM(H7:Q7) -> 31000 | D7: =SUM(AB7:AK7) -> 10965.48 | E7: =C7-D7 -> 20034.52 | F7: =SUM(R7:AA7) -> 430127.98 | G7: =IF(OR(A7="",$F$5<=0),"",REPT("█",ROUND(20*F7/$F$5,0))) -> ██████████████████ | H7: =AL7+MIN(R6+AB7-AL7,MAX(0,ROUND(Долги!$D$19-SUM($AL7:$AU7),2))) -> 12000 | I7: =AM7+MIN(S6+AC7-AM7,MAX(0,ROUND(ROUND(Долги!$D$19-SUM($AL7:$AU7),2)-(SUM($H7:H7)-SUM($AL7:AL7)),2))) -> 6500 | J7: =AN7+MIN(T6+AD7-AN7,MAX(0,ROUND(ROUND(Долги!$D$19-SUM($AL7:$AU7),2)-(SUM($H7:I7)-SUM($AL7:AM7)),2))) -> 12500 | K7: =AO7+MIN(U6+AE7-AO7,MAX(0,ROUND(ROUND(Долги!$D$19-SUM($AL7:$AU7),2)-(SUM($H7:J7)-SUM($AL7:AN7)),2))) -> 0 | L7: =AP7+MIN(V6+AF7-AP7,MAX(0,ROUND(ROUND(Долги!$D$19-SUM($AL7:$AU7),2)-(SUM($H7:K7)-SUM($AL7:AO7)),2))) -> 0 | M7: =AQ7+MIN(W6+AG7-AQ7,MAX(0,ROUND(ROUND(Долги!$D$19-SUM($AL7:$AU7),2)-(SUM($H7:L7)-SUM($AL7:AP7)),2))) -> 0 | N7: =AR7+MIN(X6+AH7-AR7,MAX(0,ROUND(ROUND(Долги!$D$19-SUM($AL7:$AU7),2)-(SUM($H7:M7)-SUM($AL7:AQ7)),2))) -> 0 | O7: =AS7+MIN(Y6+AI7-AS7,MAX(0,ROUND(ROUND(Долги!$D$19-SUM($AL7:$AU7),2)-(SUM($H7:N7)-SUM($AL7:AR7)),2))) -> 0 | P7: =AT7+MIN(Z6+AJ7-AT7,MAX(0,ROUND(ROUND(Долги!$D$19-SUM($AL7:$AU7),2)-(SUM($H7:O7)-SUM($AL7:AS7)),2))) -> 0 | Q7: =AU7+MIN(AA6+AK7-AU7,MAX(0,ROUND(ROUND(Долги!$D$19-SUM($AL7:$AU7),2)-(SUM($H7:P7)-SUM($AL7:AT7)),2))) -> 0 | R7: =IF(R6+AB7-H7<=0.01,0,ROUND(R6+AB7-H7,2)) -> 16000 | S7: =IF(S6+AC7-I7<=0.01,0,ROUND(S6+AC7-I7,2)) -> 172642.21 | T7: =IF(T6+AD7-J7<=0.01,0,ROUND(T6+AD7-J7,2)) -> 241485.77 | U7: =IF(U6+AE7-K7<=0.01,0,ROUND(U6+AE7-K7,2)) -> 0 | V7: =IF(V6+AF7-L7<=0.01,0,ROUND(V6+AF7-L7,2)) -> 0 | W7: =IF(W6+AG7-M7<=0.01,0,ROUND(W6+AG7-M7,2)) -> 0 | X7: =IF(X6+AH7-N7<=0.01,0,ROUND(X6+AH7-N7,2)) -> 0 | Y7: =IF(Y6+AI7-O7<=0.01,0,ROUND(Y6+AI7-O7,2)) -> 0 | ... AA7: =IF(AA6+AK7-Q7<=0.01,0,ROUND(AA6+AK7-Q7,2)) -> 0 | AB7: =ROUND(R6*AB$5/1200,2) -> 0 | AC7: =ROUND(S6*AC$5/1200,2) -> 2792.21 | AD7: =ROUND(T6*AD$5/1200,2) -> 8173.27 | AE7: =ROUND(U6*AE$5/1200,2) -> 0 | AF7: =ROUND(V6*AF$5/1200,2) -> 0 | AG7: =ROUND(W6*AG$5/1200,2) -> 0 | AH7: =ROUND(X6*AH$5/1200,2) -> 0 | AI7: =ROUND(Y6*AI$5/1200,2) -> 0 | ... AK7: =ROUND(AA6*AK$5/1200,2) -> 0 | AL7: =MIN(AL$5,R6+AB7) -> 4000 | AM7: =MIN(AM$5,S6+AC7) -> 6500 | AN7: =MIN(AN$5,T6+AD7) -> 12500 | AO7: =MIN(AO$5,U6+AE7) -> 0 | AP7: =MIN(AP$5,V6+AF7) -> 0 | AQ7: =MIN(AQ$5,W6+AG7) -> 0 | AR7: =MIN(AR$5,X6+AH7) -> 0 | AS7: =MIN(AS$5,Y6+AI7) -> 0 | ... AU7: =MIN(AU$5,AA6+AK7) -> 0
A8: =IF(F7>0.005,3,"") -> 3 | B8: =IF(A8="","",EDATE(Долги!$D$5,2)) -> 46357 | C8: =SUM(H8:Q8) -> 31000 | D8: =SUM(AB8:AK8) -> 10762.9 | E8: =C8-D8 -> 20237.1 | F8: =SUM(R8:AA8) -> 409890.88 | G8: =IF(OR(A8="",$F$5<=0),"",REPT("█",ROUND(20*F8/$F$5,0))) -> █████████████████ | H8: =AL8+MIN(R7+AB8-AL8,MAX(0,ROUND(Долги!$D$19-SUM($AL8:$AU8),2))) -> 12000 | I8: =AM8+MIN(S7+AC8-AM8,MAX(0,ROUND(ROUND(Долги!$D$19-SUM($AL8:$AU8),2)-(SUM($H8:H8)-SUM($AL8:AL8)),2))) -> 6500 | J8: =AN8+MIN(T7+AD8-AN8,MAX(0,ROUND(ROUND(Долги!$D$19-SUM($AL8:$AU8),2)-(SUM($H8:I8)-SUM($AL8:AM8)),2))) -> 12500 | K8: =AO8+MIN(U7+AE8-AO8,MAX(0,ROUND(ROUND(Долги!$D$19-SUM($AL8:$AU8),2)-(SUM($H8:J8)-SUM($AL8:AN8)),2))) -> 0 | L8: =AP8+MIN(V7+AF8-AP8,MAX(0,ROUND(ROUND(Долги!$D$19-SUM($AL8:$AU8),2)-(SUM($H8:K8)-SUM($AL8:AO8)),2))) -> 0 | M8: =AQ8+MIN(W7+AG8-AQ8,MAX(0,ROUND(ROUND(Долги!$D$19-SUM($AL8:$AU8),2)-(SUM($H8:L8)-SUM($AL8:AP8)),2))) -> 0 | N8: =AR8+MIN(X7+AH8-AR8,MAX(0,ROUND(ROUND(Долги!$D$19-SUM($AL8:$AU8),2)-(SUM($H8:M8)-SUM($AL8:AQ8)),2))) -> 0 | O8: =AS8+MIN(Y7+AI8-AS8,MAX(0,ROUND(ROUND(Долги!$D$19-SUM($AL8:$AU8),2)-(SUM($H8:N8)-SUM($AL8:AR8)),2))) -> 0 | P8: =AT8+MIN(Z7+AJ8-AT8,MAX(0,ROUND(ROUND(Долги!$D$19-SUM($AL8:$AU8),2)-(SUM($H8:O8)-SUM($AL8:AS8)),2))) -> 0 | Q8: =AU8+MIN(AA7+AK8-AU8,MAX(0,ROUND(ROUND(Долги!$D$19-SUM($AL8:$AU8),2)-(SUM($H8:P8)-SUM($AL8:AT8)),2))) -> 0 | R8: =IF(R7+AB8-H8<=0.01,0,ROUND(R7+AB8-H8,2)) -> 4000 | S8: =IF(S7+AC8-I8<=0.01,0,ROUND(S7+AC8-I8,2)) -> 168875.71 | T8: =IF(T7+AD8-J8<=0.01,0,ROUND(T7+AD8-J8,2)) -> 237015.17 | U8: =IF(U7+AE8-K8<=0.01,0,ROUND(U7+AE8-K8,2)) -> 0 | V8: =IF(V7+AF8-L8<=0.01,0,ROUND(V7+AF8-L8,2)) -> 0 | W8: =IF(W7+AG8-M8<=0.01,0,ROUND(W7+AG8-M8,2)) -> 0 | X8: =IF(X7+AH8-N8<=0.01,0,ROUND(X7+AH8-N8,2)) -> 0 | Y8: =IF(Y7+AI8-O8<=0.01,0,ROUND(Y7+AI8-O8,2)) -> 0 | ... AA8: =IF(AA7+AK8-Q8<=0.01,0,ROUND(AA7+AK8-Q8,2)) -> 0 | AB8: =ROUND(R7*AB$5/1200,2) -> 0 | AC8: =ROUND(S7*AC$5/1200,2) -> 2733.5 | AD8: =ROUND(T7*AD$5/1200,2) -> 8029.4 | AE8: =ROUND(U7*AE$5/1200,2) -> 0 | AF8: =ROUND(V7*AF$5/1200,2) -> 0 | AG8: =ROUND(W7*AG$5/1200,2) -> 0 | AH8: =ROUND(X7*AH$5/1200,2) -> 0 | AI8: =ROUND(Y7*AI$5/1200,2) -> 0 | ... AK8: =ROUND(AA7*AK$5/1200,2) -> 0 | AL8: =MIN(AL$5,R7+AB8) -> 4000 | AM8: =MIN(AM$5,S7+AC8) -> 6500 | AN8: =MIN(AN$5,T7+AD8) -> 12500 | AO8: =MIN(AO$5,U7+AE8) -> 0 | AP8: =MIN(AP$5,V7+AF8) -> 0 | AQ8: =MIN(AQ$5,W7+AG8) -> 0 | AR8: =MIN(AR$5,X7+AH8) -> 0 | AS8: =MIN(AS$5,Y7+AI8) -> 0 | ... AU8: =MIN(AU$5,AA7+AK8) -> 0
A9: =IF(F8>0.005,4,"") -> 4 | B9: =IF(A9="","",EDATE(Долги!$D$5,3)) -> 46388 | C9: =SUM(H9:Q9) -> 31000 | D9: =SUM(AB9:AK9) -> 10554.62 | E9: =C9-D9 -> 20445.38 | F9: =SUM(R9:AA9) -> 389445.5 | G9: =IF(OR(A9="",$F$5<=0),"",REPT("█",ROUND(20*F9/$F$5,0))) -> █████████████████ | H9: =AL9+MIN(R8+AB9-AL9,MAX(0,ROUND(Долги!$D$19-SUM($AL9:$AU9),2))) -> 4000 | I9: =AM9+MIN(S8+AC9-AM9,MAX(0,ROUND(ROUND(Долги!$D$19-SUM($AL9:$AU9),2)-(SUM($H9:H9)-SUM($AL9:AL9)),2))) -> 14500 | J9: =AN9+MIN(T8+AD9-AN9,MAX(0,ROUND(ROUND(Долги!$D$19-SUM($AL9:$AU9),2)-(SUM($H9:I9)-SUM($AL9:AM9)),2))) -> 12500 | K9: =AO9+MIN(U8+AE9-AO9,MAX(0,ROUND(ROUND(Долги!$D$19-SUM($AL9:$AU9),2)-(SUM($H9:J9)-SUM($AL9:AN9)),2))) -> 0 | L9: =AP9+MIN(V8+AF9-AP9,MAX(0,ROUND(ROUND(Долги!$D$19-SUM($AL9:$AU9),2)-(SUM($H9:K9)-SUM($AL9:AO9)),2))) -> 0 | M9: =AQ9+MIN(W8+AG9-AQ9,MAX(0,ROUND(ROUND(Долги!$D$19-SUM($AL9:$AU9),2)-(SUM($H9:L9)-SUM($AL9:AP9)),2))) -> 0 | N9: =AR9+MIN(X8+AH9-AR9,MAX(0,ROUND(ROUND(Долги!$D$19-SUM($AL9:$AU9),2)-(SUM($H9:M9)-SUM($AL9:AQ9)),2))) -> 0 | O9: =AS9+MIN(Y8+AI9-AS9,MAX(0,ROUND(ROUND(Долги!$D$19-SUM($AL9:$AU9),2)-(SUM($H9:N9)-SUM($AL9:AR9)),2))) -> 0 | P9: =AT9+MIN(Z8+AJ9-AT9,MAX(0,ROUND(ROUND(Долги!$D$19-SUM($AL9:$AU9),2)-(SUM($H9:O9)-SUM($AL9:AS9)),2))) -> 0 | Q9: =AU9+MIN(AA8+AK9-AU9,MAX(0,ROUND(ROUND(Долги!$D$19-SUM($AL9:$AU9),2)-(SUM($H9:P9)-SUM($AL9:AT9)),2))) -> 0 | R9: =IF(R8+AB9-H9<=0.01,0,ROUND(R8+AB9-H9,2)) -> 0 | S9: =IF(S8+AC9-I9<=0.01,0,ROUND(S8+AC9-I9,2)) -> 157049.58 | T9: =IF(T8+AD9-J9<=0.01,0,ROUND(T8+AD9-J9,2)) -> 232395.92 | U9: =IF(U8+AE9-K9<=0.01,0,ROUND(U8+AE9-K9,2)) -> 0 | V9: =IF(V8+AF9-L9<=0.01,0,ROUND(V8+AF9-L9,2)) -> 0 | W9: =IF(W8+AG9-M9<=0.01,0,ROUND(W8+AG9-M9,2)) -> 0 | X9: =IF(X8+AH9-N9<=0.01,0,ROUND(X8+AH9-N9,2)) -> 0 | Y9: =IF(Y8+AI9-O9<=0.01,0,ROUND(Y8+AI9-O9,2)) -> 0 | ... AA9: =IF(AA8+AK9-Q9<=0.01,0,ROUND(AA8+AK9-Q9,2)) -> 0 | AB9: =ROUND(R8*AB$5/1200,2) -> 0 | AC9: =ROUND(S8*AC$5/1200,2) -> 2673.87 | AD9: =ROUND(T8*AD$5/1200,2) -> 7880.75 | AE9: =ROUND(U8*AE$5/1200,2) -> 0 | AF9: =ROUND(V8*AF$5/1200,2) -> 0 | AG9: =ROUND(W8*AG$5/1200,2) -> 0 | AH9: =ROUND(X8*AH$5/1200,2) -> 0 | AI9: =ROUND(Y8*AI$5/1200,2) -> 0 | ... AK9: =ROUND(AA8*AK$5/1200,2) -> 0 | AL9: =MIN(AL$5,R8+AB9) -> 4000 | AM9: =MIN(AM$5,S8+AC9) -> 6500 | AN9: =MIN(AN$5,T8+AD9) -> 12500 | AO9: =MIN(AO$5,U8+AE9) -> 0 | AP9: =MIN(AP$5,V8+AF9) -> 0 | AQ9: =MIN(AQ$5,W8+AG9) -> 0 | AR9: =MIN(AR$5,X8+AH9) -> 0 | AS9: =MIN(AS$5,Y8+AI9) -> 0 | ... AU9: =MIN(AU$5,AA8+AK9) -> 0
A10: =IF(F9>0.005,5,"") -> 5 | B10: =IF(A10="","",EDATE(Долги!$D$5,4)) -> 46419 | C10: =SUM(H10:Q10) -> 31000 | D10: =SUM(AB10:AK10) -> 10213.78 | E10: =C10-D10 -> 20786.22 | F10: =SUM(R10:AA10) -> 368659.28 | G10: =IF(OR(A10="",$F$5<=0),"",REPT("█",ROUND(20*F10/$F$5,0))) -> ████████████████ | H10: =AL10+MIN(R9+AB10-AL10,MAX(0,ROUND(Долги!$D$19-SUM($AL10:$AU10),2))) -> 0 | I10: =AM10+MIN(S9+AC10-AM10,MAX(0,ROUND(ROUND(Долги!$D$19-SUM($AL10:$AU10),2)-(SUM($H10:H10)-SUM($AL10:AL10)),2))) -> 18500 | J10: =AN10+MIN(T9+AD10-AN10,MAX(0,ROUND(ROUND(Долги!$D$19-SUM($AL10:$AU10),2)-(SUM($H10:I10)-SUM($AL10:AM10)),2))) -> 12500 | K10: =AO10+MIN(U9+AE10-AO10,MAX(0,ROUND(ROUND(Долги!$D$19-SUM($AL10:$AU10),2)-(SUM($H10:J10)-SUM($AL10:AN10)),2))) -> 0 | L10: =AP10+MIN(V9+AF10-AP10,MAX(0,ROUND(ROUND(Долги!$D$19-SUM($AL10:$AU10),2)-(SUM($H10:K10)-SUM($AL10:AO10)),2))) -> 0 | M10: =AQ10+MIN(W9+AG10-AQ10,MAX(0,ROUND(ROUND(Долги!$D$19-SUM($AL10:$AU10),2)-(SUM($H10:L10)-SUM($AL10:AP10)),2))) -> 0 | N10: =AR10+MIN(X9+AH10-AR10,MAX(0,ROUND(ROUND(Долги!$D$19-SUM($AL10:$AU10),2)-(SUM($H10:M10)-SUM($AL10:AQ10)),2))) -> 0 | O10: =AS10+MIN(Y9+AI10-AS10,MAX(0,ROUND(ROUND(Долги!$D$19-SUM($AL10:$AU10),2)-(SUM($H10:N10)-SUM($AL10:AR10)),2))) -> 0 | P10: =AT10+MIN(Z9+AJ10-AT10,MAX(0,ROUND(ROUND(Долги!$D$19-SUM($AL10:$AU10),2)-(SUM($H10:O10)-SUM($AL10:AS10)),2))) -> 0 | Q10: =AU10+MIN(AA9+AK10-AU10,MAX(0,ROUND(ROUND(Долги!$D$19-SUM($AL10:$AU10),2)-(SUM($H10:P10)-SUM($AL10:AT10)),2))) -> 0 | R10: =IF(R9+AB10-H10<=0.01,0,ROUND(R9+AB10-H10,2)) -> 0 | S10: =IF(S9+AC10-I10<=0.01,0,ROUND(S9+AC10-I10,2)) -> 141036.2 | T10: =IF(T9+AD10-J10<=0.01,0,ROUND(T9+AD10-J10,2)) -> 227623.08 | U10: =IF(U9+AE10-K10<=0.01,0,ROUND(U9+AE10-K10,2)) -> 0 | V10: =IF(V9+AF10-L10<=0.01,0,ROUND(V9+AF10-L10,2)) -> 0 | W10: =IF(W9+AG10-M10<=0.01,0,ROUND(W9+AG10-M10,2)) -> 0 | X10: =IF(X9+AH10-N10<=0.01,0,ROUND(X9+AH10-N10,2)) -> 0 | Y10: =IF(Y9+AI10-O10<=0.01,0,ROUND(Y9+AI10-O10,2)) -> 0 | ... AA10: =IF(AA9+AK10-Q10<=0.01,0,ROUND(AA9+AK10-Q10,2)) -> 0 | AB10: =ROUND(R9*AB$5/1200,2) -> 0 | AC10: =ROUND(S9*AC$5/1200,2) -> 2486.62 | AD10: =ROUND(T9*AD$5/1200,2) -> 7727.16 | AE10: =ROUND(U9*AE$5/1200,2) -> 0 | AF10: =ROUND(V9*AF$5/1200,2) -> 0 | AG10: =ROUND(W9*AG$5/1200,2) -> 0 | AH10: =ROUND(X9*AH$5/1200,2) -> 0 | AI10: =ROUND(Y9*AI$5/1200,2) -> 0 | ... AK10: =ROUND(AA9*AK$5/1200,2) -> 0 | AL10: =MIN(AL$5,R9+AB10) -> 0 | AM10: =MIN(AM$5,S9+AC10) -> 6500 | AN10: =MIN(AN$5,T9+AD10) -> 12500 | AO10: =MIN(AO$5,U9+AE10) -> 0 | AP10: =MIN(AP$5,V9+AF10) -> 0 | AQ10: =MIN(AQ$5,W9+AG10) -> 0 | AR10: =MIN(AR$5,X9+AH10) -> 0 | AS10: =MIN(AS$5,Y9+AI10) -> 0 | ... AU10: =MIN(AU$5,AA9+AK10) -> 0
A11: =IF(F10>0.005,6,"") -> 6 | B11: =IF(A11="","",EDATE(Долги!$D$5,5)) -> 46447 | C11: =SUM(H11:Q11) -> 31000 | D11: =SUM(AB11:AK11) -> 9801.54 | E11: =C11-D11 -> 21198.46 | F11: =SUM(R11:AA11) -> 347460.82 | G11: =IF(OR(A11="",$F$5<=0),"",REPT("█",ROUND(20*F11/$F$5,0))) -> ███████████████ | H11: =AL11+MIN(R10+AB11-AL11,MAX(0,ROUND(Долги!$D$19-SUM($AL11:$AU11),2))) -> 0 | I11: =AM11+MIN(S10+AC11-AM11,MAX(0,ROUND(ROUND(Долги!$D$19-SUM($AL11:$AU11),2)-(SUM($H11:H11)-SUM($AL11:AL11)),2))) -> 18500 | J11: =AN11+MIN(T10+AD11-AN11,MAX(0,ROUND(ROUND(Долги!$D$19-SUM($AL11:$AU11),2)-(SUM($H11:I11)-SUM($AL11:AM11)),2))) -> 12500 | K11: =AO11+MIN(U10+AE11-AO11,MAX(0,ROUND(ROUND(Долги!$D$19-SUM($AL11:$AU11),2)-(SUM($H11:J11)-SUM($AL11:AN11)),2))) -> 0 | L11: =AP11+MIN(V10+AF11-AP11,MAX(0,ROUND(ROUND(Долги!$D$19-SUM($AL11:$AU11),2)-(SUM($H11:K11)-SUM($AL11:AO11)),2))) -> 0 | M11: =AQ11+MIN(W10+AG11-AQ11,MAX(0,ROUND(ROUND(Долги!$D$19-SUM($AL11:$AU11),2)-(SUM($H11:L11)-SUM($AL11:AP11)),2))) -> 0 | N11: =AR11+MIN(X10+AH11-AR11,MAX(0,ROUND(ROUND(Долги!$D$19-SUM($AL11:$AU11),2)-(SUM($H11:M11)-SUM($AL11:AQ11)),2))) -> 0 | O11: =AS11+MIN(Y10+AI11-AS11,MAX(0,ROUND(ROUND(Долги!$D$19-SUM($AL11:$AU11),2)-(SUM($H11:N11)-SUM($AL11:AR11)),2))) -> 0 | P11: =AT11+MIN(Z10+AJ11-AT11,MAX(0,ROUND(ROUND(Долги!$D$19-SUM($AL11:$AU11),2)-(SUM($H11:O11)-SUM($AL11:AS11)),2))) -> 0 | Q11: =AU11+MIN(AA10+AK11-AU11,MAX(0,ROUND(ROUND(Долги!$D$19-SUM($AL11:$AU11),2)-(SUM($H11:P11)-SUM($AL11:AT11)),2))) -> 0 | R11: =IF(R10+AB11-H11<=0.01,0,ROUND(R10+AB11-H11,2)) -> 0 | S11: =IF(S10+AC11-I11<=0.01,0,ROUND(S10+AC11-I11,2)) -> 124769.27 | T11: =IF(T10+AD11-J11<=0.01,0,ROUND(T10+AD11-J11,2)) -> 222691.55 | U11: =IF(U10+AE11-K11<=0.01,0,ROUND(U10+AE11-K11,2)) -> 0 | V11: =IF(V10+AF11-L11<=0.01,0,ROUND(V10+AF11-L11,2)) -> 0 | W11: =IF(W10+AG11-M11<=0.01,0,ROUND(W10+AG11-M11,2)) -> 0 | X11: =IF(X10+AH11-N11<=0.01,0,ROUND(X10+AH11-N11,2)) -> 0 | Y11: =IF(Y10+AI11-O11<=0.01,0,ROUND(Y10+AI11-O11,2)) -> 0 | ... AA11: =IF(AA10+AK11-Q11<=0.01,0,ROUND(AA10+AK11-Q11,2)) -> 0 | AB11: =ROUND(R10*AB$5/1200,2) -> 0 | AC11: =ROUND(S10*AC$5/1200,2) -> 2233.07 | AD11: =ROUND(T10*AD$5/1200,2) -> 7568.47 | AE11: =ROUND(U10*AE$5/1200,2) -> 0 | AF11: =ROUND(V10*AF$5/1200,2) -> 0 | AG11: =ROUND(W10*AG$5/1200,2) -> 0 | AH11: =ROUND(X10*AH$5/1200,2) -> 0 | AI11: =ROUND(Y10*AI$5/1200,2) -> 0 | ... AK11: =ROUND(AA10*AK$5/1200,2) -> 0 | AL11: =MIN(AL$5,R10+AB11) -> 0 | AM11: =MIN(AM$5,S10+AC11) -> 6500 | AN11: =MIN(AN$5,T10+AD11) -> 12500 | AO11: =MIN(AO$5,U10+AE11) -> 0 | AP11: =MIN(AP$5,V10+AF11) -> 0 | AQ11: =MIN(AQ$5,W10+AG11) -> 0 | AR11: =MIN(AR$5,X10+AH11) -> 0 | AS11: =MIN(AS$5,Y10+AI11) -> 0 | ... AU11: =MIN(AU$5,AA10+AK11) -> 0
A12: =IF(F11>0.005,7,"") -> 7 | B12: =IF(A12="","",EDATE(Долги!$D$5,6)) -> 46478 | C12: =SUM(H12:Q12) -> 31000 | D12: =SUM(AB12:AK12) -> 9380 | E12: =C12-D12 -> 21620 | F12: =SUM(R12:AA12) -> 325840.82 | G12: =IF(OR(A12="",$F$5<=0),"",REPT("█",ROUND(20*F12/$F$5,0))) -> ██████████████ | H12: =AL12+MIN(R11+AB12-AL12,MAX(0,ROUND(Долги!$D$19-SUM($AL12:$AU12),2))) -> 0 | I12: =AM12+MIN(S11+AC12-AM12,MAX(0,ROUND(ROUND(Долги!$D$19-SUM($AL12:$AU12),2)-(SUM($H12:H12)-SUM($AL12:AL12)),2))) -> 18500 | J12: =AN12+MIN(T11+AD12-AN12,MAX(0,ROUND(ROUND(Долги!$D$19-SUM($AL12:$AU12),2)-(SUM($H12:I12)-SUM($AL12:AM12)),2))) -> 12500 | K12: =AO12+MIN(U11+AE12-AO12,MAX(0,ROUND(ROUND(Долги!$D$19-SUM($AL12:$AU12),2)-(SUM($H12:J12)-SUM($AL12:AN12)),2))) -> 0 | L12: =AP12+MIN(V11+AF12-AP12,MAX(0,ROUND(ROUND(Долги!$D$19-SUM($AL12:$AU12),2)-(SUM($H12:K12)-SUM($AL12:AO12)),2))) -> 0 | M12: =AQ12+MIN(W11+AG12-AQ12,MAX(0,ROUND(ROUND(Долги!$D$19-SUM($AL12:$AU12),2)-(SUM($H12:L12)-SUM($AL12:AP12)),2))) -> 0 | N12: =AR12+MIN(X11+AH12-AR12,MAX(0,ROUND(ROUND(Долги!$D$19-SUM($AL12:$AU12),2)-(SUM($H12:M12)-SUM($AL12:AQ12)),2))) -> 0 | O12: =AS12+MIN(Y11+AI12-AS12,MAX(0,ROUND(ROUND(Долги!$D$19-SUM($AL12:$AU12),2)-(SUM($H12:N12)-SUM($AL12:AR12)),2))) -> 0 | P12: =AT12+MIN(Z11+AJ12-AT12,MAX(0,ROUND(ROUND(Долги!$D$19-SUM($AL12:$AU12),2)-(SUM($H12:O12)-SUM($AL12:AS12)),2))) -> 0 | Q12: =AU12+MIN(AA11+AK12-AU12,MAX(0,ROUND(ROUND(Долги!$D$19-SUM($AL12:$AU12),2)-(SUM($H12:P12)-SUM($AL12:AT12)),2))) -> 0 | R12: =IF(R11+AB12-H12<=0.01,0,ROUND(R11+AB12-H12,2)) -> 0 | S12: =IF(S11+AC12-I12<=0.01,0,ROUND(S11+AC12-I12,2)) -> 108244.78 | T12: =IF(T11+AD12-J12<=0.01,0,ROUND(T11+AD12-J12,2)) -> 217596.04 | U12: =IF(U11+AE12-K12<=0.01,0,ROUND(U11+AE12-K12,2)) -> 0 | V12: =IF(V11+AF12-L12<=0.01,0,ROUND(V11+AF12-L12,2)) -> 0 | W12: =IF(W11+AG12-M12<=0.01,0,ROUND(W11+AG12-M12,2)) -> 0 | X12: =IF(X11+AH12-N12<=0.01,0,ROUND(X11+AH12-N12,2)) -> 0 | Y12: =IF(Y11+AI12-O12<=0.01,0,ROUND(Y11+AI12-O12,2)) -> 0 | ... AA12: =IF(AA11+AK12-Q12<=0.01,0,ROUND(AA11+AK12-Q12,2)) -> 0 | AB12: =ROUND(R11*AB$5/1200,2) -> 0 | AC12: =ROUND(S11*AC$5/1200,2) -> 1975.51 | AD12: =ROUND(T11*AD$5/1200,2) -> 7404.49 | AE12: =ROUND(U11*AE$5/1200,2) -> 0 | AF12: =ROUND(V11*AF$5/1200,2) -> 0 | AG12: =ROUND(W11*AG$5/1200,2) -> 0 | AH12: =ROUND(X11*AH$5/1200,2) -> 0 | AI12: =ROUND(Y11*AI$5/1200,2) -> 0 | ... AK12: =ROUND(AA11*AK$5/1200,2) -> 0 | AL12: =MIN(AL$5,R11+AB12) -> 0 | AM12: =MIN(AM$5,S11+AC12) -> 6500 | AN12: =MIN(AN$5,T11+AD12) -> 12500 | AO12: =MIN(AO$5,U11+AE12) -> 0 | AP12: =MIN(AP$5,V11+AF12) -> 0 | AQ12: =MIN(AQ$5,W11+AG12) -> 0 | AR12: =MIN(AR$5,X11+AH12) -> 0 | AS12: =MIN(AS$5,Y11+AI12) -> 0 | ... AU12: =MIN(AU$5,AA11+AK12) -> 0
A13: =IF(F12>0.005,8,"") -> 8 | B13: =IF(A13="","",EDATE(Долги!$D$5,7)) -> 46508 | C13: =SUM(H13:Q13) -> 31000 | D13: =SUM(AB13:AK13) -> 8948.95 | E13: =C13-D13 -> 22051.05 | F13: =SUM(R13:AA13) -> 303789.77 | G13: =IF(OR(A13="",$F$5<=0),"",REPT("█",ROUND(20*F13/$F$5,0))) -> █████████████ | H13: =AL13+MIN(R12+AB13-AL13,MAX(0,ROUND(Долги!$D$19-SUM($AL13:$AU13),2))) -> 0 | I13: =AM13+MIN(S12+AC13-AM13,MAX(0,ROUND(ROUND(Долги!$D$19-SUM($AL13:$AU13),2)-(SUM($H13:H13)-SUM($AL13:AL13)),2))) -> 18500 | J13: =AN13+MIN(T12+AD13-AN13,MAX(0,ROUND(ROUND(Долги!$D$19-SUM($AL13:$AU13),2)-(SUM($H13:I13)-SUM($AL13:AM13)),2))) -> 12500 | K13: =AO13+MIN(U12+AE13-AO13,MAX(0,ROUND(ROUND(Долги!$D$19-SUM($AL13:$AU13),2)-(SUM($H13:J13)-SUM($AL13:AN13)),2))) -> 0 | L13: =AP13+MIN(V12+AF13-AP13,MAX(0,ROUND(ROUND(Долги!$D$19-SUM($AL13:$AU13),2)-(SUM($H13:K13)-SUM($AL13:AO13)),2))) -> 0 | M13: =AQ13+MIN(W12+AG13-AQ13,MAX(0,ROUND(ROUND(Долги!$D$19-SUM($AL13:$AU13),2)-(SUM($H13:L13)-SUM($AL13:AP13)),2))) -> 0 | N13: =AR13+MIN(X12+AH13-AR13,MAX(0,ROUND(ROUND(Долги!$D$19-SUM($AL13:$AU13),2)-(SUM($H13:M13)-SUM($AL13:AQ13)),2))) -> 0 | O13: =AS13+MIN(Y12+AI13-AS13,MAX(0,ROUND(ROUND(Долги!$D$19-SUM($AL13:$AU13),2)-(SUM($H13:N13)-SUM($AL13:AR13)),2))) -> 0 | P13: =AT13+MIN(Z12+AJ13-AT13,MAX(0,ROUND(ROUND(Долги!$D$19-SUM($AL13:$AU13),2)-(SUM($H13:O13)-SUM($AL13:AS13)),2))) -> 0 | Q13: =AU13+MIN(AA12+AK13-AU13,MAX(0,ROUND(ROUND(Долги!$D$19-SUM($AL13:$AU13),2)-(SUM($H13:P13)-SUM($AL13:AT13)),2))) -> 0 | R13: =IF(R12+AB13-H13<=0.01,0,ROUND(R12+AB13-H13,2)) -> 0 | S13: =IF(S12+AC13-I13<=0.01,0,ROUND(S12+AC13-I13,2)) -> 91458.66 | T13: =IF(T12+AD13-J13<=0.01,0,ROUND(T12+AD13-J13,2)) -> 212331.11 | U13: =IF(U12+AE13-K13<=0.01,0,ROUND(U12+AE13-K13,2)) -> 0 | V13: =IF(V12+AF13-L13<=0.01,0,ROUND(V12+AF13-L13,2)) -> 0 | W13: =IF(W12+AG13-M13<=0.01,0,ROUND(W12+AG13-M13,2)) -> 0 | X13: =IF(X12+AH13-N13<=0.01,0,ROUND(X12+AH13-N13,2)) -> 0 | Y13: =IF(Y12+AI13-O13<=0.01,0,ROUND(Y12+AI13-O13,2)) -> 0 | ... AA13: =IF(AA12+AK13-Q13<=0.01,0,ROUND(AA12+AK13-Q13,2)) -> 0 | AB13: =ROUND(R12*AB$5/1200,2) -> 0 | AC13: =ROUND(S12*AC$5/1200,2) -> 1713.88 | AD13: =ROUND(T12*AD$5/1200,2) -> 7235.07 | AE13: =ROUND(U12*AE$5/1200,2) -> 0 | AF13: =ROUND(V12*AF$5/1200,2) -> 0 | AG13: =ROUND(W12*AG$5/1200,2) -> 0 | AH13: =ROUND(X12*AH$5/1200,2) -> 0 | AI13: =ROUND(Y12*AI$5/1200,2) -> 0 | ... AK13: =ROUND(AA12*AK$5/1200,2) -> 0 | AL13: =MIN(AL$5,R12+AB13) -> 0 | AM13: =MIN(AM$5,S12+AC13) -> 6500 | AN13: =MIN(AN$5,T12+AD13) -> 12500 | AO13: =MIN(AO$5,U12+AE13) -> 0 | AP13: =MIN(AP$5,V12+AF13) -> 0 | AQ13: =MIN(AQ$5,W12+AG13) -> 0 | AR13: =MIN(AR$5,X12+AH13) -> 0 | AS13: =MIN(AS$5,Y12+AI13) -> 0 | ... AU13: =MIN(AU$5,AA12+AK13) -> 0
A14: =IF(F13>0.005,9,"") -> 9 | B14: =IF(A14="","",EDATE(Долги!$D$5,8)) -> 46539 | C14: =SUM(H14:Q14) -> 31000 | D14: =SUM(AB14:AK14) -> 8508.11 | E14: =C14-D14 -> 22491.89 | F14: =SUM(R14:AA14) -> 281297.88 | G14: =IF(OR(A14="",$F$5<=0),"",REPT("█",ROUND(20*F14/$F$5,0))) -> ████████████ | H14: =AL14+MIN(R13+AB14-AL14,MAX(0,ROUND(Долги!$D$19-SUM($AL14:$AU14),2))) -> 0 | I14: =AM14+MIN(S13+AC14-AM14,MAX(0,ROUND(ROUND(Долги!$D$19-SUM($AL14:$AU14),2)-(SUM($H14:H14)-SUM($AL14:AL14)),2))) -> 18500 | J14: =AN14+MIN(T13+AD14-AN14,MAX(0,ROUND(ROUND(Долги!$D$19-SUM($AL14:$AU14),2)-(SUM($H14:I14)-SUM($AL14:AM14)),2))) -> 12500 | K14: =AO14+MIN(U13+AE14-AO14,MAX(0,ROUND(ROUND(Долги!$D$19-SUM($AL14:$AU14),2)-(SUM($H14:J14)-SUM($AL14:AN14)),2))) -> 0 | L14: =AP14+MIN(V13+AF14-AP14,MAX(0,ROUND(ROUND(Долги!$D$19-SUM($AL14:$AU14),2)-(SUM($H14:K14)-SUM($AL14:AO14)),2))) -> 0 | M14: =AQ14+MIN(W13+AG14-AQ14,MAX(0,ROUND(ROUND(Долги!$D$19-SUM($AL14:$AU14),2)-(SUM($H14:L14)-SUM($AL14:AP14)),2))) -> 0 | N14: =AR14+MIN(X13+AH14-AR14,MAX(0,ROUND(ROUND(Долги!$D$19-SUM($AL14:$AU14),2)-(SUM($H14:M14)-SUM($AL14:AQ14)),2))) -> 0 | O14: =AS14+MIN(Y13+AI14-AS14,MAX(0,ROUND(ROUND(Долги!$D$19-SUM($AL14:$AU14),2)-(SUM($H14:N14)-SUM($AL14:AR14)),2))) -> 0 | P14: =AT14+MIN(Z13+AJ14-AT14,MAX(0,ROUND(ROUND(Долги!$D$19-SUM($AL14:$AU14),2)-(SUM($H14:O14)-SUM($AL14:AS14)),2))) -> 0 | Q14: =AU14+MIN(AA13+AK14-AU14,MAX(0,ROUND(ROUND(Долги!$D$19-SUM($AL14:$AU14),2)-(SUM($H14:P14)-SUM($AL14:AT14)),2))) -> 0 | R14: =IF(R13+AB14-H14<=0.01,0,ROUND(R13+AB14-H14,2)) -> 0 | S14: =IF(S13+AC14-I14<=0.01,0,ROUND(S13+AC14-I14,2)) -> 74406.76 | T14: =IF(T13+AD14-J14<=0.01,0,ROUND(T13+AD14-J14,2)) -> 206891.12 | U14: =IF(U13+AE14-K14<=0.01,0,ROUND(U13+AE14-K14,2)) -> 0 | V14: =IF(V13+AF14-L14<=0.01,0,ROUND(V13+AF14-L14,2)) -> 0 | W14: =IF(W13+AG14-M14<=0.01,0,ROUND(W13+AG14-M14,2)) -> 0 | X14: =IF(X13+AH14-N14<=0.01,0,ROUND(X13+AH14-N14,2)) -> 0 | Y14: =IF(Y13+AI14-O14<=0.01,0,ROUND(Y13+AI14-O14,2)) -> 0 | ... AA14: =IF(AA13+AK14-Q14<=0.01,0,ROUND(AA13+AK14-Q14,2)) -> 0 | AB14: =ROUND(R13*AB$5/1200,2) -> 0 | AC14: =ROUND(S13*AC$5/1200,2) -> 1448.1 | AD14: =ROUND(T13*AD$5/1200,2) -> 7060.01 | AE14: =ROUND(U13*AE$5/1200,2) -> 0 | AF14: =ROUND(V13*AF$5/1200,2) -> 0 | AG14: =ROUND(W13*AG$5/1200,2) -> 0 | AH14: =ROUND(X13*AH$5/1200,2) -> 0 | AI14: =ROUND(Y13*AI$5/1200,2) -> 0 | ... AK14: =ROUND(AA13*AK$5/1200,2) -> 0 | AL14: =MIN(AL$5,R13+AB14) -> 0 | AM14: =MIN(AM$5,S13+AC14) -> 6500 | AN14: =MIN(AN$5,T13+AD14) -> 12500 | AO14: =MIN(AO$5,U13+AE14) -> 0 | AP14: =MIN(AP$5,V13+AF14) -> 0 | AQ14: =MIN(AQ$5,W13+AG14) -> 0 | AR14: =MIN(AR$5,X13+AH14) -> 0 | AS14: =MIN(AS$5,Y13+AI14) -> 0 | ... AU14: =MIN(AU$5,AA13+AK14) -> 0
A15: =IF(F14>0.005,10,"") -> 10 | B15: =IF(A15="","",EDATE(Долги!$D$5,9)) -> 46569 | C15: =SUM(H15:Q15) -> 31000 | D15: =SUM(AB15:AK15) -> 8057.24 | E15: =C15-D15 -> 22942.76 | F15: =SUM(R15:AA15) -> 258355.12 | G15: =IF(OR(A15="",$F$5<=0),"",REPT("█",ROUND(20*F15/$F$5,0))) -> ███████████ | H15: =AL15+MIN(R14+AB15-AL15,MAX(0,ROUND(Долги!$D$19-SUM($AL15:$AU15),2))) -> 0 | I15: =AM15+MIN(S14+AC15-AM15,MAX(0,ROUND(ROUND(Долги!$D$19-SUM($AL15:$AU15),2)-(SUM($H15:H15)-SUM($AL15:AL15)),2))) -> 18500 | J15: =AN15+MIN(T14+AD15-AN15,MAX(0,ROUND(ROUND(Долги!$D$19-SUM($AL15:$AU15),2)-(SUM($H15:I15)-SUM($AL15:AM15)),2))) -> 12500 | K15: =AO15+MIN(U14+AE15-AO15,MAX(0,ROUND(ROUND(Долги!$D$19-SUM($AL15:$AU15),2)-(SUM($H15:J15)-SUM($AL15:AN15)),2))) -> 0 | L15: =AP15+MIN(V14+AF15-AP15,MAX(0,ROUND(ROUND(Долги!$D$19-SUM($AL15:$AU15),2)-(SUM($H15:K15)-SUM($AL15:AO15)),2))) -> 0 | M15: =AQ15+MIN(W14+AG15-AQ15,MAX(0,ROUND(ROUND(Долги!$D$19-SUM($AL15:$AU15),2)-(SUM($H15:L15)-SUM($AL15:AP15)),2))) -> 0 | N15: =AR15+MIN(X14+AH15-AR15,MAX(0,ROUND(ROUND(Долги!$D$19-SUM($AL15:$AU15),2)-(SUM($H15:M15)-SUM($AL15:AQ15)),2))) -> 0 | O15: =AS15+MIN(Y14+AI15-AS15,MAX(0,ROUND(ROUND(Долги!$D$19-SUM($AL15:$AU15),2)-(SUM($H15:N15)-SUM($AL15:AR15)),2))) -> 0 | P15: =AT15+MIN(Z14+AJ15-AT15,MAX(0,ROUND(ROUND(Долги!$D$19-SUM($AL15:$AU15),2)-(SUM($H15:O15)-SUM($AL15:AS15)),2))) -> 0 | Q15: =AU15+MIN(AA14+AK15-AU15,MAX(0,ROUND(ROUND(Долги!$D$19-SUM($AL15:$AU15),2)-(SUM($H15:P15)-SUM($AL15:AT15)),2))) -> 0 | R15: =IF(R14+AB15-H15<=0.01,0,ROUND(R14+AB15-H15,2)) -> 0 | S15: =IF(S14+AC15-I15<=0.01,0,ROUND(S14+AC15-I15,2)) -> 57084.87 | T15: =IF(T14+AD15-J15<=0.01,0,ROUND(T14+AD15-J15,2)) -> 201270.25 | U15: =IF(U14+AE15-K15<=0.01,0,ROUND(U14+AE15-K15,2)) -> 0 | V15: =IF(V14+AF15-L15<=0.01,0,ROUND(V14+AF15-L15,2)) -> 0 | W15: =IF(W14+AG15-M15<=0.01,0,ROUND(W14+AG15-M15,2)) -> 0 | X15: =IF(X14+AH15-N15<=0.01,0,ROUND(X14+AH15-N15,2)) -> 0 | Y15: =IF(Y14+AI15-O15<=0.01,0,ROUND(Y14+AI15-O15,2)) -> 0 | ... AA15: =IF(AA14+AK15-Q15<=0.01,0,ROUND(AA14+AK15-Q15,2)) -> 0 | AB15: =ROUND(R14*AB$5/1200,2) -> 0 | AC15: =ROUND(S14*AC$5/1200,2) -> 1178.11 | AD15: =ROUND(T14*AD$5/1200,2) -> 6879.13 | AE15: =ROUND(U14*AE$5/1200,2) -> 0 | AF15: =ROUND(V14*AF$5/1200,2) -> 0 | AG15: =ROUND(W14*AG$5/1200,2) -> 0 | AH15: =ROUND(X14*AH$5/1200,2) -> 0 | AI15: =ROUND(Y14*AI$5/1200,2) -> 0 | ... AK15: =ROUND(AA14*AK$5/1200,2) -> 0 | AL15: =MIN(AL$5,R14+AB15) -> 0 | AM15: =MIN(AM$5,S14+AC15) -> 6500 | AN15: =MIN(AN$5,T14+AD15) -> 12500 | AO15: =MIN(AO$5,U14+AE15) -> 0 | AP15: =MIN(AP$5,V14+AF15) -> 0 | AQ15: =MIN(AQ$5,W14+AG15) -> 0 | AR15: =MIN(AR$5,X14+AH15) -> 0 | AS15: =MIN(AS$5,Y14+AI15) -> 0 | ... AU15: =MIN(AU$5,AA14+AK15) -> 0
A16: =IF(F15>0.005,11,"") -> 11 | B16: =IF(A16="","",EDATE(Долги!$D$5,10)) -> 46600 | C16: =SUM(H16:Q16) -> 31000 | D16: =SUM(AB16:AK16) -> 7596.08 | E16: =C16-D16 -> 23403.92 | F16: =SUM(R16:AA16) -> 234951.2 | G16: =IF(OR(A16="",$F$5<=0),"",REPT("█",ROUND(20*F16/$F$5,0))) -> ██████████ | H16: =AL16+MIN(R15+AB16-AL16,MAX(0,ROUND(Долги!$D$19-SUM($AL16:$AU16),2))) -> 0 | I16: =AM16+MIN(S15+AC16-AM16,MAX(0,ROUND(ROUND(Долги!$D$19-SUM($AL16:$AU16),2)-(SUM($H16:H16)-SUM($AL16:AL16)),2))) -> 18500 | J16: =AN16+MIN(T15+AD16-AN16,MAX(0,ROUND(ROUND(Долги!$D$19-SUM($AL16:$AU16),2)-(SUM($H16:I16)-SUM($AL16:AM16)),2))) -> 12500 | K16: =AO16+MIN(U15+AE16-AO16,MAX(0,ROUND(ROUND(Долги!$D$19-SUM($AL16:$AU16),2)-(SUM($H16:J16)-SUM($AL16:AN16)),2))) -> 0 | L16: =AP16+MIN(V15+AF16-AP16,MAX(0,ROUND(ROUND(Долги!$D$19-SUM($AL16:$AU16),2)-(SUM($H16:K16)-SUM($AL16:AO16)),2))) -> 0 | M16: =AQ16+MIN(W15+AG16-AQ16,MAX(0,ROUND(ROUND(Долги!$D$19-SUM($AL16:$AU16),2)-(SUM($H16:L16)-SUM($AL16:AP16)),2))) -> 0 | N16: =AR16+MIN(X15+AH16-AR16,MAX(0,ROUND(ROUND(Долги!$D$19-SUM($AL16:$AU16),2)-(SUM($H16:M16)-SUM($AL16:AQ16)),2))) -> 0 | O16: =AS16+MIN(Y15+AI16-AS16,MAX(0,ROUND(ROUND(Долги!$D$19-SUM($AL16:$AU16),2)-(SUM($H16:N16)-SUM($AL16:AR16)),2))) -> 0 | P16: =AT16+MIN(Z15+AJ16-AT16,MAX(0,ROUND(ROUND(Долги!$D$19-SUM($AL16:$AU16),2)-(SUM($H16:O16)-SUM($AL16:AS16)),2))) -> 0 | Q16: =AU16+MIN(AA15+AK16-AU16,MAX(0,ROUND(ROUND(Долги!$D$19-SUM($AL16:$AU16),2)-(SUM($H16:P16)-SUM($AL16:AT16)),2))) -> 0 | R16: =IF(R15+AB16-H16<=0.01,0,ROUND(R15+AB16-H16,2)) -> 0 | S16: =IF(S15+AC16-I16<=0.01,0,ROUND(S15+AC16-I16,2)) -> 39488.71 | T16: =IF(T15+AD16-J16<=0.01,0,ROUND(T15+AD16-J16,2)) -> 195462.49 | U16: =IF(U15+AE16-K16<=0.01,0,ROUND(U15+AE16-K16,2)) -> 0 | V16: =IF(V15+AF16-L16<=0.01,0,ROUND(V15+AF16-L16,2)) -> 0 | W16: =IF(W15+AG16-M16<=0.01,0,ROUND(W15+AG16-M16,2)) -> 0 | X16: =IF(X15+AH16-N16<=0.01,0,ROUND(X15+AH16-N16,2)) -> 0 | Y16: =IF(Y15+AI16-O16<=0.01,0,ROUND(Y15+AI16-O16,2)) -> 0 | ... AA16: =IF(AA15+AK16-Q16<=0.01,0,ROUND(AA15+AK16-Q16,2)) -> 0 | AB16: =ROUND(R15*AB$5/1200,2) -> 0 | AC16: =ROUND(S15*AC$5/1200,2) -> 903.84 | AD16: =ROUND(T15*AD$5/1200,2) -> 6692.24 | AE16: =ROUND(U15*AE$5/1200,2) -> 0 | AF16: =ROUND(V15*AF$5/1200,2) -> 0 | AG16: =ROUND(W15*AG$5/1200,2) -> 0 | AH16: =ROUND(X15*AH$5/1200,2) -> 0 | AI16: =ROUND(Y15*AI$5/1200,2) -> 0 | ... AK16: =ROUND(AA15*AK$5/1200,2) -> 0 | AL16: =MIN(AL$5,R15+AB16) -> 0 | AM16: =MIN(AM$5,S15+AC16) -> 6500 | AN16: =MIN(AN$5,T15+AD16) -> 12500 | AO16: =MIN(AO$5,U15+AE16) -> 0 | AP16: =MIN(AP$5,V15+AF16) -> 0 | AQ16: =MIN(AQ$5,W15+AG16) -> 0 | AR16: =MIN(AR$5,X15+AH16) -> 0 | AS16: =MIN(AS$5,Y15+AI16) -> 0 | ... AU16: =MIN(AU$5,AA15+AK16) -> 0
A17: =IF(F16>0.005,12,"") -> 12 | B17: =IF(A17="","",EDATE(Долги!$D$5,11)) -> 46631 | C17: =SUM(H17:Q17) -> 31000 | D17: =SUM(AB17:AK17) -> 7124.37 | E17: =C17-D17 -> 23875.63 | F17: =SUM(R17:AA17) -> 211075.57 | G17: =IF(OR(A17="",$F$5<=0),"",REPT("█",ROUND(20*F17/$F$5,0))) -> █████████ | H17: =AL17+MIN(R16+AB17-AL17,MAX(0,ROUND(Долги!$D$19-SUM($AL17:$AU17),2))) -> 0 | I17: =AM17+MIN(S16+AC17-AM17,MAX(0,ROUND(ROUND(Долги!$D$19-SUM($AL17:$AU17),2)-(SUM($H17:H17)-SUM($AL17:AL17)),2))) -> 18500 | J17: =AN17+MIN(T16+AD17-AN17,MAX(0,ROUND(ROUND(Долги!$D$19-SUM($AL17:$AU17),2)-(SUM($H17:I17)-SUM($AL17:AM17)),2))) -> 12500 | K17: =AO17+MIN(U16+AE17-AO17,MAX(0,ROUND(ROUND(Долги!$D$19-SUM($AL17:$AU17),2)-(SUM($H17:J17)-SUM($AL17:AN17)),2))) -> 0 | L17: =AP17+MIN(V16+AF17-AP17,MAX(0,ROUND(ROUND(Долги!$D$19-SUM($AL17:$AU17),2)-(SUM($H17:K17)-SUM($AL17:AO17)),2))) -> 0 | M17: =AQ17+MIN(W16+AG17-AQ17,MAX(0,ROUND(ROUND(Долги!$D$19-SUM($AL17:$AU17),2)-(SUM($H17:L17)-SUM($AL17:AP17)),2))) -> 0 | N17: =AR17+MIN(X16+AH17-AR17,MAX(0,ROUND(ROUND(Долги!$D$19-SUM($AL17:$AU17),2)-(SUM($H17:M17)-SUM($AL17:AQ17)),2))) -> 0 | O17: =AS17+MIN(Y16+AI17-AS17,MAX(0,ROUND(ROUND(Долги!$D$19-SUM($AL17:$AU17),2)-(SUM($H17:N17)-SUM($AL17:AR17)),2))) -> 0 | P17: =AT17+MIN(Z16+AJ17-AT17,MAX(0,ROUND(ROUND(Долги!$D$19-SUM($AL17:$AU17),2)-(SUM($H17:O17)-SUM($AL17:AS17)),2))) -> 0 | Q17: =AU17+MIN(AA16+AK17-AU17,MAX(0,ROUND(ROUND(Долги!$D$19-SUM($AL17:$AU17),2)-(SUM($H17:P17)-SUM($AL17:AT17)),2))) -> 0 | R17: =IF(R16+AB17-H17<=0.01,0,ROUND(R16+AB17-H17,2)) -> 0 | S17: =IF(S16+AC17-I17<=0.01,0,ROUND(S16+AC17-I17,2)) -> 21613.95 | T17: =IF(T16+AD17-J17<=0.01,0,ROUND(T16+AD17-J17,2)) -> 189461.62 | U17: =IF(U16+AE17-K17<=0.01,0,ROUND(U16+AE17-K17,2)) -> 0 | V17: =IF(V16+AF17-L17<=0.01,0,ROUND(V16+AF17-L17,2)) -> 0 | W17: =IF(W16+AG17-M17<=0.01,0,ROUND(W16+AG17-M17,2)) -> 0 | X17: =IF(X16+AH17-N17<=0.01,0,ROUND(X16+AH17-N17,2)) -> 0 | Y17: =IF(Y16+AI17-O17<=0.01,0,ROUND(Y16+AI17-O17,2)) -> 0 | ... AA17: =IF(AA16+AK17-Q17<=0.01,0,ROUND(AA16+AK17-Q17,2)) -> 0 | AB17: =ROUND(R16*AB$5/1200,2) -> 0 | AC17: =ROUND(S16*AC$5/1200,2) -> 625.24 | AD17: =ROUND(T16*AD$5/1200,2) -> 6499.13 | AE17: =ROUND(U16*AE$5/1200,2) -> 0 | AF17: =ROUND(V16*AF$5/1200,2) -> 0 | AG17: =ROUND(W16*AG$5/1200,2) -> 0 | AH17: =ROUND(X16*AH$5/1200,2) -> 0 | AI17: =ROUND(Y16*AI$5/1200,2) -> 0 | ... AK17: =ROUND(AA16*AK$5/1200,2) -> 0 | AL17: =MIN(AL$5,R16+AB17) -> 0 | AM17: =MIN(AM$5,S16+AC17) -> 6500 | AN17: =MIN(AN$5,T16+AD17) -> 12500 | AO17: =MIN(AO$5,U16+AE17) -> 0 | AP17: =MIN(AP$5,V16+AF17) -> 0 | AQ17: =MIN(AQ$5,W16+AG17) -> 0 | AR17: =MIN(AR$5,X16+AH17) -> 0 | AS17: =MIN(AS$5,Y16+AI17) -> 0 | ... AU17: =MIN(AU$5,AA16+AK17) -> 0
A18: =IF(F17>0.005,13,"") -> 13 | B18: =IF(A18="","",EDATE(Долги!$D$5,12)) -> 46661 | C18: =SUM(H18:Q18) -> 31000 | D18: =SUM(AB18:AK18) -> 6641.82 | E18: =C18-D18 -> 24358.18 | F18: =SUM(R18:AA18) -> 186717.39 | G18: =IF(OR(A18="",$F$5<=0),"",REPT("█",ROUND(20*F18/$F$5,0))) -> ████████ | H18: =AL18+MIN(R17+AB18-AL18,MAX(0,ROUND(Долги!$D$19-SUM($AL18:$AU18),2))) -> 0 | I18: =AM18+MIN(S17+AC18-AM18,MAX(0,ROUND(ROUND(Долги!$D$19-SUM($AL18:$AU18),2)-(SUM($H18:H18)-SUM($AL18:AL18)),2))) -> 18500 | J18: =AN18+MIN(T17+AD18-AN18,MAX(0,ROUND(ROUND(Долги!$D$19-SUM($AL18:$AU18),2)-(SUM($H18:I18)-SUM($AL18:AM18)),2))) -> 12500 | K18: =AO18+MIN(U17+AE18-AO18,MAX(0,ROUND(ROUND(Долги!$D$19-SUM($AL18:$AU18),2)-(SUM($H18:J18)-SUM($AL18:AN18)),2))) -> 0 | L18: =AP18+MIN(V17+AF18-AP18,MAX(0,ROUND(ROUND(Долги!$D$19-SUM($AL18:$AU18),2)-(SUM($H18:K18)-SUM($AL18:AO18)),2))) -> 0 | M18: =AQ18+MIN(W17+AG18-AQ18,MAX(0,ROUND(ROUND(Долги!$D$19-SUM($AL18:$AU18),2)-(SUM($H18:L18)-SUM($AL18:AP18)),2))) -> 0 | N18: =AR18+MIN(X17+AH18-AR18,MAX(0,ROUND(ROUND(Долги!$D$19-SUM($AL18:$AU18),2)-(SUM($H18:M18)-SUM($AL18:AQ18)),2))) -> 0 | O18: =AS18+MIN(Y17+AI18-AS18,MAX(0,ROUND(ROUND(Долги!$D$19-SUM($AL18:$AU18),2)-(SUM($H18:N18)-SUM($AL18:AR18)),2))) -> 0 | P18: =AT18+MIN(Z17+AJ18-AT18,MAX(0,ROUND(ROUND(Долги!$D$19-SUM($AL18:$AU18),2)-(SUM($H18:O18)-SUM($AL18:AS18)),2))) -> 0 | Q18: =AU18+MIN(AA17+AK18-AU18,MAX(0,ROUND(ROUND(Долги!$D$19-SUM($AL18:$AU18),2)-(SUM($H18:P18)-SUM($AL18:AT18)),2))) -> 0 | R18: =IF(R17+AB18-H18<=0.01,0,ROUND(R17+AB18-H18,2)) -> 0 | S18: =IF(S17+AC18-I18<=0.01,0,ROUND(S17+AC18-I18,2)) -> 3456.17 | T18: =IF(T17+AD18-J18<=0.01,0,ROUND(T17+AD18-J18,2)) -> 183261.22 | U18: =IF(U17+AE18-K18<=0.01,0,ROUND(U17+AE18-K18,2)) -> 0 | V18: =IF(V17+AF18-L18<=0.01,0,ROUND(V17+AF18-L18,2)) -> 0 | W18: =IF(W17+AG18-M18<=0.01,0,ROUND(W17+AG18-M18,2)) -> 0 | X18: =IF(X17+AH18-N18<=0.01,0,ROUND(X17+AH18-N18,2)) -> 0 | Y18: =IF(Y17+AI18-O18<=0.01,0,ROUND(Y17+AI18-O18,2)) -> 0 | ... AA18: =IF(AA17+AK18-Q18<=0.01,0,ROUND(AA17+AK18-Q18,2)) -> 0 | AB18: =ROUND(R17*AB$5/1200,2) -> 0 | AC18: =ROUND(S17*AC$5/1200,2) -> 342.22 | AD18: =ROUND(T17*AD$5/1200,2) -> 6299.6 | AE18: =ROUND(U17*AE$5/1200,2) -> 0 | AF18: =ROUND(V17*AF$5/1200,2) -> 0 | AG18: =ROUND(W17*AG$5/1200,2) -> 0 | AH18: =ROUND(X17*AH$5/1200,2) -> 0 | AI18: =ROUND(Y17*AI$5/1200,2) -> 0 | ... AK18: =ROUND(AA17*AK$5/1200,2) -> 0 | AL18: =MIN(AL$5,R17+AB18) -> 0 | AM18: =MIN(AM$5,S17+AC18) -> 6500 | AN18: =MIN(AN$5,T17+AD18) -> 12500 | AO18: =MIN(AO$5,U17+AE18) -> 0 | AP18: =MIN(AP$5,V17+AF18) -> 0 | AQ18: =MIN(AQ$5,W17+AG18) -> 0 | AR18: =MIN(AR$5,X17+AH18) -> 0 | AS18: =MIN(AS$5,Y17+AI18) -> 0 | ... AU18: =MIN(AU$5,AA17+AK18) -> 0
A19: =IF(F18>0.005,14,"") -> 14 | B19: =IF(A19="","",EDATE(Долги!$D$5,13)) -> 46692 | C19: =SUM(H19:Q19) -> 31000 | D19: =SUM(AB19:AK19) -> 6148.16 | E19: =C19-D19 -> 24851.84 | F19: =SUM(R19:AA19) -> 161865.55 | G19: =IF(OR(A19="",$F$5<=0),"",REPT("█",ROUND(20*F19/$F$5,0))) -> ███████ | H19: =AL19+MIN(R18+AB19-AL19,MAX(0,ROUND(Долги!$D$19-SUM($AL19:$AU19),2))) -> 0 | I19: =AM19+MIN(S18+AC19-AM19,MAX(0,ROUND(ROUND(Долги!$D$19-SUM($AL19:$AU19),2)-(SUM($H19:H19)-SUM($AL19:AL19)),2))) -> 3510.89 | J19: =AN19+MIN(T18+AD19-AN19,MAX(0,ROUND(ROUND(Долги!$D$19-SUM($AL19:$AU19),2)-(SUM($H19:I19)-SUM($AL19:AM19)),2))) -> 27489.11 | K19: =AO19+MIN(U18+AE19-AO19,MAX(0,ROUND(ROUND(Долги!$D$19-SUM($AL19:$AU19),2)-(SUM($H19:J19)-SUM($AL19:AN19)),2))) -> 0 | L19: =AP19+MIN(V18+AF19-AP19,MAX(0,ROUND(ROUND(Долги!$D$19-SUM($AL19:$AU19),2)-(SUM($H19:K19)-SUM($AL19:AO19)),2))) -> 0 | M19: =AQ19+MIN(W18+AG19-AQ19,MAX(0,ROUND(ROUND(Долги!$D$19-SUM($AL19:$AU19),2)-(SUM($H19:L19)-SUM($AL19:AP19)),2))) -> 0 | N19: =AR19+MIN(X18+AH19-AR19,MAX(0,ROUND(ROUND(Долги!$D$19-SUM($AL19:$AU19),2)-(SUM($H19:M19)-SUM($AL19:AQ19)),2))) -> 0 | O19: =AS19+MIN(Y18+AI19-AS19,MAX(0,ROUND(ROUND(Долги!$D$19-SUM($AL19:$AU19),2)-(SUM($H19:N19)-SUM($AL19:AR19)),2))) -> 0 | P19: =AT19+MIN(Z18+AJ19-AT19,MAX(0,ROUND(ROUND(Долги!$D$19-SUM($AL19:$AU19),2)-(SUM($H19:O19)-SUM($AL19:AS19)),2))) -> 0 | Q19: =AU19+MIN(AA18+AK19-AU19,MAX(0,ROUND(ROUND(Долги!$D$19-SUM($AL19:$AU19),2)-(SUM($H19:P19)-SUM($AL19:AT19)),2))) -> 0 | R19: =IF(R18+AB19-H19<=0.01,0,ROUND(R18+AB19-H19,2)) -> 0 | S19: =IF(S18+AC19-I19<=0.01,0,ROUND(S18+AC19-I19,2)) -> 0 | T19: =IF(T18+AD19-J19<=0.01,0,ROUND(T18+AD19-J19,2)) -> 161865.55 | U19: =IF(U18+AE19-K19<=0.01,0,ROUND(U18+AE19-K19,2)) -> 0 | V19: =IF(V18+AF19-L19<=0.01,0,ROUND(V18+AF19-L19,2)) -> 0 | W19: =IF(W18+AG19-M19<=0.01,0,ROUND(W18+AG19-M19,2)) -> 0 | X19: =IF(X18+AH19-N19<=0.01,0,ROUND(X18+AH19-N19,2)) -> 0 | Y19: =IF(Y18+AI19-O19<=0.01,0,ROUND(Y18+AI19-O19,2)) -> 0 | ... AA19: =IF(AA18+AK19-Q19<=0.01,0,ROUND(AA18+AK19-Q19,2)) -> 0 | AB19: =ROUND(R18*AB$5/1200,2) -> 0 | AC19: =ROUND(S18*AC$5/1200,2) -> 54.72 | AD19: =ROUND(T18*AD$5/1200,2) -> 6093.44 | AE19: =ROUND(U18*AE$5/1200,2) -> 0 | AF19: =ROUND(V18*AF$5/1200,2) -> 0 | AG19: =ROUND(W18*AG$5/1200,2) -> 0 | AH19: =ROUND(X18*AH$5/1200,2) -> 0 | AI19: =ROUND(Y18*AI$5/1200,2) -> 0 | ... AK19: =ROUND(AA18*AK$5/1200,2) -> 0 | AL19: =MIN(AL$5,R18+AB19) -> 0 | AM19: =MIN(AM$5,S18+AC19) -> 3510.89 | AN19: =MIN(AN$5,T18+AD19) -> 12500 | AO19: =MIN(AO$5,U18+AE19) -> 0 | AP19: =MIN(AP$5,V18+AF19) -> 0 | AQ19: =MIN(AQ$5,W18+AG19) -> 0 | AR19: =MIN(AR$5,X18+AH19) -> 0 | AS19: =MIN(AS$5,Y18+AI19) -> 0 | ... AU19: =MIN(AU$5,AA18+AK19) -> 0
A20: =IF(F19>0.005,15,"") -> 15 | B20: =IF(A20="","",EDATE(Долги!$D$5,14)) -> 46722 | C20: =SUM(H20:Q20) -> 31000 | D20: =SUM(AB20:AK20) -> 5382.03 | E20: =C20-D20 -> 25617.97 | F20: =SUM(R20:AA20) -> 136247.58 | G20: =IF(OR(A20="",$F$5<=0),"",REPT("█",ROUND(20*F20/$F$5,0))) -> ██████ | H20: =AL20+MIN(R19+AB20-AL20,MAX(0,ROUND(Долги!$D$19-SUM($AL20:$AU20),2))) -> 0 | I20: =AM20+MIN(S19+AC20-AM20,MAX(0,ROUND(ROUND(Долги!$D$19-SUM($AL20:$AU20),2)-(SUM($H20:H20)-SUM($AL20:AL20)),2))) -> 0 | J20: =AN20+MIN(T19+AD20-AN20,MAX(0,ROUND(ROUND(Долги!$D$19-SUM($AL20:$AU20),2)-(SUM($H20:I20)-SUM($AL20:AM20)),2))) -> 31000 | K20: =AO20+MIN(U19+AE20-AO20,MAX(0,ROUND(ROUND(Долги!$D$19-SUM($AL20:$AU20),2)-(SUM($H20:J20)-SUM($AL20:AN20)),2))) -> 0 | L20: =AP20+MIN(V19+AF20-AP20,MAX(0,ROUND(ROUND(Долги!$D$19-SUM($AL20:$AU20),2)-(SUM($H20:K20)-SUM($AL20:AO20)),2))) -> 0 | M20: =AQ20+MIN(W19+AG20-AQ20,MAX(0,ROUND(ROUND(Долги!$D$19-SUM($AL20:$AU20),2)-(SUM($H20:L20)-SUM($AL20:AP20)),2))) -> 0 | N20: =AR20+MIN(X19+AH20-AR20,MAX(0,ROUND(ROUND(Долги!$D$19-SUM($AL20:$AU20),2)-(SUM($H20:M20)-SUM($AL20:AQ20)),2))) -> 0 | O20: =AS20+MIN(Y19+AI20-AS20,MAX(0,ROUND(ROUND(Долги!$D$19-SUM($AL20:$AU20),2)-(SUM($H20:N20)-SUM($AL20:AR20)),2))) -> 0 | P20: =AT20+MIN(Z19+AJ20-AT20,MAX(0,ROUND(ROUND(Долги!$D$19-SUM($AL20:$AU20),2)-(SUM($H20:O20)-SUM($AL20:AS20)),2))) -> 0 | Q20: =AU20+MIN(AA19+AK20-AU20,MAX(0,ROUND(ROUND(Долги!$D$19-SUM($AL20:$AU20),2)-(SUM($H20:P20)-SUM($AL20:AT20)),2))) -> 0 | R20: =IF(R19+AB20-H20<=0.01,0,ROUND(R19+AB20-H20,2)) -> 0 | S20: =IF(S19+AC20-I20<=0.01,0,ROUND(S19+AC20-I20,2)) -> 0 | T20: =IF(T19+AD20-J20<=0.01,0,ROUND(T19+AD20-J20,2)) -> 136247.58 | U20: =IF(U19+AE20-K20<=0.01,0,ROUND(U19+AE20-K20,2)) -> 0 | V20: =IF(V19+AF20-L20<=0.01,0,ROUND(V19+AF20-L20,2)) -> 0 | W20: =IF(W19+AG20-M20<=0.01,0,ROUND(W19+AG20-M20,2)) -> 0 | X20: =IF(X19+AH20-N20<=0.01,0,ROUND(X19+AH20-N20,2)) -> 0 | Y20: =IF(Y19+AI20-O20<=0.01,0,ROUND(Y19+AI20-O20,2)) -> 0 | ... AA20: =IF(AA19+AK20-Q20<=0.01,0,ROUND(AA19+AK20-Q20,2)) -> 0 | AB20: =ROUND(R19*AB$5/1200,2) -> 0 | AC20: =ROUND(S19*AC$5/1200,2) -> 0 | AD20: =ROUND(T19*AD$5/1200,2) -> 5382.03 | AE20: =ROUND(U19*AE$5/1200,2) -> 0 | AF20: =ROUND(V19*AF$5/1200,2) -> 0 | AG20: =ROUND(W19*AG$5/1200,2) -> 0 | AH20: =ROUND(X19*AH$5/1200,2) -> 0 | AI20: =ROUND(Y19*AI$5/1200,2) -> 0 | ... AK20: =ROUND(AA19*AK$5/1200,2) -> 0 | AL20: =MIN(AL$5,R19+AB20) -> 0 | AM20: =MIN(AM$5,S19+AC20) -> 0 | AN20: =MIN(AN$5,T19+AD20) -> 12500 | AO20: =MIN(AO$5,U19+AE20) -> 0 | AP20: =MIN(AP$5,V19+AF20) -> 0 | AQ20: =MIN(AQ$5,W19+AG20) -> 0 | AR20: =MIN(AR$5,X19+AH20) -> 0 | AS20: =MIN(AS$5,Y19+AI20) -> 0 | ... AU20: =MIN(AU$5,AA19+AK20) -> 0
A21: =IF(F20>0.005,16,"") -> 16 | B21: =IF(A21="","",EDATE(Долги!$D$5,15)) -> 46753 | C21: =SUM(H21:Q21) -> 31000 | D21: =SUM(AB21:AK21) -> 4530.23 | E21: =C21-D21 -> 26469.77 | F21: =SUM(R21:AA21) -> 109777.81 | G21: =IF(OR(A21="",$F$5<=0),"",REPT("█",ROUND(20*F21/$F$5,0))) -> █████ | H21: =AL21+MIN(R20+AB21-AL21,MAX(0,ROUND(Долги!$D$19-SUM($AL21:$AU21),2))) -> 0 | I21: =AM21+MIN(S20+AC21-AM21,MAX(0,ROUND(ROUND(Долги!$D$19-SUM($AL21:$AU21),2)-(SUM($H21:H21)-SUM($AL21:AL21)),2))) -> 0 | J21: =AN21+MIN(T20+AD21-AN21,MAX(0,ROUND(ROUND(Долги!$D$19-SUM($AL21:$AU21),2)-(SUM($H21:I21)-SUM($AL21:AM21)),2))) -> 31000 | K21: =AO21+MIN(U20+AE21-AO21,MAX(0,ROUND(ROUND(Долги!$D$19-SUM($AL21:$AU21),2)-(SUM($H21:J21)-SUM($AL21:AN21)),2))) -> 0 | L21: =AP21+MIN(V20+AF21-AP21,MAX(0,ROUND(ROUND(Долги!$D$19-SUM($AL21:$AU21),2)-(SUM($H21:K21)-SUM($AL21:AO21)),2))) -> 0 | M21: =AQ21+MIN(W20+AG21-AQ21,MAX(0,ROUND(ROUND(Долги!$D$19-SUM($AL21:$AU21),2)-(SUM($H21:L21)-SUM($AL21:AP21)),2))) -> 0 | N21: =AR21+MIN(X20+AH21-AR21,MAX(0,ROUND(ROUND(Долги!$D$19-SUM($AL21:$AU21),2)-(SUM($H21:M21)-SUM($AL21:AQ21)),2))) -> 0 | O21: =AS21+MIN(Y20+AI21-AS21,MAX(0,ROUND(ROUND(Долги!$D$19-SUM($AL21:$AU21),2)-(SUM($H21:N21)-SUM($AL21:AR21)),2))) -> 0 | P21: =AT21+MIN(Z20+AJ21-AT21,MAX(0,ROUND(ROUND(Долги!$D$19-SUM($AL21:$AU21),2)-(SUM($H21:O21)-SUM($AL21:AS21)),2))) -> 0 | Q21: =AU21+MIN(AA20+AK21-AU21,MAX(0,ROUND(ROUND(Долги!$D$19-SUM($AL21:$AU21),2)-(SUM($H21:P21)-SUM($AL21:AT21)),2))) -> 0 | R21: =IF(R20+AB21-H21<=0.01,0,ROUND(R20+AB21-H21,2)) -> 0 | S21: =IF(S20+AC21-I21<=0.01,0,ROUND(S20+AC21-I21,2)) -> 0 | T21: =IF(T20+AD21-J21<=0.01,0,ROUND(T20+AD21-J21,2)) -> 109777.81 | U21: =IF(U20+AE21-K21<=0.01,0,ROUND(U20+AE21-K21,2)) -> 0 | V21: =IF(V20+AF21-L21<=0.01,0,ROUND(V20+AF21-L21,2)) -> 0 | W21: =IF(W20+AG21-M21<=0.01,0,ROUND(W20+AG21-M21,2)) -> 0 | X21: =IF(X20+AH21-N21<=0.01,0,ROUND(X20+AH21-N21,2)) -> 0 | Y21: =IF(Y20+AI21-O21<=0.01,0,ROUND(Y20+AI21-O21,2)) -> 0 | ... AA21: =IF(AA20+AK21-Q21<=0.01,0,ROUND(AA20+AK21-Q21,2)) -> 0 | AB21: =ROUND(R20*AB$5/1200,2) -> 0 | AC21: =ROUND(S20*AC$5/1200,2) -> 0 | AD21: =ROUND(T20*AD$5/1200,2) -> 4530.23 | AE21: =ROUND(U20*AE$5/1200,2) -> 0 | AF21: =ROUND(V20*AF$5/1200,2) -> 0 | AG21: =ROUND(W20*AG$5/1200,2) -> 0 | AH21: =ROUND(X20*AH$5/1200,2) -> 0 | AI21: =ROUND(Y20*AI$5/1200,2) -> 0 | ... AK21: =ROUND(AA20*AK$5/1200,2) -> 0 | AL21: =MIN(AL$5,R20+AB21) -> 0 | AM21: =MIN(AM$5,S20+AC21) -> 0 | AN21: =MIN(AN$5,T20+AD21) -> 12500 | AO21: =MIN(AO$5,U20+AE21) -> 0 | AP21: =MIN(AP$5,V20+AF21) -> 0 | AQ21: =MIN(AQ$5,W20+AG21) -> 0 | AR21: =MIN(AR$5,X20+AH21) -> 0 | AS21: =MIN(AS$5,Y20+AI21) -> 0 | ... AU21: =MIN(AU$5,AA20+AK21) -> 0
A22: =IF(F21>0.005,17,"") -> 17 | B22: =IF(A22="","",EDATE(Долги!$D$5,16)) -> 46784 | C22: =SUM(H22:Q22) -> 31000 | D22: =SUM(AB22:AK22) -> 3650.11 | E22: =C22-D22 -> 27349.89 | F22: =SUM(R22:AA22) -> 82427.92 | G22: =IF(OR(A22="",$F$5<=0),"",REPT("█",ROUND(20*F22/$F$5,0))) -> ████ | H22: =AL22+MIN(R21+AB22-AL22,MAX(0,ROUND(Долги!$D$19-SUM($AL22:$AU22),2))) -> 0 | I22: =AM22+MIN(S21+AC22-AM22,MAX(0,ROUND(ROUND(Долги!$D$19-SUM($AL22:$AU22),2)-(SUM($H22:H22)-SUM($AL22:AL22)),2))) -> 0 | J22: =AN22+MIN(T21+AD22-AN22,MAX(0,ROUND(ROUND(Долги!$D$19-SUM($AL22:$AU22),2)-(SUM($H22:I22)-SUM($AL22:AM22)),2))) -> 31000 | K22: =AO22+MIN(U21+AE22-AO22,MAX(0,ROUND(ROUND(Долги!$D$19-SUM($AL22:$AU22),2)-(SUM($H22:J22)-SUM($AL22:AN22)),2))) -> 0 | L22: =AP22+MIN(V21+AF22-AP22,MAX(0,ROUND(ROUND(Долги!$D$19-SUM($AL22:$AU22),2)-(SUM($H22:K22)-SUM($AL22:AO22)),2))) -> 0 | M22: =AQ22+MIN(W21+AG22-AQ22,MAX(0,ROUND(ROUND(Долги!$D$19-SUM($AL22:$AU22),2)-(SUM($H22:L22)-SUM($AL22:AP22)),2))) -> 0 | N22: =AR22+MIN(X21+AH22-AR22,MAX(0,ROUND(ROUND(Долги!$D$19-SUM($AL22:$AU22),2)-(SUM($H22:M22)-SUM($AL22:AQ22)),2))) -> 0 | O22: =AS22+MIN(Y21+AI22-AS22,MAX(0,ROUND(ROUND(Долги!$D$19-SUM($AL22:$AU22),2)-(SUM($H22:N22)-SUM($AL22:AR22)),2))) -> 0 | P22: =AT22+MIN(Z21+AJ22-AT22,MAX(0,ROUND(ROUND(Долги!$D$19-SUM($AL22:$AU22),2)-(SUM($H22:O22)-SUM($AL22:AS22)),2))) -> 0 | Q22: =AU22+MIN(AA21+AK22-AU22,MAX(0,ROUND(ROUND(Долги!$D$19-SUM($AL22:$AU22),2)-(SUM($H22:P22)-SUM($AL22:AT22)),2))) -> 0 | R22: =IF(R21+AB22-H22<=0.01,0,ROUND(R21+AB22-H22,2)) -> 0 | S22: =IF(S21+AC22-I22<=0.01,0,ROUND(S21+AC22-I22,2)) -> 0 | T22: =IF(T21+AD22-J22<=0.01,0,ROUND(T21+AD22-J22,2)) -> 82427.92 | U22: =IF(U21+AE22-K22<=0.01,0,ROUND(U21+AE22-K22,2)) -> 0 | V22: =IF(V21+AF22-L22<=0.01,0,ROUND(V21+AF22-L22,2)) -> 0 | W22: =IF(W21+AG22-M22<=0.01,0,ROUND(W21+AG22-M22,2)) -> 0 | X22: =IF(X21+AH22-N22<=0.01,0,ROUND(X21+AH22-N22,2)) -> 0 | Y22: =IF(Y21+AI22-O22<=0.01,0,ROUND(Y21+AI22-O22,2)) -> 0 | ... AA22: =IF(AA21+AK22-Q22<=0.01,0,ROUND(AA21+AK22-Q22,2)) -> 0 | AB22: =ROUND(R21*AB$5/1200,2) -> 0 | AC22: =ROUND(S21*AC$5/1200,2) -> 0 | AD22: =ROUND(T21*AD$5/1200,2) -> 3650.11 | AE22: =ROUND(U21*AE$5/1200,2) -> 0 | AF22: =ROUND(V21*AF$5/1200,2) -> 0 | AG22: =ROUND(W21*AG$5/1200,2) -> 0 | AH22: =ROUND(X21*AH$5/1200,2) -> 0 | AI22: =ROUND(Y21*AI$5/1200,2) -> 0 | ... AK22: =ROUND(AA21*AK$5/1200,2) -> 0 | AL22: =MIN(AL$5,R21+AB22) -> 0 | AM22: =MIN(AM$5,S21+AC22) -> 0 | AN22: =MIN(AN$5,T21+AD22) -> 12500 | AO22: =MIN(AO$5,U21+AE22) -> 0 | AP22: =MIN(AP$5,V21+AF22) -> 0 | AQ22: =MIN(AQ$5,W21+AG22) -> 0 | AR22: =MIN(AR$5,X21+AH22) -> 0 | AS22: =MIN(AS$5,Y21+AI22) -> 0 | ... AU22: =MIN(AU$5,AA21+AK22) -> 0
A23: =IF(F22>0.005,18,"") -> 18 | B23: =IF(A23="","",EDATE(Долги!$D$5,17)) -> 46813 | C23: =SUM(H23:Q23) -> 31000 | D23: =SUM(AB23:AK23) -> 2740.73 | E23: =C23-D23 -> 28259.27 | F23: =SUM(R23:AA23) -> 54168.65 | G23: =IF(OR(A23="",$F$5<=0),"",REPT("█",ROUND(20*F23/$F$5,0))) -> ██ | H23: =AL23+MIN(R22+AB23-AL23,MAX(0,ROUND(Долги!$D$19-SUM($AL23:$AU23),2))) -> 0 | I23: =AM23+MIN(S22+AC23-AM23,MAX(0,ROUND(ROUND(Долги!$D$19-SUM($AL23:$AU23),2)-(SUM($H23:H23)-SUM($AL23:AL23)),2))) -> 0 | J23: =AN23+MIN(T22+AD23-AN23,MAX(0,ROUND(ROUND(Долги!$D$19-SUM($AL23:$AU23),2)-(SUM($H23:I23)-SUM($AL23:AM23)),2))) -> 31000 | K23: =AO23+MIN(U22+AE23-AO23,MAX(0,ROUND(ROUND(Долги!$D$19-SUM($AL23:$AU23),2)-(SUM($H23:J23)-SUM($AL23:AN23)),2))) -> 0 | L23: =AP23+MIN(V22+AF23-AP23,MAX(0,ROUND(ROUND(Долги!$D$19-SUM($AL23:$AU23),2)-(SUM($H23:K23)-SUM($AL23:AO23)),2))) -> 0 | M23: =AQ23+MIN(W22+AG23-AQ23,MAX(0,ROUND(ROUND(Долги!$D$19-SUM($AL23:$AU23),2)-(SUM($H23:L23)-SUM($AL23:AP23)),2))) -> 0 | N23: =AR23+MIN(X22+AH23-AR23,MAX(0,ROUND(ROUND(Долги!$D$19-SUM($AL23:$AU23),2)-(SUM($H23:M23)-SUM($AL23:AQ23)),2))) -> 0 | O23: =AS23+MIN(Y22+AI23-AS23,MAX(0,ROUND(ROUND(Долги!$D$19-SUM($AL23:$AU23),2)-(SUM($H23:N23)-SUM($AL23:AR23)),2))) -> 0 | P23: =AT23+MIN(Z22+AJ23-AT23,MAX(0,ROUND(ROUND(Долги!$D$19-SUM($AL23:$AU23),2)-(SUM($H23:O23)-SUM($AL23:AS23)),2))) -> 0 | Q23: =AU23+MIN(AA22+AK23-AU23,MAX(0,ROUND(ROUND(Долги!$D$19-SUM($AL23:$AU23),2)-(SUM($H23:P23)-SUM($AL23:AT23)),2))) -> 0 | R23: =IF(R22+AB23-H23<=0.01,0,ROUND(R22+AB23-H23,2)) -> 0 | S23: =IF(S22+AC23-I23<=0.01,0,ROUND(S22+AC23-I23,2)) -> 0 | T23: =IF(T22+AD23-J23<=0.01,0,ROUND(T22+AD23-J23,2)) -> 54168.65 | U23: =IF(U22+AE23-K23<=0.01,0,ROUND(U22+AE23-K23,2)) -> 0 | V23: =IF(V22+AF23-L23<=0.01,0,ROUND(V22+AF23-L23,2)) -> 0 | W23: =IF(W22+AG23-M23<=0.01,0,ROUND(W22+AG23-M23,2)) -> 0 | X23: =IF(X22+AH23-N23<=0.01,0,ROUND(X22+AH23-N23,2)) -> 0 | Y23: =IF(Y22+AI23-O23<=0.01,0,ROUND(Y22+AI23-O23,2)) -> 0 | ... AA23: =IF(AA22+AK23-Q23<=0.01,0,ROUND(AA22+AK23-Q23,2)) -> 0 | AB23: =ROUND(R22*AB$5/1200,2) -> 0 | AC23: =ROUND(S22*AC$5/1200,2) -> 0 | AD23: =ROUND(T22*AD$5/1200,2) -> 2740.73 | AE23: =ROUND(U22*AE$5/1200,2) -> 0 | AF23: =ROUND(V22*AF$5/1200,2) -> 0 | AG23: =ROUND(W22*AG$5/1200,2) -> 0 | AH23: =ROUND(X22*AH$5/1200,2) -> 0 | AI23: =ROUND(Y22*AI$5/1200,2) -> 0 | ... AK23: =ROUND(AA22*AK$5/1200,2) -> 0 | AL23: =MIN(AL$5,R22+AB23) -> 0 | AM23: =MIN(AM$5,S22+AC23) -> 0 | AN23: =MIN(AN$5,T22+AD23) -> 12500 | AO23: =MIN(AO$5,U22+AE23) -> 0 | AP23: =MIN(AP$5,V22+AF23) -> 0 | AQ23: =MIN(AQ$5,W22+AG23) -> 0 | AR23: =MIN(AR$5,X22+AH23) -> 0 | AS23: =MIN(AS$5,Y22+AI23) -> 0 | ... AU23: =MIN(AU$5,AA22+AK23) -> 0
A24: =IF(F23>0.005,19,"") -> 19 | B24: =IF(A24="","",EDATE(Долги!$D$5,18)) -> 46844 | C24: =SUM(H24:Q24) -> 31000 | D24: =SUM(AB24:AK24) -> 1801.11 | E24: =C24-D24 -> 29198.89 | F24: =SUM(R24:AA24) -> 24969.76 | G24: =IF(OR(A24="",$F$5<=0),"",REPT("█",ROUND(20*F24/$F$5,0))) -> █ | H24: =AL24+MIN(R23+AB24-AL24,MAX(0,ROUND(Долги!$D$19-SUM($AL24:$AU24),2))) -> 0 | I24: =AM24+MIN(S23+AC24-AM24,MAX(0,ROUND(ROUND(Долги!$D$19-SUM($AL24:$AU24),2)-(SUM($H24:H24)-SUM($AL24:AL24)),2))) -> 0 | J24: =AN24+MIN(T23+AD24-AN24,MAX(0,ROUND(ROUND(Долги!$D$19-SUM($AL24:$AU24),2)-(SUM($H24:I24)-SUM($AL24:AM24)),2))) -> 31000 | K24: =AO24+MIN(U23+AE24-AO24,MAX(0,ROUND(ROUND(Долги!$D$19-SUM($AL24:$AU24),2)-(SUM($H24:J24)-SUM($AL24:AN24)),2))) -> 0 | L24: =AP24+MIN(V23+AF24-AP24,MAX(0,ROUND(ROUND(Долги!$D$19-SUM($AL24:$AU24),2)-(SUM($H24:K24)-SUM($AL24:AO24)),2))) -> 0 | M24: =AQ24+MIN(W23+AG24-AQ24,MAX(0,ROUND(ROUND(Долги!$D$19-SUM($AL24:$AU24),2)-(SUM($H24:L24)-SUM($AL24:AP24)),2))) -> 0 | N24: =AR24+MIN(X23+AH24-AR24,MAX(0,ROUND(ROUND(Долги!$D$19-SUM($AL24:$AU24),2)-(SUM($H24:M24)-SUM($AL24:AQ24)),2))) -> 0 | O24: =AS24+MIN(Y23+AI24-AS24,MAX(0,ROUND(ROUND(Долги!$D$19-SUM($AL24:$AU24),2)-(SUM($H24:N24)-SUM($AL24:AR24)),2))) -> 0 | P24: =AT24+MIN(Z23+AJ24-AT24,MAX(0,ROUND(ROUND(Долги!$D$19-SUM($AL24:$AU24),2)-(SUM($H24:O24)-SUM($AL24:AS24)),2))) -> 0 | Q24: =AU24+MIN(AA23+AK24-AU24,MAX(0,ROUND(ROUND(Долги!$D$19-SUM($AL24:$AU24),2)-(SUM($H24:P24)-SUM($AL24:AT24)),2))) -> 0 | R24: =IF(R23+AB24-H24<=0.01,0,ROUND(R23+AB24-H24,2)) -> 0 | S24: =IF(S23+AC24-I24<=0.01,0,ROUND(S23+AC24-I24,2)) -> 0 | T24: =IF(T23+AD24-J24<=0.01,0,ROUND(T23+AD24-J24,2)) -> 24969.76 | U24: =IF(U23+AE24-K24<=0.01,0,ROUND(U23+AE24-K24,2)) -> 0 | V24: =IF(V23+AF24-L24<=0.01,0,ROUND(V23+AF24-L24,2)) -> 0 | W24: =IF(W23+AG24-M24<=0.01,0,ROUND(W23+AG24-M24,2)) -> 0 | X24: =IF(X23+AH24-N24<=0.01,0,ROUND(X23+AH24-N24,2)) -> 0 | Y24: =IF(Y23+AI24-O24<=0.01,0,ROUND(Y23+AI24-O24,2)) -> 0 | ... AA24: =IF(AA23+AK24-Q24<=0.01,0,ROUND(AA23+AK24-Q24,2)) -> 0 | AB24: =ROUND(R23*AB$5/1200,2) -> 0 | AC24: =ROUND(S23*AC$5/1200,2) -> 0 | AD24: =ROUND(T23*AD$5/1200,2) -> 1801.11 | AE24: =ROUND(U23*AE$5/1200,2) -> 0 | AF24: =ROUND(V23*AF$5/1200,2) -> 0 | AG24: =ROUND(W23*AG$5/1200,2) -> 0 | AH24: =ROUND(X23*AH$5/1200,2) -> 0 | AI24: =ROUND(Y23*AI$5/1200,2) -> 0 | ... AK24: =ROUND(AA23*AK$5/1200,2) -> 0 | AL24: =MIN(AL$5,R23+AB24) -> 0 | AM24: =MIN(AM$5,S23+AC24) -> 0 | AN24: =MIN(AN$5,T23+AD24) -> 12500 | AO24: =MIN(AO$5,U23+AE24) -> 0 | AP24: =MIN(AP$5,V23+AF24) -> 0 | AQ24: =MIN(AQ$5,W23+AG24) -> 0 | AR24: =MIN(AR$5,X23+AH24) -> 0 | AS24: =MIN(AS$5,Y23+AI24) -> 0 | ... AU24: =MIN(AU$5,AA23+AK24) -> 0
A25: =IF(F24>0.005,20,"") -> 20 | B25: =IF(A25="","",EDATE(Долги!$D$5,19)) -> 46874 | C25: =SUM(H25:Q25) -> 25800 | D25: =SUM(AB25:AK25) -> 830.24 | E25: =C25-D25 -> 24969.76 | F25: =SUM(R25:AA25) -> 0 | G25: =IF(OR(A25="",$F$5<=0),"",REPT("█",ROUND(20*F25/$F$5,0))) | H25: =AL25+MIN(R24+AB25-AL25,MAX(0,ROUND(Долги!$D$19-SUM($AL25:$AU25),2))) -> 0 | I25: =AM25+MIN(S24+AC25-AM25,MAX(0,ROUND(ROUND(Долги!$D$19-SUM($AL25:$AU25),2)-(SUM($H25:H25)-SUM($AL25:AL25)),2))) -> 0 | J25: =AN25+MIN(T24+AD25-AN25,MAX(0,ROUND(ROUND(Долги!$D$19-SUM($AL25:$AU25),2)-(SUM($H25:I25)-SUM($AL25:AM25)),2))) -> 25800 | K25: =AO25+MIN(U24+AE25-AO25,MAX(0,ROUND(ROUND(Долги!$D$19-SUM($AL25:$AU25),2)-(SUM($H25:J25)-SUM($AL25:AN25)),2))) -> 0 | L25: =AP25+MIN(V24+AF25-AP25,MAX(0,ROUND(ROUND(Долги!$D$19-SUM($AL25:$AU25),2)-(SUM($H25:K25)-SUM($AL25:AO25)),2))) -> 0 | M25: =AQ25+MIN(W24+AG25-AQ25,MAX(0,ROUND(ROUND(Долги!$D$19-SUM($AL25:$AU25),2)-(SUM($H25:L25)-SUM($AL25:AP25)),2))) -> 0 | N25: =AR25+MIN(X24+AH25-AR25,MAX(0,ROUND(ROUND(Долги!$D$19-SUM($AL25:$AU25),2)-(SUM($H25:M25)-SUM($AL25:AQ25)),2))) -> 0 | O25: =AS25+MIN(Y24+AI25-AS25,MAX(0,ROUND(ROUND(Долги!$D$19-SUM($AL25:$AU25),2)-(SUM($H25:N25)-SUM($AL25:AR25)),2))) -> 0 | P25: =AT25+MIN(Z24+AJ25-AT25,MAX(0,ROUND(ROUND(Долги!$D$19-SUM($AL25:$AU25),2)-(SUM($H25:O25)-SUM($AL25:AS25)),2))) -> 0 | Q25: =AU25+MIN(AA24+AK25-AU25,MAX(0,ROUND(ROUND(Долги!$D$19-SUM($AL25:$AU25),2)-(SUM($H25:P25)-SUM($AL25:AT25)),2))) -> 0 | R25: =IF(R24+AB25-H25<=0.01,0,ROUND(R24+AB25-H25,2)) -> 0 | S25: =IF(S24+AC25-I25<=0.01,0,ROUND(S24+AC25-I25,2)) -> 0 | T25: =IF(T24+AD25-J25<=0.01,0,ROUND(T24+AD25-J25,2)) -> 0 | U25: =IF(U24+AE25-K25<=0.01,0,ROUND(U24+AE25-K25,2)) -> 0 | V25: =IF(V24+AF25-L25<=0.01,0,ROUND(V24+AF25-L25,2)) -> 0 | W25: =IF(W24+AG25-M25<=0.01,0,ROUND(W24+AG25-M25,2)) -> 0 | X25: =IF(X24+AH25-N25<=0.01,0,ROUND(X24+AH25-N25,2)) -> 0 | Y25: =IF(Y24+AI25-O25<=0.01,0,ROUND(Y24+AI25-O25,2)) -> 0 | ... AA25: =IF(AA24+AK25-Q25<=0.01,0,ROUND(AA24+AK25-Q25,2)) -> 0 | AB25: =ROUND(R24*AB$5/1200,2) -> 0 | AC25: =ROUND(S24*AC$5/1200,2) -> 0 | AD25: =ROUND(T24*AD$5/1200,2) -> 830.24 | AE25: =ROUND(U24*AE$5/1200,2) -> 0 | AF25: =ROUND(V24*AF$5/1200,2) -> 0 | AG25: =ROUND(W24*AG$5/1200,2) -> 0 | AH25: =ROUND(X24*AH$5/1200,2) -> 0 | AI25: =ROUND(Y24*AI$5/1200,2) -> 0 | ... AK25: =ROUND(AA24*AK$5/1200,2) -> 0 | AL25: =MIN(AL$5,R24+AB25) -> 0 | AM25: =MIN(AM$5,S24+AC25) -> 0 | AN25: =MIN(AN$5,T24+AD25) -> 12500 | AO25: =MIN(AO$5,U24+AE25) -> 0 | AP25: =MIN(AP$5,V24+AF25) -> 0 | AQ25: =MIN(AQ$5,W24+AG25) -> 0 | AR25: =MIN(AR$5,X24+AH25) -> 0 | AS25: =MIN(AS$5,Y24+AI25) -> 0 | ... AU25: =MIN(AU$5,AA24+AK25) -> 0
A26: =IF(F25>0.005,21,"") | B26: =IF(A26="","",EDATE(Долги!$D$5,20)) | C26: =SUM(H26:Q26) -> 0 | D26: =SUM(AB26:AK26) -> 0 | E26: =C26-D26 -> 0 | F26: =SUM(R26:AA26) -> 0 | G26: =IF(OR(A26="",$F$5<=0),"",REPT("█",ROUND(20*F26/$F$5,0))) | H26: =AL26+MIN(R25+AB26-AL26,MAX(0,ROUND(Долги!$D$19-SUM($AL26:$AU26),2))) -> 0 | I26: =AM26+MIN(S25+AC26-AM26,MAX(0,ROUND(ROUND(Долги!$D$19-SUM($AL26:$AU26),2)-(SUM($H26:H26)-SUM($AL26:AL26)),2))) -> 0 | J26: =AN26+MIN(T25+AD26-AN26,MAX(0,ROUND(ROUND(Долги!$D$19-SUM($AL26:$AU26),2)-(SUM($H26:I26)-SUM($AL26:AM26)),2))) -> 0 | K26: =AO26+MIN(U25+AE26-AO26,MAX(0,ROUND(ROUND(Долги!$D$19-SUM($AL26:$AU26),2)-(SUM($H26:J26)-SUM($AL26:AN26)),2))) -> 0 | L26: =AP26+MIN(V25+AF26-AP26,MAX(0,ROUND(ROUND(Долги!$D$19-SUM($AL26:$AU26),2)-(SUM($H26:K26)-SUM($AL26:AO26)),2))) -> 0 | M26: =AQ26+MIN(W25+AG26-AQ26,MAX(0,ROUND(ROUND(Долги!$D$19-SUM($AL26:$AU26),2)-(SUM($H26:L26)-SUM($AL26:AP26)),2))) -> 0 | N26: =AR26+MIN(X25+AH26-AR26,MAX(0,ROUND(ROUND(Долги!$D$19-SUM($AL26:$AU26),2)-(SUM($H26:M26)-SUM($AL26:AQ26)),2))) -> 0 | O26: =AS26+MIN(Y25+AI26-AS26,MAX(0,ROUND(ROUND(Долги!$D$19-SUM($AL26:$AU26),2)-(SUM($H26:N26)-SUM($AL26:AR26)),2))) -> 0 | P26: =AT26+MIN(Z25+AJ26-AT26,MAX(0,ROUND(ROUND(Долги!$D$19-SUM($AL26:$AU26),2)-(SUM($H26:O26)-SUM($AL26:AS26)),2))) -> 0 | Q26: =AU26+MIN(AA25+AK26-AU26,MAX(0,ROUND(ROUND(Долги!$D$19-SUM($AL26:$AU26),2)-(SUM($H26:P26)-SUM($AL26:AT26)),2))) -> 0 | R26: =IF(R25+AB26-H26<=0.01,0,ROUND(R25+AB26-H26,2)) -> 0 | S26: =IF(S25+AC26-I26<=0.01,0,ROUND(S25+AC26-I26,2)) -> 0 | T26: =IF(T25+AD26-J26<=0.01,0,ROUND(T25+AD26-J26,2)) -> 0 | U26: =IF(U25+AE26-K26<=0.01,0,ROUND(U25+AE26-K26,2)) -> 0 | V26: =IF(V25+AF26-L26<=0.01,0,ROUND(V25+AF26-L26,2)) -> 0 | W26: =IF(W25+AG26-M26<=0.01,0,ROUND(W25+AG26-M26,2)) -> 0 | X26: =IF(X25+AH26-N26<=0.01,0,ROUND(X25+AH26-N26,2)) -> 0 | Y26: =IF(Y25+AI26-O26<=0.01,0,ROUND(Y25+AI26-O26,2)) -> 0 | ... AA26: =IF(AA25+AK26-Q26<=0.01,0,ROUND(AA25+AK26-Q26,2)) -> 0 | AB26: =ROUND(R25*AB$5/1200,2) -> 0 | AC26: =ROUND(S25*AC$5/1200,2) -> 0 | AD26: =ROUND(T25*AD$5/1200,2) -> 0 | AE26: =ROUND(U25*AE$5/1200,2) -> 0 | AF26: =ROUND(V25*AF$5/1200,2) -> 0 | AG26: =ROUND(W25*AG$5/1200,2) -> 0 | AH26: =ROUND(X25*AH$5/1200,2) -> 0 | AI26: =ROUND(Y25*AI$5/1200,2) -> 0 | ... AK26: =ROUND(AA25*AK$5/1200,2) -> 0 | AL26: =MIN(AL$5,R25+AB26) -> 0 | AM26: =MIN(AM$5,S25+AC26) -> 0 | AN26: =MIN(AN$5,T25+AD26) -> 0 | AO26: =MIN(AO$5,U25+AE26) -> 0 | AP26: =MIN(AP$5,V25+AF26) -> 0 | AQ26: =MIN(AQ$5,W25+AG26) -> 0 | AR26: =MIN(AR$5,X25+AH26) -> 0 | AS26: =MIN(AS$5,Y25+AI26) -> 0 | ... AU26: =MIN(AU$5,AA25+AK26) -> 0
A27: =IF(F26>0.005,22,"") | B27: =IF(A27="","",EDATE(Долги!$D$5,21)) | C27: =SUM(H27:Q27) -> 0 | D27: =SUM(AB27:AK27) -> 0 | E27: =C27-D27 -> 0 | F27: =SUM(R27:AA27) -> 0 | G27: =IF(OR(A27="",$F$5<=0),"",REPT("█",ROUND(20*F27/$F$5,0))) | H27: =AL27+MIN(R26+AB27-AL27,MAX(0,ROUND(Долги!$D$19-SUM($AL27:$AU27),2))) -> 0 | I27: =AM27+MIN(S26+AC27-AM27,MAX(0,ROUND(ROUND(Долги!$D$19-SUM($AL27:$AU27),2)-(SUM($H27:H27)-SUM($AL27:AL27)),2))) -> 0 | J27: =AN27+MIN(T26+AD27-AN27,MAX(0,ROUND(ROUND(Долги!$D$19-SUM($AL27:$AU27),2)-(SUM($H27:I27)-SUM($AL27:AM27)),2))) -> 0 | K27: =AO27+MIN(U26+AE27-AO27,MAX(0,ROUND(ROUND(Долги!$D$19-SUM($AL27:$AU27),2)-(SUM($H27:J27)-SUM($AL27:AN27)),2))) -> 0 | L27: =AP27+MIN(V26+AF27-AP27,MAX(0,ROUND(ROUND(Долги!$D$19-SUM($AL27:$AU27),2)-(SUM($H27:K27)-SUM($AL27:AO27)),2))) -> 0 | M27: =AQ27+MIN(W26+AG27-AQ27,MAX(0,ROUND(ROUND(Долги!$D$19-SUM($AL27:$AU27),2)-(SUM($H27:L27)-SUM($AL27:AP27)),2))) -> 0 | N27: =AR27+MIN(X26+AH27-AR27,MAX(0,ROUND(ROUND(Долги!$D$19-SUM($AL27:$AU27),2)-(SUM($H27:M27)-SUM($AL27:AQ27)),2))) -> 0 | O27: =AS27+MIN(Y26+AI27-AS27,MAX(0,ROUND(ROUND(Долги!$D$19-SUM($AL27:$AU27),2)-(SUM($H27:N27)-SUM($AL27:AR27)),2))) -> 0 | P27: =AT27+MIN(Z26+AJ27-AT27,MAX(0,ROUND(ROUND(Долги!$D$19-SUM($AL27:$AU27),2)-(SUM($H27:O27)-SUM($AL27:AS27)),2))) -> 0 | Q27: =AU27+MIN(AA26+AK27-AU27,MAX(0,ROUND(ROUND(Долги!$D$19-SUM($AL27:$AU27),2)-(SUM($H27:P27)-SUM($AL27:AT27)),2))) -> 0 | R27: =IF(R26+AB27-H27<=0.01,0,ROUND(R26+AB27-H27,2)) -> 0 | S27: =IF(S26+AC27-I27<=0.01,0,ROUND(S26+AC27-I27,2)) -> 0 | T27: =IF(T26+AD27-J27<=0.01,0,ROUND(T26+AD27-J27,2)) -> 0 | U27: =IF(U26+AE27-K27<=0.01,0,ROUND(U26+AE27-K27,2)) -> 0 | V27: =IF(V26+AF27-L27<=0.01,0,ROUND(V26+AF27-L27,2)) -> 0 | W27: =IF(W26+AG27-M27<=0.01,0,ROUND(W26+AG27-M27,2)) -> 0 | X27: =IF(X26+AH27-N27<=0.01,0,ROUND(X26+AH27-N27,2)) -> 0 | Y27: =IF(Y26+AI27-O27<=0.01,0,ROUND(Y26+AI27-O27,2)) -> 0 | ... AA27: =IF(AA26+AK27-Q27<=0.01,0,ROUND(AA26+AK27-Q27,2)) -> 0 | AB27: =ROUND(R26*AB$5/1200,2) -> 0 | AC27: =ROUND(S26*AC$5/1200,2) -> 0 | AD27: =ROUND(T26*AD$5/1200,2) -> 0 | AE27: =ROUND(U26*AE$5/1200,2) -> 0 | AF27: =ROUND(V26*AF$5/1200,2) -> 0 | AG27: =ROUND(W26*AG$5/1200,2) -> 0 | AH27: =ROUND(X26*AH$5/1200,2) -> 0 | AI27: =ROUND(Y26*AI$5/1200,2) -> 0 | ... AK27: =ROUND(AA26*AK$5/1200,2) -> 0 | AL27: =MIN(AL$5,R26+AB27) -> 0 | AM27: =MIN(AM$5,S26+AC27) -> 0 | AN27: =MIN(AN$5,T26+AD27) -> 0 | AO27: =MIN(AO$5,U26+AE27) -> 0 | AP27: =MIN(AP$5,V26+AF27) -> 0 | AQ27: =MIN(AQ$5,W26+AG27) -> 0 | AR27: =MIN(AR$5,X26+AH27) -> 0 | AS27: =MIN(AS$5,Y26+AI27) -> 0 | ... AU27: =MIN(AU$5,AA26+AK27) -> 0
A28: =IF(F27>0.005,23,"") | B28: =IF(A28="","",EDATE(Долги!$D$5,22)) | C28: =SUM(H28:Q28) -> 0 | D28: =SUM(AB28:AK28) -> 0 | E28: =C28-D28 -> 0 | F28: =SUM(R28:AA28) -> 0 | G28: =IF(OR(A28="",$F$5<=0),"",REPT("█",ROUND(20*F28/$F$5,0))) | H28: =AL28+MIN(R27+AB28-AL28,MAX(0,ROUND(Долги!$D$19-SUM($AL28:$AU28),2))) -> 0 | I28: =AM28+MIN(S27+AC28-AM28,MAX(0,ROUND(ROUND(Долги!$D$19-SUM($AL28:$AU28),2)-(SUM($H28:H28)-SUM($AL28:AL28)),2))) -> 0 | J28: =AN28+MIN(T27+AD28-AN28,MAX(0,ROUND(ROUND(Долги!$D$19-SUM($AL28:$AU28),2)-(SUM($H28:I28)-SUM($AL28:AM28)),2))) -> 0 | K28: =AO28+MIN(U27+AE28-AO28,MAX(0,ROUND(ROUND(Долги!$D$19-SUM($AL28:$AU28),2)-(SUM($H28:J28)-SUM($AL28:AN28)),2))) -> 0 | L28: =AP28+MIN(V27+AF28-AP28,MAX(0,ROUND(ROUND(Долги!$D$19-SUM($AL28:$AU28),2)-(SUM($H28:K28)-SUM($AL28:AO28)),2))) -> 0 | M28: =AQ28+MIN(W27+AG28-AQ28,MAX(0,ROUND(ROUND(Долги!$D$19-SUM($AL28:$AU28),2)-(SUM($H28:L28)-SUM($AL28:AP28)),2))) -> 0 | N28: =AR28+MIN(X27+AH28-AR28,MAX(0,ROUND(ROUND(Долги!$D$19-SUM($AL28:$AU28),2)-(SUM($H28:M28)-SUM($AL28:AQ28)),2))) -> 0 | O28: =AS28+MIN(Y27+AI28-AS28,MAX(0,ROUND(ROUND(Долги!$D$19-SUM($AL28:$AU28),2)-(SUM($H28:N28)-SUM($AL28:AR28)),2))) -> 0 | P28: =AT28+MIN(Z27+AJ28-AT28,MAX(0,ROUND(ROUND(Долги!$D$19-SUM($AL28:$AU28),2)-(SUM($H28:O28)-SUM($AL28:AS28)),2))) -> 0 | Q28: =AU28+MIN(AA27+AK28-AU28,MAX(0,ROUND(ROUND(Долги!$D$19-SUM($AL28:$AU28),2)-(SUM($H28:P28)-SUM($AL28:AT28)),2))) -> 0 | R28: =IF(R27+AB28-H28<=0.01,0,ROUND(R27+AB28-H28,2)) -> 0 | S28: =IF(S27+AC28-I28<=0.01,0,ROUND(S27+AC28-I28,2)) -> 0 | T28: =IF(T27+AD28-J28<=0.01,0,ROUND(T27+AD28-J28,2)) -> 0 | U28: =IF(U27+AE28-K28<=0.01,0,ROUND(U27+AE28-K28,2)) -> 0 | V28: =IF(V27+AF28-L28<=0.01,0,ROUND(V27+AF28-L28,2)) -> 0 | W28: =IF(W27+AG28-M28<=0.01,0,ROUND(W27+AG28-M28,2)) -> 0 | X28: =IF(X27+AH28-N28<=0.01,0,ROUND(X27+AH28-N28,2)) -> 0 | Y28: =IF(Y27+AI28-O28<=0.01,0,ROUND(Y27+AI28-O28,2)) -> 0 | ... AA28: =IF(AA27+AK28-Q28<=0.01,0,ROUND(AA27+AK28-Q28,2)) -> 0 | AB28: =ROUND(R27*AB$5/1200,2) -> 0 | AC28: =ROUND(S27*AC$5/1200,2) -> 0 | AD28: =ROUND(T27*AD$5/1200,2) -> 0 | AE28: =ROUND(U27*AE$5/1200,2) -> 0 | AF28: =ROUND(V27*AF$5/1200,2) -> 0 | AG28: =ROUND(W27*AG$5/1200,2) -> 0 | AH28: =ROUND(X27*AH$5/1200,2) -> 0 | AI28: =ROUND(Y27*AI$5/1200,2) -> 0 | ... AK28: =ROUND(AA27*AK$5/1200,2) -> 0 | AL28: =MIN(AL$5,R27+AB28) -> 0 | AM28: =MIN(AM$5,S27+AC28) -> 0 | AN28: =MIN(AN$5,T27+AD28) -> 0 | AO28: =MIN(AO$5,U27+AE28) -> 0 | AP28: =MIN(AP$5,V27+AF28) -> 0 | AQ28: =MIN(AQ$5,W27+AG28) -> 0 | AR28: =MIN(AR$5,X27+AH28) -> 0 | AS28: =MIN(AS$5,Y27+AI28) -> 0 | ... AU28: =MIN(AU$5,AA27+AK28) -> 0
A29: =IF(F28>0.005,24,"") | B29: =IF(A29="","",EDATE(Долги!$D$5,23)) | C29: =SUM(H29:Q29) -> 0 | D29: =SUM(AB29:AK29) -> 0 | E29: =C29-D29 -> 0 | F29: =SUM(R29:AA29) -> 0 | G29: =IF(OR(A29="",$F$5<=0),"",REPT("█",ROUND(20*F29/$F$5,0))) | H29: =AL29+MIN(R28+AB29-AL29,MAX(0,ROUND(Долги!$D$19-SUM($AL29:$AU29),2))) -> 0 | I29: =AM29+MIN(S28+AC29-AM29,MAX(0,ROUND(ROUND(Долги!$D$19-SUM($AL29:$AU29),2)-(SUM($H29:H29)-SUM($AL29:AL29)),2))) -> 0 | J29: =AN29+MIN(T28+AD29-AN29,MAX(0,ROUND(ROUND(Долги!$D$19-SUM($AL29:$AU29),2)-(SUM($H29:I29)-SUM($AL29:AM29)),2))) -> 0 | K29: =AO29+MIN(U28+AE29-AO29,MAX(0,ROUND(ROUND(Долги!$D$19-SUM($AL29:$AU29),2)-(SUM($H29:J29)-SUM($AL29:AN29)),2))) -> 0 | L29: =AP29+MIN(V28+AF29-AP29,MAX(0,ROUND(ROUND(Долги!$D$19-SUM($AL29:$AU29),2)-(SUM($H29:K29)-SUM($AL29:AO29)),2))) -> 0 | M29: =AQ29+MIN(W28+AG29-AQ29,MAX(0,ROUND(ROUND(Долги!$D$19-SUM($AL29:$AU29),2)-(SUM($H29:L29)-SUM($AL29:AP29)),2))) -> 0 | N29: =AR29+MIN(X28+AH29-AR29,MAX(0,ROUND(ROUND(Долги!$D$19-SUM($AL29:$AU29),2)-(SUM($H29:M29)-SUM($AL29:AQ29)),2))) -> 0 | O29: =AS29+MIN(Y28+AI29-AS29,MAX(0,ROUND(ROUND(Долги!$D$19-SUM($AL29:$AU29),2)-(SUM($H29:N29)-SUM($AL29:AR29)),2))) -> 0 | P29: =AT29+MIN(Z28+AJ29-AT29,MAX(0,ROUND(ROUND(Долги!$D$19-SUM($AL29:$AU29),2)-(SUM($H29:O29)-SUM($AL29:AS29)),2))) -> 0 | Q29: =AU29+MIN(AA28+AK29-AU29,MAX(0,ROUND(ROUND(Долги!$D$19-SUM($AL29:$AU29),2)-(SUM($H29:P29)-SUM($AL29:AT29)),2))) -> 0 | R29: =IF(R28+AB29-H29<=0.01,0,ROUND(R28+AB29-H29,2)) -> 0 | S29: =IF(S28+AC29-I29<=0.01,0,ROUND(S28+AC29-I29,2)) -> 0 | T29: =IF(T28+AD29-J29<=0.01,0,ROUND(T28+AD29-J29,2)) -> 0 | U29: =IF(U28+AE29-K29<=0.01,0,ROUND(U28+AE29-K29,2)) -> 0 | V29: =IF(V28+AF29-L29<=0.01,0,ROUND(V28+AF29-L29,2)) -> 0 | W29: =IF(W28+AG29-M29<=0.01,0,ROUND(W28+AG29-M29,2)) -> 0 | X29: =IF(X28+AH29-N29<=0.01,0,ROUND(X28+AH29-N29,2)) -> 0 | Y29: =IF(Y28+AI29-O29<=0.01,0,ROUND(Y28+AI29-O29,2)) -> 0 | ... AA29: =IF(AA28+AK29-Q29<=0.01,0,ROUND(AA28+AK29-Q29,2)) -> 0 | AB29: =ROUND(R28*AB$5/1200,2) -> 0 | AC29: =ROUND(S28*AC$5/1200,2) -> 0 | AD29: =ROUND(T28*AD$5/1200,2) -> 0 | AE29: =ROUND(U28*AE$5/1200,2) -> 0 | AF29: =ROUND(V28*AF$5/1200,2) -> 0 | AG29: =ROUND(W28*AG$5/1200,2) -> 0 | AH29: =ROUND(X28*AH$5/1200,2) -> 0 | AI29: =ROUND(Y28*AI$5/1200,2) -> 0 | ... AK29: =ROUND(AA28*AK$5/1200,2) -> 0 | AL29: =MIN(AL$5,R28+AB29) -> 0 | AM29: =MIN(AM$5,S28+AC29) -> 0 | AN29: =MIN(AN$5,T28+AD29) -> 0 | AO29: =MIN(AO$5,U28+AE29) -> 0 | AP29: =MIN(AP$5,V28+AF29) -> 0 | AQ29: =MIN(AQ$5,W28+AG29) -> 0 | AR29: =MIN(AR$5,X28+AH29) -> 0 | AS29: =MIN(AS$5,Y28+AI29) -> 0 | ... AU29: =MIN(AU$5,AA28+AK29) -> 0
A30: =IF(F29>0.005,25,"") | B30: =IF(A30="","",EDATE(Долги!$D$5,24)) | C30: =SUM(H30:Q30) -> 0 | D30: =SUM(AB30:AK30) -> 0 | E30: =C30-D30 -> 0 | F30: =SUM(R30:AA30) -> 0 | G30: =IF(OR(A30="",$F$5<=0),"",REPT("█",ROUND(20*F30/$F$5,0))) | H30: =AL30+MIN(R29+AB30-AL30,MAX(0,ROUND(Долги!$D$19-SUM($AL30:$AU30),2))) -> 0 | I30: =AM30+MIN(S29+AC30-AM30,MAX(0,ROUND(ROUND(Долги!$D$19-SUM($AL30:$AU30),2)-(SUM($H30:H30)-SUM($AL30:AL30)),2))) -> 0 | J30: =AN30+MIN(T29+AD30-AN30,MAX(0,ROUND(ROUND(Долги!$D$19-SUM($AL30:$AU30),2)-(SUM($H30:I30)-SUM($AL30:AM30)),2))) -> 0 | K30: =AO30+MIN(U29+AE30-AO30,MAX(0,ROUND(ROUND(Долги!$D$19-SUM($AL30:$AU30),2)-(SUM($H30:J30)-SUM($AL30:AN30)),2))) -> 0 | L30: =AP30+MIN(V29+AF30-AP30,MAX(0,ROUND(ROUND(Долги!$D$19-SUM($AL30:$AU30),2)-(SUM($H30:K30)-SUM($AL30:AO30)),2))) -> 0 | M30: =AQ30+MIN(W29+AG30-AQ30,MAX(0,ROUND(ROUND(Долги!$D$19-SUM($AL30:$AU30),2)-(SUM($H30:L30)-SUM($AL30:AP30)),2))) -> 0 | N30: =AR30+MIN(X29+AH30-AR30,MAX(0,ROUND(ROUND(Долги!$D$19-SUM($AL30:$AU30),2)-(SUM($H30:M30)-SUM($AL30:AQ30)),2))) -> 0 | O30: =AS30+MIN(Y29+AI30-AS30,MAX(0,ROUND(ROUND(Долги!$D$19-SUM($AL30:$AU30),2)-(SUM($H30:N30)-SUM($AL30:AR30)),2))) -> 0 | P30: =AT30+MIN(Z29+AJ30-AT30,MAX(0,ROUND(ROUND(Долги!$D$19-SUM($AL30:$AU30),2)-(SUM($H30:O30)-SUM($AL30:AS30)),2))) -> 0 | Q30: =AU30+MIN(AA29+AK30-AU30,MAX(0,ROUND(ROUND(Долги!$D$19-SUM($AL30:$AU30),2)-(SUM($H30:P30)-SUM($AL30:AT30)),2))) -> 0 | R30: =IF(R29+AB30-H30<=0.01,0,ROUND(R29+AB30-H30,2)) -> 0 | S30: =IF(S29+AC30-I30<=0.01,0,ROUND(S29+AC30-I30,2)) -> 0 | T30: =IF(T29+AD30-J30<=0.01,0,ROUND(T29+AD30-J30,2)) -> 0 | U30: =IF(U29+AE30-K30<=0.01,0,ROUND(U29+AE30-K30,2)) -> 0 | V30: =IF(V29+AF30-L30<=0.01,0,ROUND(V29+AF30-L30,2)) -> 0 | W30: =IF(W29+AG30-M30<=0.01,0,ROUND(W29+AG30-M30,2)) -> 0 | X30: =IF(X29+AH30-N30<=0.01,0,ROUND(X29+AH30-N30,2)) -> 0 | Y30: =IF(Y29+AI30-O30<=0.01,0,ROUND(Y29+AI30-O30,2)) -> 0 | ... AA30: =IF(AA29+AK30-Q30<=0.01,0,ROUND(AA29+AK30-Q30,2)) -> 0 | AB30: =ROUND(R29*AB$5/1200,2) -> 0 | AC30: =ROUND(S29*AC$5/1200,2) -> 0 | AD30: =ROUND(T29*AD$5/1200,2) -> 0 | AE30: =ROUND(U29*AE$5/1200,2) -> 0 | AF30: =ROUND(V29*AF$5/1200,2) -> 0 | AG30: =ROUND(W29*AG$5/1200,2) -> 0 | AH30: =ROUND(X29*AH$5/1200,2) -> 0 | AI30: =ROUND(Y29*AI$5/1200,2) -> 0 | ... AK30: =ROUND(AA29*AK$5/1200,2) -> 0 | AL30: =MIN(AL$5,R29+AB30) -> 0 | AM30: =MIN(AM$5,S29+AC30) -> 0 | AN30: =MIN(AN$5,T29+AD30) -> 0 | AO30: =MIN(AO$5,U29+AE30) -> 0 | AP30: =MIN(AP$5,V29+AF30) -> 0 | AQ30: =MIN(AQ$5,W29+AG30) -> 0 | AR30: =MIN(AR$5,X29+AH30) -> 0 | AS30: =MIN(AS$5,Y29+AI30) -> 0 | ... AU30: =MIN(AU$5,AA29+AK30) -> 0
A31: =IF(F30>0.005,26,"") | B31: =IF(A31="","",EDATE(Долги!$D$5,25)) | C31: =SUM(H31:Q31) -> 0 | D31: =SUM(AB31:AK31) -> 0 | E31: =C31-D31 -> 0 | F31: =SUM(R31:AA31) -> 0 | G31: =IF(OR(A31="",$F$5<=0),"",REPT("█",ROUND(20*F31/$F$5,0))) | H31: =AL31+MIN(R30+AB31-AL31,MAX(0,ROUND(Долги!$D$19-SUM($AL31:$AU31),2))) -> 0 | I31: =AM31+MIN(S30+AC31-AM31,MAX(0,ROUND(ROUND(Долги!$D$19-SUM($AL31:$AU31),2)-(SUM($H31:H31)-SUM($AL31:AL31)),2))) -> 0 | J31: =AN31+MIN(T30+AD31-AN31,MAX(0,ROUND(ROUND(Долги!$D$19-SUM($AL31:$AU31),2)-(SUM($H31:I31)-SUM($AL31:AM31)),2))) -> 0 | K31: =AO31+MIN(U30+AE31-AO31,MAX(0,ROUND(ROUND(Долги!$D$19-SUM($AL31:$AU31),2)-(SUM($H31:J31)-SUM($AL31:AN31)),2))) -> 0 | L31: =AP31+MIN(V30+AF31-AP31,MAX(0,ROUND(ROUND(Долги!$D$19-SUM($AL31:$AU31),2)-(SUM($H31:K31)-SUM($AL31:AO31)),2))) -> 0 | M31: =AQ31+MIN(W30+AG31-AQ31,MAX(0,ROUND(ROUND(Долги!$D$19-SUM($AL31:$AU31),2)-(SUM($H31:L31)-SUM($AL31:AP31)),2))) -> 0 | N31: =AR31+MIN(X30+AH31-AR31,MAX(0,ROUND(ROUND(Долги!$D$19-SUM($AL31:$AU31),2)-(SUM($H31:M31)-SUM($AL31:AQ31)),2))) -> 0 | O31: =AS31+MIN(Y30+AI31-AS31,MAX(0,ROUND(ROUND(Долги!$D$19-SUM($AL31:$AU31),2)-(SUM($H31:N31)-SUM($AL31:AR31)),2))) -> 0 | P31: =AT31+MIN(Z30+AJ31-AT31,MAX(0,ROUND(ROUND(Долги!$D$19-SUM($AL31:$AU31),2)-(SUM($H31:O31)-SUM($AL31:AS31)),2))) -> 0 | Q31: =AU31+MIN(AA30+AK31-AU31,MAX(0,ROUND(ROUND(Долги!$D$19-SUM($AL31:$AU31),2)-(SUM($H31:P31)-SUM($AL31:AT31)),2))) -> 0 | R31: =IF(R30+AB31-H31<=0.01,0,ROUND(R30+AB31-H31,2)) -> 0 | S31: =IF(S30+AC31-I31<=0.01,0,ROUND(S30+AC31-I31,2)) -> 0 | T31: =IF(T30+AD31-J31<=0.01,0,ROUND(T30+AD31-J31,2)) -> 0 | U31: =IF(U30+AE31-K31<=0.01,0,ROUND(U30+AE31-K31,2)) -> 0 | V31: =IF(V30+AF31-L31<=0.01,0,ROUND(V30+AF31-L31,2)) -> 0 | W31: =IF(W30+AG31-M31<=0.01,0,ROUND(W30+AG31-M31,2)) -> 0 | X31: =IF(X30+AH31-N31<=0.01,0,ROUND(X30+AH31-N31,2)) -> 0 | Y31: =IF(Y30+AI31-O31<=0.01,0,ROUND(Y30+AI31-O31,2)) -> 0 | ... AA31: =IF(AA30+AK31-Q31<=0.01,0,ROUND(AA30+AK31-Q31,2)) -> 0 | AB31: =ROUND(R30*AB$5/1200,2) -> 0 | AC31: =ROUND(S30*AC$5/1200,2) -> 0 | AD31: =ROUND(T30*AD$5/1200,2) -> 0 | AE31: =ROUND(U30*AE$5/1200,2) -> 0 | AF31: =ROUND(V30*AF$5/1200,2) -> 0 | AG31: =ROUND(W30*AG$5/1200,2) -> 0 | AH31: =ROUND(X30*AH$5/1200,2) -> 0 | AI31: =ROUND(Y30*AI$5/1200,2) -> 0 | ... AK31: =ROUND(AA30*AK$5/1200,2) -> 0 | AL31: =MIN(AL$5,R30+AB31) -> 0 | AM31: =MIN(AM$5,S30+AC31) -> 0 | AN31: =MIN(AN$5,T30+AD31) -> 0 | AO31: =MIN(AO$5,U30+AE31) -> 0 | AP31: =MIN(AP$5,V30+AF31) -> 0 | AQ31: =MIN(AQ$5,W30+AG31) -> 0 | AR31: =MIN(AR$5,X30+AH31) -> 0 | AS31: =MIN(AS$5,Y30+AI31) -> 0 | ... AU31: =MIN(AU$5,AA30+AK31) -> 0
A32: =IF(F31>0.005,27,"") | B32: =IF(A32="","",EDATE(Долги!$D$5,26)) | C32: =SUM(H32:Q32) -> 0 | D32: =SUM(AB32:AK32) -> 0 | E32: =C32-D32 -> 0 | F32: =SUM(R32:AA32) -> 0 | G32: =IF(OR(A32="",$F$5<=0),"",REPT("█",ROUND(20*F32/$F$5,0))) | H32: =AL32+MIN(R31+AB32-AL32,MAX(0,ROUND(Долги!$D$19-SUM($AL32:$AU32),2))) -> 0 | I32: =AM32+MIN(S31+AC32-AM32,MAX(0,ROUND(ROUND(Долги!$D$19-SUM($AL32:$AU32),2)-(SUM($H32:H32)-SUM($AL32:AL32)),2))) -> 0 | J32: =AN32+MIN(T31+AD32-AN32,MAX(0,ROUND(ROUND(Долги!$D$19-SUM($AL32:$AU32),2)-(SUM($H32:I32)-SUM($AL32:AM32)),2))) -> 0 | K32: =AO32+MIN(U31+AE32-AO32,MAX(0,ROUND(ROUND(Долги!$D$19-SUM($AL32:$AU32),2)-(SUM($H32:J32)-SUM($AL32:AN32)),2))) -> 0 | L32: =AP32+MIN(V31+AF32-AP32,MAX(0,ROUND(ROUND(Долги!$D$19-SUM($AL32:$AU32),2)-(SUM($H32:K32)-SUM($AL32:AO32)),2))) -> 0 | M32: =AQ32+MIN(W31+AG32-AQ32,MAX(0,ROUND(ROUND(Долги!$D$19-SUM($AL32:$AU32),2)-(SUM($H32:L32)-SUM($AL32:AP32)),2))) -> 0 | N32: =AR32+MIN(X31+AH32-AR32,MAX(0,ROUND(ROUND(Долги!$D$19-SUM($AL32:$AU32),2)-(SUM($H32:M32)-SUM($AL32:AQ32)),2))) -> 0 | O32: =AS32+MIN(Y31+AI32-AS32,MAX(0,ROUND(ROUND(Долги!$D$19-SUM($AL32:$AU32),2)-(SUM($H32:N32)-SUM($AL32:AR32)),2))) -> 0 | P32: =AT32+MIN(Z31+AJ32-AT32,MAX(0,ROUND(ROUND(Долги!$D$19-SUM($AL32:$AU32),2)-(SUM($H32:O32)-SUM($AL32:AS32)),2))) -> 0 | Q32: =AU32+MIN(AA31+AK32-AU32,MAX(0,ROUND(ROUND(Долги!$D$19-SUM($AL32:$AU32),2)-(SUM($H32:P32)-SUM($AL32:AT32)),2))) -> 0 | R32: =IF(R31+AB32-H32<=0.01,0,ROUND(R31+AB32-H32,2)) -> 0 | S32: =IF(S31+AC32-I32<=0.01,0,ROUND(S31+AC32-I32,2)) -> 0 | T32: =IF(T31+AD32-J32<=0.01,0,ROUND(T31+AD32-J32,2)) -> 0 | U32: =IF(U31+AE32-K32<=0.01,0,ROUND(U31+AE32-K32,2)) -> 0 | V32: =IF(V31+AF32-L32<=0.01,0,ROUND(V31+AF32-L32,2)) -> 0 | W32: =IF(W31+AG32-M32<=0.01,0,ROUND(W31+AG32-M32,2)) -> 0 | X32: =IF(X31+AH32-N32<=0.01,0,ROUND(X31+AH32-N32,2)) -> 0 | Y32: =IF(Y31+AI32-O32<=0.01,0,ROUND(Y31+AI32-O32,2)) -> 0 | ... AA32: =IF(AA31+AK32-Q32<=0.01,0,ROUND(AA31+AK32-Q32,2)) -> 0 | AB32: =ROUND(R31*AB$5/1200,2) -> 0 | AC32: =ROUND(S31*AC$5/1200,2) -> 0 | AD32: =ROUND(T31*AD$5/1200,2) -> 0 | AE32: =ROUND(U31*AE$5/1200,2) -> 0 | AF32: =ROUND(V31*AF$5/1200,2) -> 0 | AG32: =ROUND(W31*AG$5/1200,2) -> 0 | AH32: =ROUND(X31*AH$5/1200,2) -> 0 | AI32: =ROUND(Y31*AI$5/1200,2) -> 0 | ... AK32: =ROUND(AA31*AK$5/1200,2) -> 0 | AL32: =MIN(AL$5,R31+AB32) -> 0 | AM32: =MIN(AM$5,S31+AC32) -> 0 | AN32: =MIN(AN$5,T31+AD32) -> 0 | AO32: =MIN(AO$5,U31+AE32) -> 0 | AP32: =MIN(AP$5,V31+AF32) -> 0 | AQ32: =MIN(AQ$5,W31+AG32) -> 0 | AR32: =MIN(AR$5,X31+AH32) -> 0 | AS32: =MIN(AS$5,Y31+AI32) -> 0 | ... AU32: =MIN(AU$5,AA31+AK32) -> 0
A33: =IF(F32>0.005,28,"") | B33: =IF(A33="","",EDATE(Долги!$D$5,27)) | C33: =SUM(H33:Q33) -> 0 | D33: =SUM(AB33:AK33) -> 0 | E33: =C33-D33 -> 0 | F33: =SUM(R33:AA33) -> 0 | G33: =IF(OR(A33="",$F$5<=0),"",REPT("█",ROUND(20*F33/$F$5,0))) | H33: =AL33+MIN(R32+AB33-AL33,MAX(0,ROUND(Долги!$D$19-SUM($AL33:$AU33),2))) -> 0 | I33: =AM33+MIN(S32+AC33-AM33,MAX(0,ROUND(ROUND(Долги!$D$19-SUM($AL33:$AU33),2)-(SUM($H33:H33)-SUM($AL33:AL33)),2))) -> 0 | J33: =AN33+MIN(T32+AD33-AN33,MAX(0,ROUND(ROUND(Долги!$D$19-SUM($AL33:$AU33),2)-(SUM($H33:I33)-SUM($AL33:AM33)),2))) -> 0 | K33: =AO33+MIN(U32+AE33-AO33,MAX(0,ROUND(ROUND(Долги!$D$19-SUM($AL33:$AU33),2)-(SUM($H33:J33)-SUM($AL33:AN33)),2))) -> 0 | L33: =AP33+MIN(V32+AF33-AP33,MAX(0,ROUND(ROUND(Долги!$D$19-SUM($AL33:$AU33),2)-(SUM($H33:K33)-SUM($AL33:AO33)),2))) -> 0 | M33: =AQ33+MIN(W32+AG33-AQ33,MAX(0,ROUND(ROUND(Долги!$D$19-SUM($AL33:$AU33),2)-(SUM($H33:L33)-SUM($AL33:AP33)),2))) -> 0 | N33: =AR33+MIN(X32+AH33-AR33,MAX(0,ROUND(ROUND(Долги!$D$19-SUM($AL33:$AU33),2)-(SUM($H33:M33)-SUM($AL33:AQ33)),2))) -> 0 | O33: =AS33+MIN(Y32+AI33-AS33,MAX(0,ROUND(ROUND(Долги!$D$19-SUM($AL33:$AU33),2)-(SUM($H33:N33)-SUM($AL33:AR33)),2))) -> 0 | P33: =AT33+MIN(Z32+AJ33-AT33,MAX(0,ROUND(ROUND(Долги!$D$19-SUM($AL33:$AU33),2)-(SUM($H33:O33)-SUM($AL33:AS33)),2))) -> 0 | Q33: =AU33+MIN(AA32+AK33-AU33,MAX(0,ROUND(ROUND(Долги!$D$19-SUM($AL33:$AU33),2)-(SUM($H33:P33)-SUM($AL33:AT33)),2))) -> 0 | R33: =IF(R32+AB33-H33<=0.01,0,ROUND(R32+AB33-H33,2)) -> 0 | S33: =IF(S32+AC33-I33<=0.01,0,ROUND(S32+AC33-I33,2)) -> 0 | T33: =IF(T32+AD33-J33<=0.01,0,ROUND(T32+AD33-J33,2)) -> 0 | U33: =IF(U32+AE33-K33<=0.01,0,ROUND(U32+AE33-K33,2)) -> 0 | V33: =IF(V32+AF33-L33<=0.01,0,ROUND(V32+AF33-L33,2)) -> 0 | W33: =IF(W32+AG33-M33<=0.01,0,ROUND(W32+AG33-M33,2)) -> 0 | X33: =IF(X32+AH33-N33<=0.01,0,ROUND(X32+AH33-N33,2)) -> 0 | Y33: =IF(Y32+AI33-O33<=0.01,0,ROUND(Y32+AI33-O33,2)) -> 0 | ... AA33: =IF(AA32+AK33-Q33<=0.01,0,ROUND(AA32+AK33-Q33,2)) -> 0 | AB33: =ROUND(R32*AB$5/1200,2) -> 0 | AC33: =ROUND(S32*AC$5/1200,2) -> 0 | AD33: =ROUND(T32*AD$5/1200,2) -> 0 | AE33: =ROUND(U32*AE$5/1200,2) -> 0 | AF33: =ROUND(V32*AF$5/1200,2) -> 0 | AG33: =ROUND(W32*AG$5/1200,2) -> 0 | AH33: =ROUND(X32*AH$5/1200,2) -> 0 | AI33: =ROUND(Y32*AI$5/1200,2) -> 0 | ... AK33: =ROUND(AA32*AK$5/1200,2) -> 0 | AL33: =MIN(AL$5,R32+AB33) -> 0 | AM33: =MIN(AM$5,S32+AC33) -> 0 | AN33: =MIN(AN$5,T32+AD33) -> 0 | AO33: =MIN(AO$5,U32+AE33) -> 0 | AP33: =MIN(AP$5,V32+AF33) -> 0 | AQ33: =MIN(AQ$5,W32+AG33) -> 0 | AR33: =MIN(AR$5,X32+AH33) -> 0 | AS33: =MIN(AS$5,Y32+AI33) -> 0 | ... AU33: =MIN(AU$5,AA32+AK33) -> 0
A34: =IF(F33>0.005,29,"") | B34: =IF(A34="","",EDATE(Долги!$D$5,28)) | C34: =SUM(H34:Q34) -> 0 | D34: =SUM(AB34:AK34) -> 0 | E34: =C34-D34 -> 0 | F34: =SUM(R34:AA34) -> 0 | G34: =IF(OR(A34="",$F$5<=0),"",REPT("█",ROUND(20*F34/$F$5,0))) | H34: =AL34+MIN(R33+AB34-AL34,MAX(0,ROUND(Долги!$D$19-SUM($AL34:$AU34),2))) -> 0 | I34: =AM34+MIN(S33+AC34-AM34,MAX(0,ROUND(ROUND(Долги!$D$19-SUM($AL34:$AU34),2)-(SUM($H34:H34)-SUM($AL34:AL34)),2))) -> 0 | J34: =AN34+MIN(T33+AD34-AN34,MAX(0,ROUND(ROUND(Долги!$D$19-SUM($AL34:$AU34),2)-(SUM($H34:I34)-SUM($AL34:AM34)),2))) -> 0 | K34: =AO34+MIN(U33+AE34-AO34,MAX(0,ROUND(ROUND(Долги!$D$19-SUM($AL34:$AU34),2)-(SUM($H34:J34)-SUM($AL34:AN34)),2))) -> 0 | L34: =AP34+MIN(V33+AF34-AP34,MAX(0,ROUND(ROUND(Долги!$D$19-SUM($AL34:$AU34),2)-(SUM($H34:K34)-SUM($AL34:AO34)),2))) -> 0 | M34: =AQ34+MIN(W33+AG34-AQ34,MAX(0,ROUND(ROUND(Долги!$D$19-SUM($AL34:$AU34),2)-(SUM($H34:L34)-SUM($AL34:AP34)),2))) -> 0 | N34: =AR34+MIN(X33+AH34-AR34,MAX(0,ROUND(ROUND(Долги!$D$19-SUM($AL34:$AU34),2)-(SUM($H34:M34)-SUM($AL34:AQ34)),2))) -> 0 | O34: =AS34+MIN(Y33+AI34-AS34,MAX(0,ROUND(ROUND(Долги!$D$19-SUM($AL34:$AU34),2)-(SUM($H34:N34)-SUM($AL34:AR34)),2))) -> 0 | P34: =AT34+MIN(Z33+AJ34-AT34,MAX(0,ROUND(ROUND(Долги!$D$19-SUM($AL34:$AU34),2)-(SUM($H34:O34)-SUM($AL34:AS34)),2))) -> 0 | Q34: =AU34+MIN(AA33+AK34-AU34,MAX(0,ROUND(ROUND(Долги!$D$19-SUM($AL34:$AU34),2)-(SUM($H34:P34)-SUM($AL34:AT34)),2))) -> 0 | R34: =IF(R33+AB34-H34<=0.01,0,ROUND(R33+AB34-H34,2)) -> 0 | S34: =IF(S33+AC34-I34<=0.01,0,ROUND(S33+AC34-I34,2)) -> 0 | T34: =IF(T33+AD34-J34<=0.01,0,ROUND(T33+AD34-J34,2)) -> 0 | U34: =IF(U33+AE34-K34<=0.01,0,ROUND(U33+AE34-K34,2)) -> 0 | V34: =IF(V33+AF34-L34<=0.01,0,ROUND(V33+AF34-L34,2)) -> 0 | W34: =IF(W33+AG34-M34<=0.01,0,ROUND(W33+AG34-M34,2)) -> 0 | X34: =IF(X33+AH34-N34<=0.01,0,ROUND(X33+AH34-N34,2)) -> 0 | Y34: =IF(Y33+AI34-O34<=0.01,0,ROUND(Y33+AI34-O34,2)) -> 0 | ... AA34: =IF(AA33+AK34-Q34<=0.01,0,ROUND(AA33+AK34-Q34,2)) -> 0 | AB34: =ROUND(R33*AB$5/1200,2) -> 0 | AC34: =ROUND(S33*AC$5/1200,2) -> 0 | AD34: =ROUND(T33*AD$5/1200,2) -> 0 | AE34: =ROUND(U33*AE$5/1200,2) -> 0 | AF34: =ROUND(V33*AF$5/1200,2) -> 0 | AG34: =ROUND(W33*AG$5/1200,2) -> 0 | AH34: =ROUND(X33*AH$5/1200,2) -> 0 | AI34: =ROUND(Y33*AI$5/1200,2) -> 0 | ... AK34: =ROUND(AA33*AK$5/1200,2) -> 0 | AL34: =MIN(AL$5,R33+AB34) -> 0 | AM34: =MIN(AM$5,S33+AC34) -> 0 | AN34: =MIN(AN$5,T33+AD34) -> 0 | AO34: =MIN(AO$5,U33+AE34) -> 0 | AP34: =MIN(AP$5,V33+AF34) -> 0 | AQ34: =MIN(AQ$5,W33+AG34) -> 0 | AR34: =MIN(AR$5,X33+AH34) -> 0 | AS34: =MIN(AS$5,Y33+AI34) -> 0 | ... AU34: =MIN(AU$5,AA33+AK34) -> 0
A35: =IF(F34>0.005,30,"") | B35: =IF(A35="","",EDATE(Долги!$D$5,29)) | C35: =SUM(H35:Q35) -> 0 | D35: =SUM(AB35:AK35) -> 0 | E35: =C35-D35 -> 0 | F35: =SUM(R35:AA35) -> 0 | G35: =IF(OR(A35="",$F$5<=0),"",REPT("█",ROUND(20*F35/$F$5,0))) | H35: =AL35+MIN(R34+AB35-AL35,MAX(0,ROUND(Долги!$D$19-SUM($AL35:$AU35),2))) -> 0 | I35: =AM35+MIN(S34+AC35-AM35,MAX(0,ROUND(ROUND(Долги!$D$19-SUM($AL35:$AU35),2)-(SUM($H35:H35)-SUM($AL35:AL35)),2))) -> 0 | J35: =AN35+MIN(T34+AD35-AN35,MAX(0,ROUND(ROUND(Долги!$D$19-SUM($AL35:$AU35),2)-(SUM($H35:I35)-SUM($AL35:AM35)),2))) -> 0 | K35: =AO35+MIN(U34+AE35-AO35,MAX(0,ROUND(ROUND(Долги!$D$19-SUM($AL35:$AU35),2)-(SUM($H35:J35)-SUM($AL35:AN35)),2))) -> 0 | L35: =AP35+MIN(V34+AF35-AP35,MAX(0,ROUND(ROUND(Долги!$D$19-SUM($AL35:$AU35),2)-(SUM($H35:K35)-SUM($AL35:AO35)),2))) -> 0 | M35: =AQ35+MIN(W34+AG35-AQ35,MAX(0,ROUND(ROUND(Долги!$D$19-SUM($AL35:$AU35),2)-(SUM($H35:L35)-SUM($AL35:AP35)),2))) -> 0 | N35: =AR35+MIN(X34+AH35-AR35,MAX(0,ROUND(ROUND(Долги!$D$19-SUM($AL35:$AU35),2)-(SUM($H35:M35)-SUM($AL35:AQ35)),2))) -> 0 | O35: =AS35+MIN(Y34+AI35-AS35,MAX(0,ROUND(ROUND(Долги!$D$19-SUM($AL35:$AU35),2)-(SUM($H35:N35)-SUM($AL35:AR35)),2))) -> 0 | P35: =AT35+MIN(Z34+AJ35-AT35,MAX(0,ROUND(ROUND(Долги!$D$19-SUM($AL35:$AU35),2)-(SUM($H35:O35)-SUM($AL35:AS35)),2))) -> 0 | Q35: =AU35+MIN(AA34+AK35-AU35,MAX(0,ROUND(ROUND(Долги!$D$19-SUM($AL35:$AU35),2)-(SUM($H35:P35)-SUM($AL35:AT35)),2))) -> 0 | R35: =IF(R34+AB35-H35<=0.01,0,ROUND(R34+AB35-H35,2)) -> 0 | S35: =IF(S34+AC35-I35<=0.01,0,ROUND(S34+AC35-I35,2)) -> 0 | T35: =IF(T34+AD35-J35<=0.01,0,ROUND(T34+AD35-J35,2)) -> 0 | U35: =IF(U34+AE35-K35<=0.01,0,ROUND(U34+AE35-K35,2)) -> 0 | V35: =IF(V34+AF35-L35<=0.01,0,ROUND(V34+AF35-L35,2)) -> 0 | W35: =IF(W34+AG35-M35<=0.01,0,ROUND(W34+AG35-M35,2)) -> 0 | X35: =IF(X34+AH35-N35<=0.01,0,ROUND(X34+AH35-N35,2)) -> 0 | Y35: =IF(Y34+AI35-O35<=0.01,0,ROUND(Y34+AI35-O35,2)) -> 0 | ... AA35: =IF(AA34+AK35-Q35<=0.01,0,ROUND(AA34+AK35-Q35,2)) -> 0 | AB35: =ROUND(R34*AB$5/1200,2) -> 0 | AC35: =ROUND(S34*AC$5/1200,2) -> 0 | AD35: =ROUND(T34*AD$5/1200,2) -> 0 | AE35: =ROUND(U34*AE$5/1200,2) -> 0 | AF35: =ROUND(V34*AF$5/1200,2) -> 0 | AG35: =ROUND(W34*AG$5/1200,2) -> 0 | AH35: =ROUND(X34*AH$5/1200,2) -> 0 | AI35: =ROUND(Y34*AI$5/1200,2) -> 0 | ... AK35: =ROUND(AA34*AK$5/1200,2) -> 0 | AL35: =MIN(AL$5,R34+AB35) -> 0 | AM35: =MIN(AM$5,S34+AC35) -> 0 | AN35: =MIN(AN$5,T34+AD35) -> 0 | AO35: =MIN(AO$5,U34+AE35) -> 0 | AP35: =MIN(AP$5,V34+AF35) -> 0 | AQ35: =MIN(AQ$5,W34+AG35) -> 0 | AR35: =MIN(AR$5,X34+AH35) -> 0 | AS35: =MIN(AS$5,Y34+AI35) -> 0 | ... AU35: =MIN(AU$5,AA34+AK35) -> 0
A36: =IF(F35>0.005,31,"") | B36: =IF(A36="","",EDATE(Долги!$D$5,30)) | C36: =SUM(H36:Q36) -> 0 | D36: =SUM(AB36:AK36) -> 0 | E36: =C36-D36 -> 0 | F36: =SUM(R36:AA36) -> 0 | G36: =IF(OR(A36="",$F$5<=0),"",REPT("█",ROUND(20*F36/$F$5,0))) | H36: =AL36+MIN(R35+AB36-AL36,MAX(0,ROUND(Долги!$D$19-SUM($AL36:$AU36),2))) -> 0 | I36: =AM36+MIN(S35+AC36-AM36,MAX(0,ROUND(ROUND(Долги!$D$19-SUM($AL36:$AU36),2)-(SUM($H36:H36)-SUM($AL36:AL36)),2))) -> 0 | J36: =AN36+MIN(T35+AD36-AN36,MAX(0,ROUND(ROUND(Долги!$D$19-SUM($AL36:$AU36),2)-(SUM($H36:I36)-SUM($AL36:AM36)),2))) -> 0 | K36: =AO36+MIN(U35+AE36-AO36,MAX(0,ROUND(ROUND(Долги!$D$19-SUM($AL36:$AU36),2)-(SUM($H36:J36)-SUM($AL36:AN36)),2))) -> 0 | L36: =AP36+MIN(V35+AF36-AP36,MAX(0,ROUND(ROUND(Долги!$D$19-SUM($AL36:$AU36),2)-(SUM($H36:K36)-SUM($AL36:AO36)),2))) -> 0 | M36: =AQ36+MIN(W35+AG36-AQ36,MAX(0,ROUND(ROUND(Долги!$D$19-SUM($AL36:$AU36),2)-(SUM($H36:L36)-SUM($AL36:AP36)),2))) -> 0 | N36: =AR36+MIN(X35+AH36-AR36,MAX(0,ROUND(ROUND(Долги!$D$19-SUM($AL36:$AU36),2)-(SUM($H36:M36)-SUM($AL36:AQ36)),2))) -> 0 | O36: =AS36+MIN(Y35+AI36-AS36,MAX(0,ROUND(ROUND(Долги!$D$19-SUM($AL36:$AU36),2)-(SUM($H36:N36)-SUM($AL36:AR36)),2))) -> 0 | P36: =AT36+MIN(Z35+AJ36-AT36,MAX(0,ROUND(ROUND(Долги!$D$19-SUM($AL36:$AU36),2)-(SUM($H36:O36)-SUM($AL36:AS36)),2))) -> 0 | Q36: =AU36+MIN(AA35+AK36-AU36,MAX(0,ROUND(ROUND(Долги!$D$19-SUM($AL36:$AU36),2)-(SUM($H36:P36)-SUM($AL36:AT36)),2))) -> 0 | R36: =IF(R35+AB36-H36<=0.01,0,ROUND(R35+AB36-H36,2)) -> 0 | S36: =IF(S35+AC36-I36<=0.01,0,ROUND(S35+AC36-I36,2)) -> 0 | T36: =IF(T35+AD36-J36<=0.01,0,ROUND(T35+AD36-J36,2)) -> 0 | U36: =IF(U35+AE36-K36<=0.01,0,ROUND(U35+AE36-K36,2)) -> 0 | V36: =IF(V35+AF36-L36<=0.01,0,ROUND(V35+AF36-L36,2)) -> 0 | W36: =IF(W35+AG36-M36<=0.01,0,ROUND(W35+AG36-M36,2)) -> 0 | X36: =IF(X35+AH36-N36<=0.01,0,ROUND(X35+AH36-N36,2)) -> 0 | Y36: =IF(Y35+AI36-O36<=0.01,0,ROUND(Y35+AI36-O36,2)) -> 0 | ... AA36: =IF(AA35+AK36-Q36<=0.01,0,ROUND(AA35+AK36-Q36,2)) -> 0 | AB36: =ROUND(R35*AB$5/1200,2) -> 0 | AC36: =ROUND(S35*AC$5/1200,2) -> 0 | AD36: =ROUND(T35*AD$5/1200,2) -> 0 | AE36: =ROUND(U35*AE$5/1200,2) -> 0 | AF36: =ROUND(V35*AF$5/1200,2) -> 0 | AG36: =ROUND(W35*AG$5/1200,2) -> 0 | AH36: =ROUND(X35*AH$5/1200,2) -> 0 | AI36: =ROUND(Y35*AI$5/1200,2) -> 0 | ... AK36: =ROUND(AA35*AK$5/1200,2) -> 0 | AL36: =MIN(AL$5,R35+AB36) -> 0 | AM36: =MIN(AM$5,S35+AC36) -> 0 | AN36: =MIN(AN$5,T35+AD36) -> 0 | AO36: =MIN(AO$5,U35+AE36) -> 0 | AP36: =MIN(AP$5,V35+AF36) -> 0 | AQ36: =MIN(AQ$5,W35+AG36) -> 0 | AR36: =MIN(AR$5,X35+AH36) -> 0 | AS36: =MIN(AS$5,Y35+AI36) -> 0 | ... AU36: =MIN(AU$5,AA35+AK36) -> 0
A37: =IF(F36>0.005,32,"") | B37: =IF(A37="","",EDATE(Долги!$D$5,31)) | C37: =SUM(H37:Q37) -> 0 | D37: =SUM(AB37:AK37) -> 0 | E37: =C37-D37 -> 0 | F37: =SUM(R37:AA37) -> 0 | G37: =IF(OR(A37="",$F$5<=0),"",REPT("█",ROUND(20*F37/$F$5,0))) | H37: =AL37+MIN(R36+AB37-AL37,MAX(0,ROUND(Долги!$D$19-SUM($AL37:$AU37),2))) -> 0 | I37: =AM37+MIN(S36+AC37-AM37,MAX(0,ROUND(ROUND(Долги!$D$19-SUM($AL37:$AU37),2)-(SUM($H37:H37)-SUM($AL37:AL37)),2))) -> 0 | J37: =AN37+MIN(T36+AD37-AN37,MAX(0,ROUND(ROUND(Долги!$D$19-SUM($AL37:$AU37),2)-(SUM($H37:I37)-SUM($AL37:AM37)),2))) -> 0 | K37: =AO37+MIN(U36+AE37-AO37,MAX(0,ROUND(ROUND(Долги!$D$19-SUM($AL37:$AU37),2)-(SUM($H37:J37)-SUM($AL37:AN37)),2))) -> 0 | L37: =AP37+MIN(V36+AF37-AP37,MAX(0,ROUND(ROUND(Долги!$D$19-SUM($AL37:$AU37),2)-(SUM($H37:K37)-SUM($AL37:AO37)),2))) -> 0 | M37: =AQ37+MIN(W36+AG37-AQ37,MAX(0,ROUND(ROUND(Долги!$D$19-SUM($AL37:$AU37),2)-(SUM($H37:L37)-SUM($AL37:AP37)),2))) -> 0 | N37: =AR37+MIN(X36+AH37-AR37,MAX(0,ROUND(ROUND(Долги!$D$19-SUM($AL37:$AU37),2)-(SUM($H37:M37)-SUM($AL37:AQ37)),2))) -> 0 | O37: =AS37+MIN(Y36+AI37-AS37,MAX(0,ROUND(ROUND(Долги!$D$19-SUM($AL37:$AU37),2)-(SUM($H37:N37)-SUM($AL37:AR37)),2))) -> 0 | P37: =AT37+MIN(Z36+AJ37-AT37,MAX(0,ROUND(ROUND(Долги!$D$19-SUM($AL37:$AU37),2)-(SUM($H37:O37)-SUM($AL37:AS37)),2))) -> 0 | Q37: =AU37+MIN(AA36+AK37-AU37,MAX(0,ROUND(ROUND(Долги!$D$19-SUM($AL37:$AU37),2)-(SUM($H37:P37)-SUM($AL37:AT37)),2))) -> 0 | R37: =IF(R36+AB37-H37<=0.01,0,ROUND(R36+AB37-H37,2)) -> 0 | S37: =IF(S36+AC37-I37<=0.01,0,ROUND(S36+AC37-I37,2)) -> 0 | T37: =IF(T36+AD37-J37<=0.01,0,ROUND(T36+AD37-J37,2)) -> 0 | U37: =IF(U36+AE37-K37<=0.01,0,ROUND(U36+AE37-K37,2)) -> 0 | V37: =IF(V36+AF37-L37<=0.01,0,ROUND(V36+AF37-L37,2)) -> 0 | W37: =IF(W36+AG37-M37<=0.01,0,ROUND(W36+AG37-M37,2)) -> 0 | X37: =IF(X36+AH37-N37<=0.01,0,ROUND(X36+AH37-N37,2)) -> 0 | Y37: =IF(Y36+AI37-O37<=0.01,0,ROUND(Y36+AI37-O37,2)) -> 0 | ... AA37: =IF(AA36+AK37-Q37<=0.01,0,ROUND(AA36+AK37-Q37,2)) -> 0 | AB37: =ROUND(R36*AB$5/1200,2) -> 0 | AC37: =ROUND(S36*AC$5/1200,2) -> 0 | AD37: =ROUND(T36*AD$5/1200,2) -> 0 | AE37: =ROUND(U36*AE$5/1200,2) -> 0 | AF37: =ROUND(V36*AF$5/1200,2) -> 0 | AG37: =ROUND(W36*AG$5/1200,2) -> 0 | AH37: =ROUND(X36*AH$5/1200,2) -> 0 | AI37: =ROUND(Y36*AI$5/1200,2) -> 0 | ... AK37: =ROUND(AA36*AK$5/1200,2) -> 0 | AL37: =MIN(AL$5,R36+AB37) -> 0 | AM37: =MIN(AM$5,S36+AC37) -> 0 | AN37: =MIN(AN$5,T36+AD37) -> 0 | AO37: =MIN(AO$5,U36+AE37) -> 0 | AP37: =MIN(AP$5,V36+AF37) -> 0 | AQ37: =MIN(AQ$5,W36+AG37) -> 0 | AR37: =MIN(AR$5,X36+AH37) -> 0 | AS37: =MIN(AS$5,Y36+AI37) -> 0 | ... AU37: =MIN(AU$5,AA36+AK37) -> 0
A38: =IF(F37>0.005,33,"") | B38: =IF(A38="","",EDATE(Долги!$D$5,32)) | C38: =SUM(H38:Q38) -> 0 | D38: =SUM(AB38:AK38) -> 0 | E38: =C38-D38 -> 0 | F38: =SUM(R38:AA38) -> 0 | G38: =IF(OR(A38="",$F$5<=0),"",REPT("█",ROUND(20*F38/$F$5,0))) | H38: =AL38+MIN(R37+AB38-AL38,MAX(0,ROUND(Долги!$D$19-SUM($AL38:$AU38),2))) -> 0 | I38: =AM38+MIN(S37+AC38-AM38,MAX(0,ROUND(ROUND(Долги!$D$19-SUM($AL38:$AU38),2)-(SUM($H38:H38)-SUM($AL38:AL38)),2))) -> 0 | J38: =AN38+MIN(T37+AD38-AN38,MAX(0,ROUND(ROUND(Долги!$D$19-SUM($AL38:$AU38),2)-(SUM($H38:I38)-SUM($AL38:AM38)),2))) -> 0 | K38: =AO38+MIN(U37+AE38-AO38,MAX(0,ROUND(ROUND(Долги!$D$19-SUM($AL38:$AU38),2)-(SUM($H38:J38)-SUM($AL38:AN38)),2))) -> 0 | L38: =AP38+MIN(V37+AF38-AP38,MAX(0,ROUND(ROUND(Долги!$D$19-SUM($AL38:$AU38),2)-(SUM($H38:K38)-SUM($AL38:AO38)),2))) -> 0 | M38: =AQ38+MIN(W37+AG38-AQ38,MAX(0,ROUND(ROUND(Долги!$D$19-SUM($AL38:$AU38),2)-(SUM($H38:L38)-SUM($AL38:AP38)),2))) -> 0 | N38: =AR38+MIN(X37+AH38-AR38,MAX(0,ROUND(ROUND(Долги!$D$19-SUM($AL38:$AU38),2)-(SUM($H38:M38)-SUM($AL38:AQ38)),2))) -> 0 | O38: =AS38+MIN(Y37+AI38-AS38,MAX(0,ROUND(ROUND(Долги!$D$19-SUM($AL38:$AU38),2)-(SUM($H38:N38)-SUM($AL38:AR38)),2))) -> 0 | P38: =AT38+MIN(Z37+AJ38-AT38,MAX(0,ROUND(ROUND(Долги!$D$19-SUM($AL38:$AU38),2)-(SUM($H38:O38)-SUM($AL38:AS38)),2))) -> 0 | Q38: =AU38+MIN(AA37+AK38-AU38,MAX(0,ROUND(ROUND(Долги!$D$19-SUM($AL38:$AU38),2)-(SUM($H38:P38)-SUM($AL38:AT38)),2))) -> 0 | R38: =IF(R37+AB38-H38<=0.01,0,ROUND(R37+AB38-H38,2)) -> 0 | S38: =IF(S37+AC38-I38<=0.01,0,ROUND(S37+AC38-I38,2)) -> 0 | T38: =IF(T37+AD38-J38<=0.01,0,ROUND(T37+AD38-J38,2)) -> 0 | U38: =IF(U37+AE38-K38<=0.01,0,ROUND(U37+AE38-K38,2)) -> 0 | V38: =IF(V37+AF38-L38<=0.01,0,ROUND(V37+AF38-L38,2)) -> 0 | W38: =IF(W37+AG38-M38<=0.01,0,ROUND(W37+AG38-M38,2)) -> 0 | X38: =IF(X37+AH38-N38<=0.01,0,ROUND(X37+AH38-N38,2)) -> 0 | Y38: =IF(Y37+AI38-O38<=0.01,0,ROUND(Y37+AI38-O38,2)) -> 0 | ... AA38: =IF(AA37+AK38-Q38<=0.01,0,ROUND(AA37+AK38-Q38,2)) -> 0 | AB38: =ROUND(R37*AB$5/1200,2) -> 0 | AC38: =ROUND(S37*AC$5/1200,2) -> 0 | AD38: =ROUND(T37*AD$5/1200,2) -> 0 | AE38: =ROUND(U37*AE$5/1200,2) -> 0 | AF38: =ROUND(V37*AF$5/1200,2) -> 0 | AG38: =ROUND(W37*AG$5/1200,2) -> 0 | AH38: =ROUND(X37*AH$5/1200,2) -> 0 | AI38: =ROUND(Y37*AI$5/1200,2) -> 0 | ... AK38: =ROUND(AA37*AK$5/1200,2) -> 0 | AL38: =MIN(AL$5,R37+AB38) -> 0 | AM38: =MIN(AM$5,S37+AC38) -> 0 | AN38: =MIN(AN$5,T37+AD38) -> 0 | AO38: =MIN(AO$5,U37+AE38) -> 0 | AP38: =MIN(AP$5,V37+AF38) -> 0 | AQ38: =MIN(AQ$5,W37+AG38) -> 0 | AR38: =MIN(AR$5,X37+AH38) -> 0 | AS38: =MIN(AS$5,Y37+AI38) -> 0 | ... AU38: =MIN(AU$5,AA37+AK38) -> 0
A39: =IF(F38>0.005,34,"") | B39: =IF(A39="","",EDATE(Долги!$D$5,33)) | C39: =SUM(H39:Q39) -> 0 | D39: =SUM(AB39:AK39) -> 0 | E39: =C39-D39 -> 0 | F39: =SUM(R39:AA39) -> 0 | G39: =IF(OR(A39="",$F$5<=0),"",REPT("█",ROUND(20*F39/$F$5,0))) | H39: =AL39+MIN(R38+AB39-AL39,MAX(0,ROUND(Долги!$D$19-SUM($AL39:$AU39),2))) -> 0 | I39: =AM39+MIN(S38+AC39-AM39,MAX(0,ROUND(ROUND(Долги!$D$19-SUM($AL39:$AU39),2)-(SUM($H39:H39)-SUM($AL39:AL39)),2))) -> 0 | J39: =AN39+MIN(T38+AD39-AN39,MAX(0,ROUND(ROUND(Долги!$D$19-SUM($AL39:$AU39),2)-(SUM($H39:I39)-SUM($AL39:AM39)),2))) -> 0 | K39: =AO39+MIN(U38+AE39-AO39,MAX(0,ROUND(ROUND(Долги!$D$19-SUM($AL39:$AU39),2)-(SUM($H39:J39)-SUM($AL39:AN39)),2))) -> 0 | L39: =AP39+MIN(V38+AF39-AP39,MAX(0,ROUND(ROUND(Долги!$D$19-SUM($AL39:$AU39),2)-(SUM($H39:K39)-SUM($AL39:AO39)),2))) -> 0 | M39: =AQ39+MIN(W38+AG39-AQ39,MAX(0,ROUND(ROUND(Долги!$D$19-SUM($AL39:$AU39),2)-(SUM($H39:L39)-SUM($AL39:AP39)),2))) -> 0 | N39: =AR39+MIN(X38+AH39-AR39,MAX(0,ROUND(ROUND(Долги!$D$19-SUM($AL39:$AU39),2)-(SUM($H39:M39)-SUM($AL39:AQ39)),2))) -> 0 | O39: =AS39+MIN(Y38+AI39-AS39,MAX(0,ROUND(ROUND(Долги!$D$19-SUM($AL39:$AU39),2)-(SUM($H39:N39)-SUM($AL39:AR39)),2))) -> 0 | P39: =AT39+MIN(Z38+AJ39-AT39,MAX(0,ROUND(ROUND(Долги!$D$19-SUM($AL39:$AU39),2)-(SUM($H39:O39)-SUM($AL39:AS39)),2))) -> 0 | Q39: =AU39+MIN(AA38+AK39-AU39,MAX(0,ROUND(ROUND(Долги!$D$19-SUM($AL39:$AU39),2)-(SUM($H39:P39)-SUM($AL39:AT39)),2))) -> 0 | R39: =IF(R38+AB39-H39<=0.01,0,ROUND(R38+AB39-H39,2)) -> 0 | S39: =IF(S38+AC39-I39<=0.01,0,ROUND(S38+AC39-I39,2)) -> 0 | T39: =IF(T38+AD39-J39<=0.01,0,ROUND(T38+AD39-J39,2)) -> 0 | U39: =IF(U38+AE39-K39<=0.01,0,ROUND(U38+AE39-K39,2)) -> 0 | V39: =IF(V38+AF39-L39<=0.01,0,ROUND(V38+AF39-L39,2)) -> 0 | W39: =IF(W38+AG39-M39<=0.01,0,ROUND(W38+AG39-M39,2)) -> 0 | X39: =IF(X38+AH39-N39<=0.01,0,ROUND(X38+AH39-N39,2)) -> 0 | Y39: =IF(Y38+AI39-O39<=0.01,0,ROUND(Y38+AI39-O39,2)) -> 0 | ... AA39: =IF(AA38+AK39-Q39<=0.01,0,ROUND(AA38+AK39-Q39,2)) -> 0 | AB39: =ROUND(R38*AB$5/1200,2) -> 0 | AC39: =ROUND(S38*AC$5/1200,2) -> 0 | AD39: =ROUND(T38*AD$5/1200,2) -> 0 | AE39: =ROUND(U38*AE$5/1200,2) -> 0 | AF39: =ROUND(V38*AF$5/1200,2) -> 0 | AG39: =ROUND(W38*AG$5/1200,2) -> 0 | AH39: =ROUND(X38*AH$5/1200,2) -> 0 | AI39: =ROUND(Y38*AI$5/1200,2) -> 0 | ... AK39: =ROUND(AA38*AK$5/1200,2) -> 0 | AL39: =MIN(AL$5,R38+AB39) -> 0 | AM39: =MIN(AM$5,S38+AC39) -> 0 | AN39: =MIN(AN$5,T38+AD39) -> 0 | AO39: =MIN(AO$5,U38+AE39) -> 0 | AP39: =MIN(AP$5,V38+AF39) -> 0 | AQ39: =MIN(AQ$5,W38+AG39) -> 0 | AR39: =MIN(AR$5,X38+AH39) -> 0 | AS39: =MIN(AS$5,Y38+AI39) -> 0 | ... AU39: =MIN(AU$5,AA38+AK39) -> 0
A40: =IF(F39>0.005,35,"") | B40: =IF(A40="","",EDATE(Долги!$D$5,34)) | C40: =SUM(H40:Q40) -> 0 | D40: =SUM(AB40:AK40) -> 0 | E40: =C40-D40 -> 0 | F40: =SUM(R40:AA40) -> 0 | G40: =IF(OR(A40="",$F$5<=0),"",REPT("█",ROUND(20*F40/$F$5,0))) | H40: =AL40+MIN(R39+AB40-AL40,MAX(0,ROUND(Долги!$D$19-SUM($AL40:$AU40),2))) -> 0 | I40: =AM40+MIN(S39+AC40-AM40,MAX(0,ROUND(ROUND(Долги!$D$19-SUM($AL40:$AU40),2)-(SUM($H40:H40)-SUM($AL40:AL40)),2))) -> 0 | J40: =AN40+MIN(T39+AD40-AN40,MAX(0,ROUND(ROUND(Долги!$D$19-SUM($AL40:$AU40),2)-(SUM($H40:I40)-SUM($AL40:AM40)),2))) -> 0 | K40: =AO40+MIN(U39+AE40-AO40,MAX(0,ROUND(ROUND(Долги!$D$19-SUM($AL40:$AU40),2)-(SUM($H40:J40)-SUM($AL40:AN40)),2))) -> 0 | L40: =AP40+MIN(V39+AF40-AP40,MAX(0,ROUND(ROUND(Долги!$D$19-SUM($AL40:$AU40),2)-(SUM($H40:K40)-SUM($AL40:AO40)),2))) -> 0 | M40: =AQ40+MIN(W39+AG40-AQ40,MAX(0,ROUND(ROUND(Долги!$D$19-SUM($AL40:$AU40),2)-(SUM($H40:L40)-SUM($AL40:AP40)),2))) -> 0 | N40: =AR40+MIN(X39+AH40-AR40,MAX(0,ROUND(ROUND(Долги!$D$19-SUM($AL40:$AU40),2)-(SUM($H40:M40)-SUM($AL40:AQ40)),2))) -> 0 | O40: =AS40+MIN(Y39+AI40-AS40,MAX(0,ROUND(ROUND(Долги!$D$19-SUM($AL40:$AU40),2)-(SUM($H40:N40)-SUM($AL40:AR40)),2))) -> 0 | P40: =AT40+MIN(Z39+AJ40-AT40,MAX(0,ROUND(ROUND(Долги!$D$19-SUM($AL40:$AU40),2)-(SUM($H40:O40)-SUM($AL40:AS40)),2))) -> 0 | Q40: =AU40+MIN(AA39+AK40-AU40,MAX(0,ROUND(ROUND(Долги!$D$19-SUM($AL40:$AU40),2)-(SUM($H40:P40)-SUM($AL40:AT40)),2))) -> 0 | R40: =IF(R39+AB40-H40<=0.01,0,ROUND(R39+AB40-H40,2)) -> 0 | S40: =IF(S39+AC40-I40<=0.01,0,ROUND(S39+AC40-I40,2)) -> 0 | T40: =IF(T39+AD40-J40<=0.01,0,ROUND(T39+AD40-J40,2)) -> 0 | U40: =IF(U39+AE40-K40<=0.01,0,ROUND(U39+AE40-K40,2)) -> 0 | V40: =IF(V39+AF40-L40<=0.01,0,ROUND(V39+AF40-L40,2)) -> 0 | W40: =IF(W39+AG40-M40<=0.01,0,ROUND(W39+AG40-M40,2)) -> 0 | X40: =IF(X39+AH40-N40<=0.01,0,ROUND(X39+AH40-N40,2)) -> 0 | Y40: =IF(Y39+AI40-O40<=0.01,0,ROUND(Y39+AI40-O40,2)) -> 0 | ... AA40: =IF(AA39+AK40-Q40<=0.01,0,ROUND(AA39+AK40-Q40,2)) -> 0 | AB40: =ROUND(R39*AB$5/1200,2) -> 0 | AC40: =ROUND(S39*AC$5/1200,2) -> 0 | AD40: =ROUND(T39*AD$5/1200,2) -> 0 | AE40: =ROUND(U39*AE$5/1200,2) -> 0 | AF40: =ROUND(V39*AF$5/1200,2) -> 0 | AG40: =ROUND(W39*AG$5/1200,2) -> 0 | AH40: =ROUND(X39*AH$5/1200,2) -> 0 | AI40: =ROUND(Y39*AI$5/1200,2) -> 0 | ... AK40: =ROUND(AA39*AK$5/1200,2) -> 0 | AL40: =MIN(AL$5,R39+AB40) -> 0 | AM40: =MIN(AM$5,S39+AC40) -> 0 | AN40: =MIN(AN$5,T39+AD40) -> 0 | AO40: =MIN(AO$5,U39+AE40) -> 0 | AP40: =MIN(AP$5,V39+AF40) -> 0 | AQ40: =MIN(AQ$5,W39+AG40) -> 0 | AR40: =MIN(AR$5,X39+AH40) -> 0 | AS40: =MIN(AS$5,Y39+AI40) -> 0 | ... AU40: =MIN(AU$5,AA39+AK40) -> 0
A41: =IF(F40>0.005,36,"") | B41: =IF(A41="","",EDATE(Долги!$D$5,35)) | C41: =SUM(H41:Q41) -> 0 | D41: =SUM(AB41:AK41) -> 0 | E41: =C41-D41 -> 0 | F41: =SUM(R41:AA41) -> 0 | G41: =IF(OR(A41="",$F$5<=0),"",REPT("█",ROUND(20*F41/$F$5,0))) | H41: =AL41+MIN(R40+AB41-AL41,MAX(0,ROUND(Долги!$D$19-SUM($AL41:$AU41),2))) -> 0 | I41: =AM41+MIN(S40+AC41-AM41,MAX(0,ROUND(ROUND(Долги!$D$19-SUM($AL41:$AU41),2)-(SUM($H41:H41)-SUM($AL41:AL41)),2))) -> 0 | J41: =AN41+MIN(T40+AD41-AN41,MAX(0,ROUND(ROUND(Долги!$D$19-SUM($AL41:$AU41),2)-(SUM($H41:I41)-SUM($AL41:AM41)),2))) -> 0 | K41: =AO41+MIN(U40+AE41-AO41,MAX(0,ROUND(ROUND(Долги!$D$19-SUM($AL41:$AU41),2)-(SUM($H41:J41)-SUM($AL41:AN41)),2))) -> 0 | L41: =AP41+MIN(V40+AF41-AP41,MAX(0,ROUND(ROUND(Долги!$D$19-SUM($AL41:$AU41),2)-(SUM($H41:K41)-SUM($AL41:AO41)),2))) -> 0 | M41: =AQ41+MIN(W40+AG41-AQ41,MAX(0,ROUND(ROUND(Долги!$D$19-SUM($AL41:$AU41),2)-(SUM($H41:L41)-SUM($AL41:AP41)),2))) -> 0 | N41: =AR41+MIN(X40+AH41-AR41,MAX(0,ROUND(ROUND(Долги!$D$19-SUM($AL41:$AU41),2)-(SUM($H41:M41)-SUM($AL41:AQ41)),2))) -> 0 | O41: =AS41+MIN(Y40+AI41-AS41,MAX(0,ROUND(ROUND(Долги!$D$19-SUM($AL41:$AU41),2)-(SUM($H41:N41)-SUM($AL41:AR41)),2))) -> 0 | P41: =AT41+MIN(Z40+AJ41-AT41,MAX(0,ROUND(ROUND(Долги!$D$19-SUM($AL41:$AU41),2)-(SUM($H41:O41)-SUM($AL41:AS41)),2))) -> 0 | Q41: =AU41+MIN(AA40+AK41-AU41,MAX(0,ROUND(ROUND(Долги!$D$19-SUM($AL41:$AU41),2)-(SUM($H41:P41)-SUM($AL41:AT41)),2))) -> 0 | R41: =IF(R40+AB41-H41<=0.01,0,ROUND(R40+AB41-H41,2)) -> 0 | S41: =IF(S40+AC41-I41<=0.01,0,ROUND(S40+AC41-I41,2)) -> 0 | T41: =IF(T40+AD41-J41<=0.01,0,ROUND(T40+AD41-J41,2)) -> 0 | U41: =IF(U40+AE41-K41<=0.01,0,ROUND(U40+AE41-K41,2)) -> 0 | V41: =IF(V40+AF41-L41<=0.01,0,ROUND(V40+AF41-L41,2)) -> 0 | W41: =IF(W40+AG41-M41<=0.01,0,ROUND(W40+AG41-M41,2)) -> 0 | X41: =IF(X40+AH41-N41<=0.01,0,ROUND(X40+AH41-N41,2)) -> 0 | Y41: =IF(Y40+AI41-O41<=0.01,0,ROUND(Y40+AI41-O41,2)) -> 0 | ... AA41: =IF(AA40+AK41-Q41<=0.01,0,ROUND(AA40+AK41-Q41,2)) -> 0 | AB41: =ROUND(R40*AB$5/1200,2) -> 0 | AC41: =ROUND(S40*AC$5/1200,2) -> 0 | AD41: =ROUND(T40*AD$5/1200,2) -> 0 | AE41: =ROUND(U40*AE$5/1200,2) -> 0 | AF41: =ROUND(V40*AF$5/1200,2) -> 0 | AG41: =ROUND(W40*AG$5/1200,2) -> 0 | AH41: =ROUND(X40*AH$5/1200,2) -> 0 | AI41: =ROUND(Y40*AI$5/1200,2) -> 0 | ... AK41: =ROUND(AA40*AK$5/1200,2) -> 0 | AL41: =MIN(AL$5,R40+AB41) -> 0 | AM41: =MIN(AM$5,S40+AC41) -> 0 | AN41: =MIN(AN$5,T40+AD41) -> 0 | AO41: =MIN(AO$5,U40+AE41) -> 0 | AP41: =MIN(AP$5,V40+AF41) -> 0 | AQ41: =MIN(AQ$5,W40+AG41) -> 0 | AR41: =MIN(AR$5,X40+AH41) -> 0 | AS41: =MIN(AS$5,Y40+AI41) -> 0 | ... AU41: =MIN(AU$5,AA40+AK41) -> 0
A42: =IF(F41>0.005,37,"") | B42: =IF(A42="","",EDATE(Долги!$D$5,36)) | C42: =SUM(H42:Q42) -> 0 | D42: =SUM(AB42:AK42) -> 0 | E42: =C42-D42 -> 0 | F42: =SUM(R42:AA42) -> 0 | G42: =IF(OR(A42="",$F$5<=0),"",REPT("█",ROUND(20*F42/$F$5,0))) | H42: =AL42+MIN(R41+AB42-AL42,MAX(0,ROUND(Долги!$D$19-SUM($AL42:$AU42),2))) -> 0 | I42: =AM42+MIN(S41+AC42-AM42,MAX(0,ROUND(ROUND(Долги!$D$19-SUM($AL42:$AU42),2)-(SUM($H42:H42)-SUM($AL42:AL42)),2))) -> 0 | J42: =AN42+MIN(T41+AD42-AN42,MAX(0,ROUND(ROUND(Долги!$D$19-SUM($AL42:$AU42),2)-(SUM($H42:I42)-SUM($AL42:AM42)),2))) -> 0 | K42: =AO42+MIN(U41+AE42-AO42,MAX(0,ROUND(ROUND(Долги!$D$19-SUM($AL42:$AU42),2)-(SUM($H42:J42)-SUM($AL42:AN42)),2))) -> 0 | L42: =AP42+MIN(V41+AF42-AP42,MAX(0,ROUND(ROUND(Долги!$D$19-SUM($AL42:$AU42),2)-(SUM($H42:K42)-SUM($AL42:AO42)),2))) -> 0 | M42: =AQ42+MIN(W41+AG42-AQ42,MAX(0,ROUND(ROUND(Долги!$D$19-SUM($AL42:$AU42),2)-(SUM($H42:L42)-SUM($AL42:AP42)),2))) -> 0 | N42: =AR42+MIN(X41+AH42-AR42,MAX(0,ROUND(ROUND(Долги!$D$19-SUM($AL42:$AU42),2)-(SUM($H42:M42)-SUM($AL42:AQ42)),2))) -> 0 | O42: =AS42+MIN(Y41+AI42-AS42,MAX(0,ROUND(ROUND(Долги!$D$19-SUM($AL42:$AU42),2)-(SUM($H42:N42)-SUM($AL42:AR42)),2))) -> 0 | P42: =AT42+MIN(Z41+AJ42-AT42,MAX(0,ROUND(ROUND(Долги!$D$19-SUM($AL42:$AU42),2)-(SUM($H42:O42)-SUM($AL42:AS42)),2))) -> 0 | Q42: =AU42+MIN(AA41+AK42-AU42,MAX(0,ROUND(ROUND(Долги!$D$19-SUM($AL42:$AU42),2)-(SUM($H42:P42)-SUM($AL42:AT42)),2))) -> 0 | R42: =IF(R41+AB42-H42<=0.01,0,ROUND(R41+AB42-H42,2)) -> 0 | S42: =IF(S41+AC42-I42<=0.01,0,ROUND(S41+AC42-I42,2)) -> 0 | T42: =IF(T41+AD42-J42<=0.01,0,ROUND(T41+AD42-J42,2)) -> 0 | U42: =IF(U41+AE42-K42<=0.01,0,ROUND(U41+AE42-K42,2)) -> 0 | V42: =IF(V41+AF42-L42<=0.01,0,ROUND(V41+AF42-L42,2)) -> 0 | W42: =IF(W41+AG42-M42<=0.01,0,ROUND(W41+AG42-M42,2)) -> 0 | X42: =IF(X41+AH42-N42<=0.01,0,ROUND(X41+AH42-N42,2)) -> 0 | Y42: =IF(Y41+AI42-O42<=0.01,0,ROUND(Y41+AI42-O42,2)) -> 0 | ... AA42: =IF(AA41+AK42-Q42<=0.01,0,ROUND(AA41+AK42-Q42,2)) -> 0 | AB42: =ROUND(R41*AB$5/1200,2) -> 0 | AC42: =ROUND(S41*AC$5/1200,2) -> 0 | AD42: =ROUND(T41*AD$5/1200,2) -> 0 | AE42: =ROUND(U41*AE$5/1200,2) -> 0 | AF42: =ROUND(V41*AF$5/1200,2) -> 0 | AG42: =ROUND(W41*AG$5/1200,2) -> 0 | AH42: =ROUND(X41*AH$5/1200,2) -> 0 | AI42: =ROUND(Y41*AI$5/1200,2) -> 0 | ... AK42: =ROUND(AA41*AK$5/1200,2) -> 0 | AL42: =MIN(AL$5,R41+AB42) -> 0 | AM42: =MIN(AM$5,S41+AC42) -> 0 | AN42: =MIN(AN$5,T41+AD42) -> 0 | AO42: =MIN(AO$5,U41+AE42) -> 0 | AP42: =MIN(AP$5,V41+AF42) -> 0 | AQ42: =MIN(AQ$5,W41+AG42) -> 0 | AR42: =MIN(AR$5,X41+AH42) -> 0 | AS42: =MIN(AS$5,Y41+AI42) -> 0 | ... AU42: =MIN(AU$5,AA41+AK42) -> 0
A43: =IF(F42>0.005,38,"") | B43: =IF(A43="","",EDATE(Долги!$D$5,37)) | C43: =SUM(H43:Q43) -> 0 | D43: =SUM(AB43:AK43) -> 0 | E43: =C43-D43 -> 0 | F43: =SUM(R43:AA43) -> 0 | G43: =IF(OR(A43="",$F$5<=0),"",REPT("█",ROUND(20*F43/$F$5,0))) | H43: =AL43+MIN(R42+AB43-AL43,MAX(0,ROUND(Долги!$D$19-SUM($AL43:$AU43),2))) -> 0 | I43: =AM43+MIN(S42+AC43-AM43,MAX(0,ROUND(ROUND(Долги!$D$19-SUM($AL43:$AU43),2)-(SUM($H43:H43)-SUM($AL43:AL43)),2))) -> 0 | J43: =AN43+MIN(T42+AD43-AN43,MAX(0,ROUND(ROUND(Долги!$D$19-SUM($AL43:$AU43),2)-(SUM($H43:I43)-SUM($AL43:AM43)),2))) -> 0 | K43: =AO43+MIN(U42+AE43-AO43,MAX(0,ROUND(ROUND(Долги!$D$19-SUM($AL43:$AU43),2)-(SUM($H43:J43)-SUM($AL43:AN43)),2))) -> 0 | L43: =AP43+MIN(V42+AF43-AP43,MAX(0,ROUND(ROUND(Долги!$D$19-SUM($AL43:$AU43),2)-(SUM($H43:K43)-SUM($AL43:AO43)),2))) -> 0 | M43: =AQ43+MIN(W42+AG43-AQ43,MAX(0,ROUND(ROUND(Долги!$D$19-SUM($AL43:$AU43),2)-(SUM($H43:L43)-SUM($AL43:AP43)),2))) -> 0 | N43: =AR43+MIN(X42+AH43-AR43,MAX(0,ROUND(ROUND(Долги!$D$19-SUM($AL43:$AU43),2)-(SUM($H43:M43)-SUM($AL43:AQ43)),2))) -> 0 | O43: =AS43+MIN(Y42+AI43-AS43,MAX(0,ROUND(ROUND(Долги!$D$19-SUM($AL43:$AU43),2)-(SUM($H43:N43)-SUM($AL43:AR43)),2))) -> 0 | P43: =AT43+MIN(Z42+AJ43-AT43,MAX(0,ROUND(ROUND(Долги!$D$19-SUM($AL43:$AU43),2)-(SUM($H43:O43)-SUM($AL43:AS43)),2))) -> 0 | Q43: =AU43+MIN(AA42+AK43-AU43,MAX(0,ROUND(ROUND(Долги!$D$19-SUM($AL43:$AU43),2)-(SUM($H43:P43)-SUM($AL43:AT43)),2))) -> 0 | R43: =IF(R42+AB43-H43<=0.01,0,ROUND(R42+AB43-H43,2)) -> 0 | S43: =IF(S42+AC43-I43<=0.01,0,ROUND(S42+AC43-I43,2)) -> 0 | T43: =IF(T42+AD43-J43<=0.01,0,ROUND(T42+AD43-J43,2)) -> 0 | U43: =IF(U42+AE43-K43<=0.01,0,ROUND(U42+AE43-K43,2)) -> 0 | V43: =IF(V42+AF43-L43<=0.01,0,ROUND(V42+AF43-L43,2)) -> 0 | W43: =IF(W42+AG43-M43<=0.01,0,ROUND(W42+AG43-M43,2)) -> 0 | X43: =IF(X42+AH43-N43<=0.01,0,ROUND(X42+AH43-N43,2)) -> 0 | Y43: =IF(Y42+AI43-O43<=0.01,0,ROUND(Y42+AI43-O43,2)) -> 0 | ... AA43: =IF(AA42+AK43-Q43<=0.01,0,ROUND(AA42+AK43-Q43,2)) -> 0 | AB43: =ROUND(R42*AB$5/1200,2) -> 0 | AC43: =ROUND(S42*AC$5/1200,2) -> 0 | AD43: =ROUND(T42*AD$5/1200,2) -> 0 | AE43: =ROUND(U42*AE$5/1200,2) -> 0 | AF43: =ROUND(V42*AF$5/1200,2) -> 0 | AG43: =ROUND(W42*AG$5/1200,2) -> 0 | AH43: =ROUND(X42*AH$5/1200,2) -> 0 | AI43: =ROUND(Y42*AI$5/1200,2) -> 0 | ... AK43: =ROUND(AA42*AK$5/1200,2) -> 0 | AL43: =MIN(AL$5,R42+AB43) -> 0 | AM43: =MIN(AM$5,S42+AC43) -> 0 | AN43: =MIN(AN$5,T42+AD43) -> 0 | AO43: =MIN(AO$5,U42+AE43) -> 0 | AP43: =MIN(AP$5,V42+AF43) -> 0 | AQ43: =MIN(AQ$5,W42+AG43) -> 0 | AR43: =MIN(AR$5,X42+AH43) -> 0 | AS43: =MIN(AS$5,Y42+AI43) -> 0 | ... AU43: =MIN(AU$5,AA42+AK43) -> 0
A44: =IF(F43>0.005,39,"") | B44: =IF(A44="","",EDATE(Долги!$D$5,38)) | C44: =SUM(H44:Q44) -> 0 | D44: =SUM(AB44:AK44) -> 0 | E44: =C44-D44 -> 0 | F44: =SUM(R44:AA44) -> 0 | G44: =IF(OR(A44="",$F$5<=0),"",REPT("█",ROUND(20*F44/$F$5,0))) | H44: =AL44+MIN(R43+AB44-AL44,MAX(0,ROUND(Долги!$D$19-SUM($AL44:$AU44),2))) -> 0 | I44: =AM44+MIN(S43+AC44-AM44,MAX(0,ROUND(ROUND(Долги!$D$19-SUM($AL44:$AU44),2)-(SUM($H44:H44)-SUM($AL44:AL44)),2))) -> 0 | J44: =AN44+MIN(T43+AD44-AN44,MAX(0,ROUND(ROUND(Долги!$D$19-SUM($AL44:$AU44),2)-(SUM($H44:I44)-SUM($AL44:AM44)),2))) -> 0 | K44: =AO44+MIN(U43+AE44-AO44,MAX(0,ROUND(ROUND(Долги!$D$19-SUM($AL44:$AU44),2)-(SUM($H44:J44)-SUM($AL44:AN44)),2))) -> 0 | L44: =AP44+MIN(V43+AF44-AP44,MAX(0,ROUND(ROUND(Долги!$D$19-SUM($AL44:$AU44),2)-(SUM($H44:K44)-SUM($AL44:AO44)),2))) -> 0 | M44: =AQ44+MIN(W43+AG44-AQ44,MAX(0,ROUND(ROUND(Долги!$D$19-SUM($AL44:$AU44),2)-(SUM($H44:L44)-SUM($AL44:AP44)),2))) -> 0 | N44: =AR44+MIN(X43+AH44-AR44,MAX(0,ROUND(ROUND(Долги!$D$19-SUM($AL44:$AU44),2)-(SUM($H44:M44)-SUM($AL44:AQ44)),2))) -> 0 | O44: =AS44+MIN(Y43+AI44-AS44,MAX(0,ROUND(ROUND(Долги!$D$19-SUM($AL44:$AU44),2)-(SUM($H44:N44)-SUM($AL44:AR44)),2))) -> 0 | P44: =AT44+MIN(Z43+AJ44-AT44,MAX(0,ROUND(ROUND(Долги!$D$19-SUM($AL44:$AU44),2)-(SUM($H44:O44)-SUM($AL44:AS44)),2))) -> 0 | Q44: =AU44+MIN(AA43+AK44-AU44,MAX(0,ROUND(ROUND(Долги!$D$19-SUM($AL44:$AU44),2)-(SUM($H44:P44)-SUM($AL44:AT44)),2))) -> 0 | R44: =IF(R43+AB44-H44<=0.01,0,ROUND(R43+AB44-H44,2)) -> 0 | S44: =IF(S43+AC44-I44<=0.01,0,ROUND(S43+AC44-I44,2)) -> 0 | T44: =IF(T43+AD44-J44<=0.01,0,ROUND(T43+AD44-J44,2)) -> 0 | U44: =IF(U43+AE44-K44<=0.01,0,ROUND(U43+AE44-K44,2)) -> 0 | V44: =IF(V43+AF44-L44<=0.01,0,ROUND(V43+AF44-L44,2)) -> 0 | W44: =IF(W43+AG44-M44<=0.01,0,ROUND(W43+AG44-M44,2)) -> 0 | X44: =IF(X43+AH44-N44<=0.01,0,ROUND(X43+AH44-N44,2)) -> 0 | Y44: =IF(Y43+AI44-O44<=0.01,0,ROUND(Y43+AI44-O44,2)) -> 0 | ... AA44: =IF(AA43+AK44-Q44<=0.01,0,ROUND(AA43+AK44-Q44,2)) -> 0 | AB44: =ROUND(R43*AB$5/1200,2) -> 0 | AC44: =ROUND(S43*AC$5/1200,2) -> 0 | AD44: =ROUND(T43*AD$5/1200,2) -> 0 | AE44: =ROUND(U43*AE$5/1200,2) -> 0 | AF44: =ROUND(V43*AF$5/1200,2) -> 0 | AG44: =ROUND(W43*AG$5/1200,2) -> 0 | AH44: =ROUND(X43*AH$5/1200,2) -> 0 | AI44: =ROUND(Y43*AI$5/1200,2) -> 0 | ... AK44: =ROUND(AA43*AK$5/1200,2) -> 0 | AL44: =MIN(AL$5,R43+AB44) -> 0 | AM44: =MIN(AM$5,S43+AC44) -> 0 | AN44: =MIN(AN$5,T43+AD44) -> 0 | AO44: =MIN(AO$5,U43+AE44) -> 0 | AP44: =MIN(AP$5,V43+AF44) -> 0 | AQ44: =MIN(AQ$5,W43+AG44) -> 0 | AR44: =MIN(AR$5,X43+AH44) -> 0 | AS44: =MIN(AS$5,Y43+AI44) -> 0 | ... AU44: =MIN(AU$5,AA43+AK44) -> 0
A45: =IF(F44>0.005,40,"") | B45: =IF(A45="","",EDATE(Долги!$D$5,39)) | C45: =SUM(H45:Q45) -> 0 | D45: =SUM(AB45:AK45) -> 0 | E45: =C45-D45 -> 0 | F45: =SUM(R45:AA45) -> 0 | G45: =IF(OR(A45="",$F$5<=0),"",REPT("█",ROUND(20*F45/$F$5,0))) | H45: =AL45+MIN(R44+AB45-AL45,MAX(0,ROUND(Долги!$D$19-SUM($AL45:$AU45),2))) -> 0 | I45: =AM45+MIN(S44+AC45-AM45,MAX(0,ROUND(ROUND(Долги!$D$19-SUM($AL45:$AU45),2)-(SUM($H45:H45)-SUM($AL45:AL45)),2))) -> 0 | J45: =AN45+MIN(T44+AD45-AN45,MAX(0,ROUND(ROUND(Долги!$D$19-SUM($AL45:$AU45),2)-(SUM($H45:I45)-SUM($AL45:AM45)),2))) -> 0 | K45: =AO45+MIN(U44+AE45-AO45,MAX(0,ROUND(ROUND(Долги!$D$19-SUM($AL45:$AU45),2)-(SUM($H45:J45)-SUM($AL45:AN45)),2))) -> 0 | L45: =AP45+MIN(V44+AF45-AP45,MAX(0,ROUND(ROUND(Долги!$D$19-SUM($AL45:$AU45),2)-(SUM($H45:K45)-SUM($AL45:AO45)),2))) -> 0 | M45: =AQ45+MIN(W44+AG45-AQ45,MAX(0,ROUND(ROUND(Долги!$D$19-SUM($AL45:$AU45),2)-(SUM($H45:L45)-SUM($AL45:AP45)),2))) -> 0 | N45: =AR45+MIN(X44+AH45-AR45,MAX(0,ROUND(ROUND(Долги!$D$19-SUM($AL45:$AU45),2)-(SUM($H45:M45)-SUM($AL45:AQ45)),2))) -> 0 | O45: =AS45+MIN(Y44+AI45-AS45,MAX(0,ROUND(ROUND(Долги!$D$19-SUM($AL45:$AU45),2)-(SUM($H45:N45)-SUM($AL45:AR45)),2))) -> 0 | P45: =AT45+MIN(Z44+AJ45-AT45,MAX(0,ROUND(ROUND(Долги!$D$19-SUM($AL45:$AU45),2)-(SUM($H45:O45)-SUM($AL45:AS45)),2))) -> 0 | Q45: =AU45+MIN(AA44+AK45-AU45,MAX(0,ROUND(ROUND(Долги!$D$19-SUM($AL45:$AU45),2)-(SUM($H45:P45)-SUM($AL45:AT45)),2))) -> 0 | R45: =IF(R44+AB45-H45<=0.01,0,ROUND(R44+AB45-H45,2)) -> 0 | S45: =IF(S44+AC45-I45<=0.01,0,ROUND(S44+AC45-I45,2)) -> 0 | T45: =IF(T44+AD45-J45<=0.01,0,ROUND(T44+AD45-J45,2)) -> 0 | U45: =IF(U44+AE45-K45<=0.01,0,ROUND(U44+AE45-K45,2)) -> 0 | V45: =IF(V44+AF45-L45<=0.01,0,ROUND(V44+AF45-L45,2)) -> 0 | W45: =IF(W44+AG45-M45<=0.01,0,ROUND(W44+AG45-M45,2)) -> 0 | X45: =IF(X44+AH45-N45<=0.01,0,ROUND(X44+AH45-N45,2)) -> 0 | Y45: =IF(Y44+AI45-O45<=0.01,0,ROUND(Y44+AI45-O45,2)) -> 0 | ... AA45: =IF(AA44+AK45-Q45<=0.01,0,ROUND(AA44+AK45-Q45,2)) -> 0 | AB45: =ROUND(R44*AB$5/1200,2) -> 0 | AC45: =ROUND(S44*AC$5/1200,2) -> 0 | AD45: =ROUND(T44*AD$5/1200,2) -> 0 | AE45: =ROUND(U44*AE$5/1200,2) -> 0 | AF45: =ROUND(V44*AF$5/1200,2) -> 0 | AG45: =ROUND(W44*AG$5/1200,2) -> 0 | AH45: =ROUND(X44*AH$5/1200,2) -> 0 | AI45: =ROUND(Y44*AI$5/1200,2) -> 0 | ... AK45: =ROUND(AA44*AK$5/1200,2) -> 0 | AL45: =MIN(AL$5,R44+AB45) -> 0 | AM45: =MIN(AM$5,S44+AC45) -> 0 | AN45: =MIN(AN$5,T44+AD45) -> 0 | AO45: =MIN(AO$5,U44+AE45) -> 0 | AP45: =MIN(AP$5,V44+AF45) -> 0 | AQ45: =MIN(AQ$5,W44+AG45) -> 0 | AR45: =MIN(AR$5,X44+AH45) -> 0 | AS45: =MIN(AS$5,Y44+AI45) -> 0 | ... AU45: =MIN(AU$5,AA44+AK45) -> 0
A46: =IF(F45>0.005,41,"") | B46: =IF(A46="","",EDATE(Долги!$D$5,40)) | C46: =SUM(H46:Q46) -> 0 | D46: =SUM(AB46:AK46) -> 0 | E46: =C46-D46 -> 0 | F46: =SUM(R46:AA46) -> 0 | G46: =IF(OR(A46="",$F$5<=0),"",REPT("█",ROUND(20*F46/$F$5,0))) | H46: =AL46+MIN(R45+AB46-AL46,MAX(0,ROUND(Долги!$D$19-SUM($AL46:$AU46),2))) -> 0 | I46: =AM46+MIN(S45+AC46-AM46,MAX(0,ROUND(ROUND(Долги!$D$19-SUM($AL46:$AU46),2)-(SUM($H46:H46)-SUM($AL46:AL46)),2))) -> 0 | J46: =AN46+MIN(T45+AD46-AN46,MAX(0,ROUND(ROUND(Долги!$D$19-SUM($AL46:$AU46),2)-(SUM($H46:I46)-SUM($AL46:AM46)),2))) -> 0 | K46: =AO46+MIN(U45+AE46-AO46,MAX(0,ROUND(ROUND(Долги!$D$19-SUM($AL46:$AU46),2)-(SUM($H46:J46)-SUM($AL46:AN46)),2))) -> 0 | L46: =AP46+MIN(V45+AF46-AP46,MAX(0,ROUND(ROUND(Долги!$D$19-SUM($AL46:$AU46),2)-(SUM($H46:K46)-SUM($AL46:AO46)),2))) -> 0 | M46: =AQ46+MIN(W45+AG46-AQ46,MAX(0,ROUND(ROUND(Долги!$D$19-SUM($AL46:$AU46),2)-(SUM($H46:L46)-SUM($AL46:AP46)),2))) -> 0 | N46: =AR46+MIN(X45+AH46-AR46,MAX(0,ROUND(ROUND(Долги!$D$19-SUM($AL46:$AU46),2)-(SUM($H46:M46)-SUM($AL46:AQ46)),2))) -> 0 | O46: =AS46+MIN(Y45+AI46-AS46,MAX(0,ROUND(ROUND(Долги!$D$19-SUM($AL46:$AU46),2)-(SUM($H46:N46)-SUM($AL46:AR46)),2))) -> 0 | P46: =AT46+MIN(Z45+AJ46-AT46,MAX(0,ROUND(ROUND(Долги!$D$19-SUM($AL46:$AU46),2)-(SUM($H46:O46)-SUM($AL46:AS46)),2))) -> 0 | Q46: =AU46+MIN(AA45+AK46-AU46,MAX(0,ROUND(ROUND(Долги!$D$19-SUM($AL46:$AU46),2)-(SUM($H46:P46)-SUM($AL46:AT46)),2))) -> 0 | R46: =IF(R45+AB46-H46<=0.01,0,ROUND(R45+AB46-H46,2)) -> 0 | S46: =IF(S45+AC46-I46<=0.01,0,ROUND(S45+AC46-I46,2)) -> 0 | T46: =IF(T45+AD46-J46<=0.01,0,ROUND(T45+AD46-J46,2)) -> 0 | U46: =IF(U45+AE46-K46<=0.01,0,ROUND(U45+AE46-K46,2)) -> 0 | V46: =IF(V45+AF46-L46<=0.01,0,ROUND(V45+AF46-L46,2)) -> 0 | W46: =IF(W45+AG46-M46<=0.01,0,ROUND(W45+AG46-M46,2)) -> 0 | X46: =IF(X45+AH46-N46<=0.01,0,ROUND(X45+AH46-N46,2)) -> 0 | Y46: =IF(Y45+AI46-O46<=0.01,0,ROUND(Y45+AI46-O46,2)) -> 0 | ... AA46: =IF(AA45+AK46-Q46<=0.01,0,ROUND(AA45+AK46-Q46,2)) -> 0 | AB46: =ROUND(R45*AB$5/1200,2) -> 0 | AC46: =ROUND(S45*AC$5/1200,2) -> 0 | AD46: =ROUND(T45*AD$5/1200,2) -> 0 | AE46: =ROUND(U45*AE$5/1200,2) -> 0 | AF46: =ROUND(V45*AF$5/1200,2) -> 0 | AG46: =ROUND(W45*AG$5/1200,2) -> 0 | AH46: =ROUND(X45*AH$5/1200,2) -> 0 | AI46: =ROUND(Y45*AI$5/1200,2) -> 0 | ... AK46: =ROUND(AA45*AK$5/1200,2) -> 0 | AL46: =MIN(AL$5,R45+AB46) -> 0 | AM46: =MIN(AM$5,S45+AC46) -> 0 | AN46: =MIN(AN$5,T45+AD46) -> 0 | AO46: =MIN(AO$5,U45+AE46) -> 0 | AP46: =MIN(AP$5,V45+AF46) -> 0 | AQ46: =MIN(AQ$5,W45+AG46) -> 0 | AR46: =MIN(AR$5,X45+AH46) -> 0 | AS46: =MIN(AS$5,Y45+AI46) -> 0 | ... AU46: =MIN(AU$5,AA45+AK46) -> 0
A47: =IF(F46>0.005,42,"") | B47: =IF(A47="","",EDATE(Долги!$D$5,41)) | C47: =SUM(H47:Q47) -> 0 | D47: =SUM(AB47:AK47) -> 0 | E47: =C47-D47 -> 0 | F47: =SUM(R47:AA47) -> 0 | G47: =IF(OR(A47="",$F$5<=0),"",REPT("█",ROUND(20*F47/$F$5,0))) | H47: =AL47+MIN(R46+AB47-AL47,MAX(0,ROUND(Долги!$D$19-SUM($AL47:$AU47),2))) -> 0 | I47: =AM47+MIN(S46+AC47-AM47,MAX(0,ROUND(ROUND(Долги!$D$19-SUM($AL47:$AU47),2)-(SUM($H47:H47)-SUM($AL47:AL47)),2))) -> 0 | J47: =AN47+MIN(T46+AD47-AN47,MAX(0,ROUND(ROUND(Долги!$D$19-SUM($AL47:$AU47),2)-(SUM($H47:I47)-SUM($AL47:AM47)),2))) -> 0 | K47: =AO47+MIN(U46+AE47-AO47,MAX(0,ROUND(ROUND(Долги!$D$19-SUM($AL47:$AU47),2)-(SUM($H47:J47)-SUM($AL47:AN47)),2))) -> 0 | L47: =AP47+MIN(V46+AF47-AP47,MAX(0,ROUND(ROUND(Долги!$D$19-SUM($AL47:$AU47),2)-(SUM($H47:K47)-SUM($AL47:AO47)),2))) -> 0 | M47: =AQ47+MIN(W46+AG47-AQ47,MAX(0,ROUND(ROUND(Долги!$D$19-SUM($AL47:$AU47),2)-(SUM($H47:L47)-SUM($AL47:AP47)),2))) -> 0 | N47: =AR47+MIN(X46+AH47-AR47,MAX(0,ROUND(ROUND(Долги!$D$19-SUM($AL47:$AU47),2)-(SUM($H47:M47)-SUM($AL47:AQ47)),2))) -> 0 | O47: =AS47+MIN(Y46+AI47-AS47,MAX(0,ROUND(ROUND(Долги!$D$19-SUM($AL47:$AU47),2)-(SUM($H47:N47)-SUM($AL47:AR47)),2))) -> 0 | P47: =AT47+MIN(Z46+AJ47-AT47,MAX(0,ROUND(ROUND(Долги!$D$19-SUM($AL47:$AU47),2)-(SUM($H47:O47)-SUM($AL47:AS47)),2))) -> 0 | Q47: =AU47+MIN(AA46+AK47-AU47,MAX(0,ROUND(ROUND(Долги!$D$19-SUM($AL47:$AU47),2)-(SUM($H47:P47)-SUM($AL47:AT47)),2))) -> 0 | R47: =IF(R46+AB47-H47<=0.01,0,ROUND(R46+AB47-H47,2)) -> 0 | S47: =IF(S46+AC47-I47<=0.01,0,ROUND(S46+AC47-I47,2)) -> 0 | T47: =IF(T46+AD47-J47<=0.01,0,ROUND(T46+AD47-J47,2)) -> 0 | U47: =IF(U46+AE47-K47<=0.01,0,ROUND(U46+AE47-K47,2)) -> 0 | V47: =IF(V46+AF47-L47<=0.01,0,ROUND(V46+AF47-L47,2)) -> 0 | W47: =IF(W46+AG47-M47<=0.01,0,ROUND(W46+AG47-M47,2)) -> 0 | X47: =IF(X46+AH47-N47<=0.01,0,ROUND(X46+AH47-N47,2)) -> 0 | Y47: =IF(Y46+AI47-O47<=0.01,0,ROUND(Y46+AI47-O47,2)) -> 0 | ... AA47: =IF(AA46+AK47-Q47<=0.01,0,ROUND(AA46+AK47-Q47,2)) -> 0 | AB47: =ROUND(R46*AB$5/1200,2) -> 0 | AC47: =ROUND(S46*AC$5/1200,2) -> 0 | AD47: =ROUND(T46*AD$5/1200,2) -> 0 | AE47: =ROUND(U46*AE$5/1200,2) -> 0 | AF47: =ROUND(V46*AF$5/1200,2) -> 0 | AG47: =ROUND(W46*AG$5/1200,2) -> 0 | AH47: =ROUND(X46*AH$5/1200,2) -> 0 | AI47: =ROUND(Y46*AI$5/1200,2) -> 0 | ... AK47: =ROUND(AA46*AK$5/1200,2) -> 0 | AL47: =MIN(AL$5,R46+AB47) -> 0 | AM47: =MIN(AM$5,S46+AC47) -> 0 | AN47: =MIN(AN$5,T46+AD47) -> 0 | AO47: =MIN(AO$5,U46+AE47) -> 0 | AP47: =MIN(AP$5,V46+AF47) -> 0 | AQ47: =MIN(AQ$5,W46+AG47) -> 0 | AR47: =MIN(AR$5,X46+AH47) -> 0 | AS47: =MIN(AS$5,Y46+AI47) -> 0 | ... AU47: =MIN(AU$5,AA46+AK47) -> 0
A48: =IF(F47>0.005,43,"") | B48: =IF(A48="","",EDATE(Долги!$D$5,42)) | C48: =SUM(H48:Q48) -> 0 | D48: =SUM(AB48:AK48) -> 0 | E48: =C48-D48 -> 0 | F48: =SUM(R48:AA48) -> 0 | G48: =IF(OR(A48="",$F$5<=0),"",REPT("█",ROUND(20*F48/$F$5,0))) | H48: =AL48+MIN(R47+AB48-AL48,MAX(0,ROUND(Долги!$D$19-SUM($AL48:$AU48),2))) -> 0 | I48: =AM48+MIN(S47+AC48-AM48,MAX(0,ROUND(ROUND(Долги!$D$19-SUM($AL48:$AU48),2)-(SUM($H48:H48)-SUM($AL48:AL48)),2))) -> 0 | J48: =AN48+MIN(T47+AD48-AN48,MAX(0,ROUND(ROUND(Долги!$D$19-SUM($AL48:$AU48),2)-(SUM($H48:I48)-SUM($AL48:AM48)),2))) -> 0 | K48: =AO48+MIN(U47+AE48-AO48,MAX(0,ROUND(ROUND(Долги!$D$19-SUM($AL48:$AU48),2)-(SUM($H48:J48)-SUM($AL48:AN48)),2))) -> 0 | L48: =AP48+MIN(V47+AF48-AP48,MAX(0,ROUND(ROUND(Долги!$D$19-SUM($AL48:$AU48),2)-(SUM($H48:K48)-SUM($AL48:AO48)),2))) -> 0 | M48: =AQ48+MIN(W47+AG48-AQ48,MAX(0,ROUND(ROUND(Долги!$D$19-SUM($AL48:$AU48),2)-(SUM($H48:L48)-SUM($AL48:AP48)),2))) -> 0 | N48: =AR48+MIN(X47+AH48-AR48,MAX(0,ROUND(ROUND(Долги!$D$19-SUM($AL48:$AU48),2)-(SUM($H48:M48)-SUM($AL48:AQ48)),2))) -> 0 | O48: =AS48+MIN(Y47+AI48-AS48,MAX(0,ROUND(ROUND(Долги!$D$19-SUM($AL48:$AU48),2)-(SUM($H48:N48)-SUM($AL48:AR48)),2))) -> 0 | P48: =AT48+MIN(Z47+AJ48-AT48,MAX(0,ROUND(ROUND(Долги!$D$19-SUM($AL48:$AU48),2)-(SUM($H48:O48)-SUM($AL48:AS48)),2))) -> 0 | Q48: =AU48+MIN(AA47+AK48-AU48,MAX(0,ROUND(ROUND(Долги!$D$19-SUM($AL48:$AU48),2)-(SUM($H48:P48)-SUM($AL48:AT48)),2))) -> 0 | R48: =IF(R47+AB48-H48<=0.01,0,ROUND(R47+AB48-H48,2)) -> 0 | S48: =IF(S47+AC48-I48<=0.01,0,ROUND(S47+AC48-I48,2)) -> 0 | T48: =IF(T47+AD48-J48<=0.01,0,ROUND(T47+AD48-J48,2)) -> 0 | U48: =IF(U47+AE48-K48<=0.01,0,ROUND(U47+AE48-K48,2)) -> 0 | V48: =IF(V47+AF48-L48<=0.01,0,ROUND(V47+AF48-L48,2)) -> 0 | W48: =IF(W47+AG48-M48<=0.01,0,ROUND(W47+AG48-M48,2)) -> 0 | X48: =IF(X47+AH48-N48<=0.01,0,ROUND(X47+AH48-N48,2)) -> 0 | Y48: =IF(Y47+AI48-O48<=0.01,0,ROUND(Y47+AI48-O48,2)) -> 0 | ... AA48: =IF(AA47+AK48-Q48<=0.01,0,ROUND(AA47+AK48-Q48,2)) -> 0 | AB48: =ROUND(R47*AB$5/1200,2) -> 0 | AC48: =ROUND(S47*AC$5/1200,2) -> 0 | AD48: =ROUND(T47*AD$5/1200,2) -> 0 | AE48: =ROUND(U47*AE$5/1200,2) -> 0 | AF48: =ROUND(V47*AF$5/1200,2) -> 0 | AG48: =ROUND(W47*AG$5/1200,2) -> 0 | AH48: =ROUND(X47*AH$5/1200,2) -> 0 | AI48: =ROUND(Y47*AI$5/1200,2) -> 0 | ... AK48: =ROUND(AA47*AK$5/1200,2) -> 0 | AL48: =MIN(AL$5,R47+AB48) -> 0 | AM48: =MIN(AM$5,S47+AC48) -> 0 | AN48: =MIN(AN$5,T47+AD48) -> 0 | AO48: =MIN(AO$5,U47+AE48) -> 0 | AP48: =MIN(AP$5,V47+AF48) -> 0 | AQ48: =MIN(AQ$5,W47+AG48) -> 0 | AR48: =MIN(AR$5,X47+AH48) -> 0 | AS48: =MIN(AS$5,Y47+AI48) -> 0 | ... AU48: =MIN(AU$5,AA47+AK48) -> 0
A49: =IF(F48>0.005,44,"") | B49: =IF(A49="","",EDATE(Долги!$D$5,43)) | C49: =SUM(H49:Q49) -> 0 | D49: =SUM(AB49:AK49) -> 0 | E49: =C49-D49 -> 0 | F49: =SUM(R49:AA49) -> 0 | G49: =IF(OR(A49="",$F$5<=0),"",REPT("█",ROUND(20*F49/$F$5,0))) | H49: =AL49+MIN(R48+AB49-AL49,MAX(0,ROUND(Долги!$D$19-SUM($AL49:$AU49),2))) -> 0 | I49: =AM49+MIN(S48+AC49-AM49,MAX(0,ROUND(ROUND(Долги!$D$19-SUM($AL49:$AU49),2)-(SUM($H49:H49)-SUM($AL49:AL49)),2))) -> 0 | J49: =AN49+MIN(T48+AD49-AN49,MAX(0,ROUND(ROUND(Долги!$D$19-SUM($AL49:$AU49),2)-(SUM($H49:I49)-SUM($AL49:AM49)),2))) -> 0 | K49: =AO49+MIN(U48+AE49-AO49,MAX(0,ROUND(ROUND(Долги!$D$19-SUM($AL49:$AU49),2)-(SUM($H49:J49)-SUM($AL49:AN49)),2))) -> 0 | L49: =AP49+MIN(V48+AF49-AP49,MAX(0,ROUND(ROUND(Долги!$D$19-SUM($AL49:$AU49),2)-(SUM($H49:K49)-SUM($AL49:AO49)),2))) -> 0 | M49: =AQ49+MIN(W48+AG49-AQ49,MAX(0,ROUND(ROUND(Долги!$D$19-SUM($AL49:$AU49),2)-(SUM($H49:L49)-SUM($AL49:AP49)),2))) -> 0 | N49: =AR49+MIN(X48+AH49-AR49,MAX(0,ROUND(ROUND(Долги!$D$19-SUM($AL49:$AU49),2)-(SUM($H49:M49)-SUM($AL49:AQ49)),2))) -> 0 | O49: =AS49+MIN(Y48+AI49-AS49,MAX(0,ROUND(ROUND(Долги!$D$19-SUM($AL49:$AU49),2)-(SUM($H49:N49)-SUM($AL49:AR49)),2))) -> 0 | P49: =AT49+MIN(Z48+AJ49-AT49,MAX(0,ROUND(ROUND(Долги!$D$19-SUM($AL49:$AU49),2)-(SUM($H49:O49)-SUM($AL49:AS49)),2))) -> 0 | Q49: =AU49+MIN(AA48+AK49-AU49,MAX(0,ROUND(ROUND(Долги!$D$19-SUM($AL49:$AU49),2)-(SUM($H49:P49)-SUM($AL49:AT49)),2))) -> 0 | R49: =IF(R48+AB49-H49<=0.01,0,ROUND(R48+AB49-H49,2)) -> 0 | S49: =IF(S48+AC49-I49<=0.01,0,ROUND(S48+AC49-I49,2)) -> 0 | T49: =IF(T48+AD49-J49<=0.01,0,ROUND(T48+AD49-J49,2)) -> 0 | U49: =IF(U48+AE49-K49<=0.01,0,ROUND(U48+AE49-K49,2)) -> 0 | V49: =IF(V48+AF49-L49<=0.01,0,ROUND(V48+AF49-L49,2)) -> 0 | W49: =IF(W48+AG49-M49<=0.01,0,ROUND(W48+AG49-M49,2)) -> 0 | X49: =IF(X48+AH49-N49<=0.01,0,ROUND(X48+AH49-N49,2)) -> 0 | Y49: =IF(Y48+AI49-O49<=0.01,0,ROUND(Y48+AI49-O49,2)) -> 0 | ... AA49: =IF(AA48+AK49-Q49<=0.01,0,ROUND(AA48+AK49-Q49,2)) -> 0 | AB49: =ROUND(R48*AB$5/1200,2) -> 0 | AC49: =ROUND(S48*AC$5/1200,2) -> 0 | AD49: =ROUND(T48*AD$5/1200,2) -> 0 | AE49: =ROUND(U48*AE$5/1200,2) -> 0 | AF49: =ROUND(V48*AF$5/1200,2) -> 0 | AG49: =ROUND(W48*AG$5/1200,2) -> 0 | AH49: =ROUND(X48*AH$5/1200,2) -> 0 | AI49: =ROUND(Y48*AI$5/1200,2) -> 0 | ... AK49: =ROUND(AA48*AK$5/1200,2) -> 0 | AL49: =MIN(AL$5,R48+AB49) -> 0 | AM49: =MIN(AM$5,S48+AC49) -> 0 | AN49: =MIN(AN$5,T48+AD49) -> 0 | AO49: =MIN(AO$5,U48+AE49) -> 0 | AP49: =MIN(AP$5,V48+AF49) -> 0 | AQ49: =MIN(AQ$5,W48+AG49) -> 0 | AR49: =MIN(AR$5,X48+AH49) -> 0 | AS49: =MIN(AS$5,Y48+AI49) -> 0 | ... AU49: =MIN(AU$5,AA48+AK49) -> 0
A50: =IF(F49>0.005,45,"") | B50: =IF(A50="","",EDATE(Долги!$D$5,44)) | C50: =SUM(H50:Q50) -> 0 | D50: =SUM(AB50:AK50) -> 0 | E50: =C50-D50 -> 0 | F50: =SUM(R50:AA50) -> 0 | G50: =IF(OR(A50="",$F$5<=0),"",REPT("█",ROUND(20*F50/$F$5,0))) | H50: =AL50+MIN(R49+AB50-AL50,MAX(0,ROUND(Долги!$D$19-SUM($AL50:$AU50),2))) -> 0 | I50: =AM50+MIN(S49+AC50-AM50,MAX(0,ROUND(ROUND(Долги!$D$19-SUM($AL50:$AU50),2)-(SUM($H50:H50)-SUM($AL50:AL50)),2))) -> 0 | J50: =AN50+MIN(T49+AD50-AN50,MAX(0,ROUND(ROUND(Долги!$D$19-SUM($AL50:$AU50),2)-(SUM($H50:I50)-SUM($AL50:AM50)),2))) -> 0 | K50: =AO50+MIN(U49+AE50-AO50,MAX(0,ROUND(ROUND(Долги!$D$19-SUM($AL50:$AU50),2)-(SUM($H50:J50)-SUM($AL50:AN50)),2))) -> 0 | L50: =AP50+MIN(V49+AF50-AP50,MAX(0,ROUND(ROUND(Долги!$D$19-SUM($AL50:$AU50),2)-(SUM($H50:K50)-SUM($AL50:AO50)),2))) -> 0 | M50: =AQ50+MIN(W49+AG50-AQ50,MAX(0,ROUND(ROUND(Долги!$D$19-SUM($AL50:$AU50),2)-(SUM($H50:L50)-SUM($AL50:AP50)),2))) -> 0 | N50: =AR50+MIN(X49+AH50-AR50,MAX(0,ROUND(ROUND(Долги!$D$19-SUM($AL50:$AU50),2)-(SUM($H50:M50)-SUM($AL50:AQ50)),2))) -> 0 | O50: =AS50+MIN(Y49+AI50-AS50,MAX(0,ROUND(ROUND(Долги!$D$19-SUM($AL50:$AU50),2)-(SUM($H50:N50)-SUM($AL50:AR50)),2))) -> 0 | P50: =AT50+MIN(Z49+AJ50-AT50,MAX(0,ROUND(ROUND(Долги!$D$19-SUM($AL50:$AU50),2)-(SUM($H50:O50)-SUM($AL50:AS50)),2))) -> 0 | Q50: =AU50+MIN(AA49+AK50-AU50,MAX(0,ROUND(ROUND(Долги!$D$19-SUM($AL50:$AU50),2)-(SUM($H50:P50)-SUM($AL50:AT50)),2))) -> 0 | R50: =IF(R49+AB50-H50<=0.01,0,ROUND(R49+AB50-H50,2)) -> 0 | S50: =IF(S49+AC50-I50<=0.01,0,ROUND(S49+AC50-I50,2)) -> 0 | T50: =IF(T49+AD50-J50<=0.01,0,ROUND(T49+AD50-J50,2)) -> 0 | U50: =IF(U49+AE50-K50<=0.01,0,ROUND(U49+AE50-K50,2)) -> 0 | V50: =IF(V49+AF50-L50<=0.01,0,ROUND(V49+AF50-L50,2)) -> 0 | W50: =IF(W49+AG50-M50<=0.01,0,ROUND(W49+AG50-M50,2)) -> 0 | X50: =IF(X49+AH50-N50<=0.01,0,ROUND(X49+AH50-N50,2)) -> 0 | Y50: =IF(Y49+AI50-O50<=0.01,0,ROUND(Y49+AI50-O50,2)) -> 0 | ... AA50: =IF(AA49+AK50-Q50<=0.01,0,ROUND(AA49+AK50-Q50,2)) -> 0 | AB50: =ROUND(R49*AB$5/1200,2) -> 0 | AC50: =ROUND(S49*AC$5/1200,2) -> 0 | AD50: =ROUND(T49*AD$5/1200,2) -> 0 | AE50: =ROUND(U49*AE$5/1200,2) -> 0 | AF50: =ROUND(V49*AF$5/1200,2) -> 0 | AG50: =ROUND(W49*AG$5/1200,2) -> 0 | AH50: =ROUND(X49*AH$5/1200,2) -> 0 | AI50: =ROUND(Y49*AI$5/1200,2) -> 0 | ... AK50: =ROUND(AA49*AK$5/1200,2) -> 0 | AL50: =MIN(AL$5,R49+AB50) -> 0 | AM50: =MIN(AM$5,S49+AC50) -> 0 | AN50: =MIN(AN$5,T49+AD50) -> 0 | AO50: =MIN(AO$5,U49+AE50) -> 0 | AP50: =MIN(AP$5,V49+AF50) -> 0 | AQ50: =MIN(AQ$5,W49+AG50) -> 0 | AR50: =MIN(AR$5,X49+AH50) -> 0 | AS50: =MIN(AS$5,Y49+AI50) -> 0 | ... AU50: =MIN(AU$5,AA49+AK50) -> 0
A51: =IF(F50>0.005,46,"") | B51: =IF(A51="","",EDATE(Долги!$D$5,45)) | C51: =SUM(H51:Q51) -> 0 | D51: =SUM(AB51:AK51) -> 0 | E51: =C51-D51 -> 0 | F51: =SUM(R51:AA51) -> 0 | G51: =IF(OR(A51="",$F$5<=0),"",REPT("█",ROUND(20*F51/$F$5,0))) | H51: =AL51+MIN(R50+AB51-AL51,MAX(0,ROUND(Долги!$D$19-SUM($AL51:$AU51),2))) -> 0 | I51: =AM51+MIN(S50+AC51-AM51,MAX(0,ROUND(ROUND(Долги!$D$19-SUM($AL51:$AU51),2)-(SUM($H51:H51)-SUM($AL51:AL51)),2))) -> 0 | J51: =AN51+MIN(T50+AD51-AN51,MAX(0,ROUND(ROUND(Долги!$D$19-SUM($AL51:$AU51),2)-(SUM($H51:I51)-SUM($AL51:AM51)),2))) -> 0 | K51: =AO51+MIN(U50+AE51-AO51,MAX(0,ROUND(ROUND(Долги!$D$19-SUM($AL51:$AU51),2)-(SUM($H51:J51)-SUM($AL51:AN51)),2))) -> 0 | L51: =AP51+MIN(V50+AF51-AP51,MAX(0,ROUND(ROUND(Долги!$D$19-SUM($AL51:$AU51),2)-(SUM($H51:K51)-SUM($AL51:AO51)),2))) -> 0 | M51: =AQ51+MIN(W50+AG51-AQ51,MAX(0,ROUND(ROUND(Долги!$D$19-SUM($AL51:$AU51),2)-(SUM($H51:L51)-SUM($AL51:AP51)),2))) -> 0 | N51: =AR51+MIN(X50+AH51-AR51,MAX(0,ROUND(ROUND(Долги!$D$19-SUM($AL51:$AU51),2)-(SUM($H51:M51)-SUM($AL51:AQ51)),2))) -> 0 | O51: =AS51+MIN(Y50+AI51-AS51,MAX(0,ROUND(ROUND(Долги!$D$19-SUM($AL51:$AU51),2)-(SUM($H51:N51)-SUM($AL51:AR51)),2))) -> 0 | P51: =AT51+MIN(Z50+AJ51-AT51,MAX(0,ROUND(ROUND(Долги!$D$19-SUM($AL51:$AU51),2)-(SUM($H51:O51)-SUM($AL51:AS51)),2))) -> 0 | Q51: =AU51+MIN(AA50+AK51-AU51,MAX(0,ROUND(ROUND(Долги!$D$19-SUM($AL51:$AU51),2)-(SUM($H51:P51)-SUM($AL51:AT51)),2))) -> 0 | R51: =IF(R50+AB51-H51<=0.01,0,ROUND(R50+AB51-H51,2)) -> 0 | S51: =IF(S50+AC51-I51<=0.01,0,ROUND(S50+AC51-I51,2)) -> 0 | T51: =IF(T50+AD51-J51<=0.01,0,ROUND(T50+AD51-J51,2)) -> 0 | U51: =IF(U50+AE51-K51<=0.01,0,ROUND(U50+AE51-K51,2)) -> 0 | V51: =IF(V50+AF51-L51<=0.01,0,ROUND(V50+AF51-L51,2)) -> 0 | W51: =IF(W50+AG51-M51<=0.01,0,ROUND(W50+AG51-M51,2)) -> 0 | X51: =IF(X50+AH51-N51<=0.01,0,ROUND(X50+AH51-N51,2)) -> 0 | Y51: =IF(Y50+AI51-O51<=0.01,0,ROUND(Y50+AI51-O51,2)) -> 0 | ... AA51: =IF(AA50+AK51-Q51<=0.01,0,ROUND(AA50+AK51-Q51,2)) -> 0 | AB51: =ROUND(R50*AB$5/1200,2) -> 0 | AC51: =ROUND(S50*AC$5/1200,2) -> 0 | AD51: =ROUND(T50*AD$5/1200,2) -> 0 | AE51: =ROUND(U50*AE$5/1200,2) -> 0 | AF51: =ROUND(V50*AF$5/1200,2) -> 0 | AG51: =ROUND(W50*AG$5/1200,2) -> 0 | AH51: =ROUND(X50*AH$5/1200,2) -> 0 | AI51: =ROUND(Y50*AI$5/1200,2) -> 0 | ... AK51: =ROUND(AA50*AK$5/1200,2) -> 0 | AL51: =MIN(AL$5,R50+AB51) -> 0 | AM51: =MIN(AM$5,S50+AC51) -> 0 | AN51: =MIN(AN$5,T50+AD51) -> 0 | AO51: =MIN(AO$5,U50+AE51) -> 0 | AP51: =MIN(AP$5,V50+AF51) -> 0 | AQ51: =MIN(AQ$5,W50+AG51) -> 0 | AR51: =MIN(AR$5,X50+AH51) -> 0 | AS51: =MIN(AS$5,Y50+AI51) -> 0 | ... AU51: =MIN(AU$5,AA50+AK51) -> 0
A52: =IF(F51>0.005,47,"") | B52: =IF(A52="","",EDATE(Долги!$D$5,46)) | C52: =SUM(H52:Q52) -> 0 | D52: =SUM(AB52:AK52) -> 0 | E52: =C52-D52 -> 0 | F52: =SUM(R52:AA52) -> 0 | G52: =IF(OR(A52="",$F$5<=0),"",REPT("█",ROUND(20*F52/$F$5,0))) | H52: =AL52+MIN(R51+AB52-AL52,MAX(0,ROUND(Долги!$D$19-SUM($AL52:$AU52),2))) -> 0 | I52: =AM52+MIN(S51+AC52-AM52,MAX(0,ROUND(ROUND(Долги!$D$19-SUM($AL52:$AU52),2)-(SUM($H52:H52)-SUM($AL52:AL52)),2))) -> 0 | J52: =AN52+MIN(T51+AD52-AN52,MAX(0,ROUND(ROUND(Долги!$D$19-SUM($AL52:$AU52),2)-(SUM($H52:I52)-SUM($AL52:AM52)),2))) -> 0 | K52: =AO52+MIN(U51+AE52-AO52,MAX(0,ROUND(ROUND(Долги!$D$19-SUM($AL52:$AU52),2)-(SUM($H52:J52)-SUM($AL52:AN52)),2))) -> 0 | L52: =AP52+MIN(V51+AF52-AP52,MAX(0,ROUND(ROUND(Долги!$D$19-SUM($AL52:$AU52),2)-(SUM($H52:K52)-SUM($AL52:AO52)),2))) -> 0 | M52: =AQ52+MIN(W51+AG52-AQ52,MAX(0,ROUND(ROUND(Долги!$D$19-SUM($AL52:$AU52),2)-(SUM($H52:L52)-SUM($AL52:AP52)),2))) -> 0 | N52: =AR52+MIN(X51+AH52-AR52,MAX(0,ROUND(ROUND(Долги!$D$19-SUM($AL52:$AU52),2)-(SUM($H52:M52)-SUM($AL52:AQ52)),2))) -> 0 | O52: =AS52+MIN(Y51+AI52-AS52,MAX(0,ROUND(ROUND(Долги!$D$19-SUM($AL52:$AU52),2)-(SUM($H52:N52)-SUM($AL52:AR52)),2))) -> 0 | P52: =AT52+MIN(Z51+AJ52-AT52,MAX(0,ROUND(ROUND(Долги!$D$19-SUM($AL52:$AU52),2)-(SUM($H52:O52)-SUM($AL52:AS52)),2))) -> 0 | Q52: =AU52+MIN(AA51+AK52-AU52,MAX(0,ROUND(ROUND(Долги!$D$19-SUM($AL52:$AU52),2)-(SUM($H52:P52)-SUM($AL52:AT52)),2))) -> 0 | R52: =IF(R51+AB52-H52<=0.01,0,ROUND(R51+AB52-H52,2)) -> 0 | S52: =IF(S51+AC52-I52<=0.01,0,ROUND(S51+AC52-I52,2)) -> 0 | T52: =IF(T51+AD52-J52<=0.01,0,ROUND(T51+AD52-J52,2)) -> 0 | U52: =IF(U51+AE52-K52<=0.01,0,ROUND(U51+AE52-K52,2)) -> 0 | V52: =IF(V51+AF52-L52<=0.01,0,ROUND(V51+AF52-L52,2)) -> 0 | W52: =IF(W51+AG52-M52<=0.01,0,ROUND(W51+AG52-M52,2)) -> 0 | X52: =IF(X51+AH52-N52<=0.01,0,ROUND(X51+AH52-N52,2)) -> 0 | Y52: =IF(Y51+AI52-O52<=0.01,0,ROUND(Y51+AI52-O52,2)) -> 0 | ... AA52: =IF(AA51+AK52-Q52<=0.01,0,ROUND(AA51+AK52-Q52,2)) -> 0 | AB52: =ROUND(R51*AB$5/1200,2) -> 0 | AC52: =ROUND(S51*AC$5/1200,2) -> 0 | AD52: =ROUND(T51*AD$5/1200,2) -> 0 | AE52: =ROUND(U51*AE$5/1200,2) -> 0 | AF52: =ROUND(V51*AF$5/1200,2) -> 0 | AG52: =ROUND(W51*AG$5/1200,2) -> 0 | AH52: =ROUND(X51*AH$5/1200,2) -> 0 | AI52: =ROUND(Y51*AI$5/1200,2) -> 0 | ... AK52: =ROUND(AA51*AK$5/1200,2) -> 0 | AL52: =MIN(AL$5,R51+AB52) -> 0 | AM52: =MIN(AM$5,S51+AC52) -> 0 | AN52: =MIN(AN$5,T51+AD52) -> 0 | AO52: =MIN(AO$5,U51+AE52) -> 0 | AP52: =MIN(AP$5,V51+AF52) -> 0 | AQ52: =MIN(AQ$5,W51+AG52) -> 0 | AR52: =MIN(AR$5,X51+AH52) -> 0 | AS52: =MIN(AS$5,Y51+AI52) -> 0 | ... AU52: =MIN(AU$5,AA51+AK52) -> 0
A53: =IF(F52>0.005,48,"") | B53: =IF(A53="","",EDATE(Долги!$D$5,47)) | C53: =SUM(H53:Q53) -> 0 | D53: =SUM(AB53:AK53) -> 0 | E53: =C53-D53 -> 0 | F53: =SUM(R53:AA53) -> 0 | G53: =IF(OR(A53="",$F$5<=0),"",REPT("█",ROUND(20*F53/$F$5,0))) | H53: =AL53+MIN(R52+AB53-AL53,MAX(0,ROUND(Долги!$D$19-SUM($AL53:$AU53),2))) -> 0 | I53: =AM53+MIN(S52+AC53-AM53,MAX(0,ROUND(ROUND(Долги!$D$19-SUM($AL53:$AU53),2)-(SUM($H53:H53)-SUM($AL53:AL53)),2))) -> 0 | J53: =AN53+MIN(T52+AD53-AN53,MAX(0,ROUND(ROUND(Долги!$D$19-SUM($AL53:$AU53),2)-(SUM($H53:I53)-SUM($AL53:AM53)),2))) -> 0 | K53: =AO53+MIN(U52+AE53-AO53,MAX(0,ROUND(ROUND(Долги!$D$19-SUM($AL53:$AU53),2)-(SUM($H53:J53)-SUM($AL53:AN53)),2))) -> 0 | L53: =AP53+MIN(V52+AF53-AP53,MAX(0,ROUND(ROUND(Долги!$D$19-SUM($AL53:$AU53),2)-(SUM($H53:K53)-SUM($AL53:AO53)),2))) -> 0 | M53: =AQ53+MIN(W52+AG53-AQ53,MAX(0,ROUND(ROUND(Долги!$D$19-SUM($AL53:$AU53),2)-(SUM($H53:L53)-SUM($AL53:AP53)),2))) -> 0 | N53: =AR53+MIN(X52+AH53-AR53,MAX(0,ROUND(ROUND(Долги!$D$19-SUM($AL53:$AU53),2)-(SUM($H53:M53)-SUM($AL53:AQ53)),2))) -> 0 | O53: =AS53+MIN(Y52+AI53-AS53,MAX(0,ROUND(ROUND(Долги!$D$19-SUM($AL53:$AU53),2)-(SUM($H53:N53)-SUM($AL53:AR53)),2))) -> 0 | P53: =AT53+MIN(Z52+AJ53-AT53,MAX(0,ROUND(ROUND(Долги!$D$19-SUM($AL53:$AU53),2)-(SUM($H53:O53)-SUM($AL53:AS53)),2))) -> 0 | Q53: =AU53+MIN(AA52+AK53-AU53,MAX(0,ROUND(ROUND(Долги!$D$19-SUM($AL53:$AU53),2)-(SUM($H53:P53)-SUM($AL53:AT53)),2))) -> 0 | R53: =IF(R52+AB53-H53<=0.01,0,ROUND(R52+AB53-H53,2)) -> 0 | S53: =IF(S52+AC53-I53<=0.01,0,ROUND(S52+AC53-I53,2)) -> 0 | T53: =IF(T52+AD53-J53<=0.01,0,ROUND(T52+AD53-J53,2)) -> 0 | U53: =IF(U52+AE53-K53<=0.01,0,ROUND(U52+AE53-K53,2)) -> 0 | V53: =IF(V52+AF53-L53<=0.01,0,ROUND(V52+AF53-L53,2)) -> 0 | W53: =IF(W52+AG53-M53<=0.01,0,ROUND(W52+AG53-M53,2)) -> 0 | X53: =IF(X52+AH53-N53<=0.01,0,ROUND(X52+AH53-N53,2)) -> 0 | Y53: =IF(Y52+AI53-O53<=0.01,0,ROUND(Y52+AI53-O53,2)) -> 0 | ... AA53: =IF(AA52+AK53-Q53<=0.01,0,ROUND(AA52+AK53-Q53,2)) -> 0 | AB53: =ROUND(R52*AB$5/1200,2) -> 0 | AC53: =ROUND(S52*AC$5/1200,2) -> 0 | AD53: =ROUND(T52*AD$5/1200,2) -> 0 | AE53: =ROUND(U52*AE$5/1200,2) -> 0 | AF53: =ROUND(V52*AF$5/1200,2) -> 0 | AG53: =ROUND(W52*AG$5/1200,2) -> 0 | AH53: =ROUND(X52*AH$5/1200,2) -> 0 | AI53: =ROUND(Y52*AI$5/1200,2) -> 0 | ... AK53: =ROUND(AA52*AK$5/1200,2) -> 0 | AL53: =MIN(AL$5,R52+AB53) -> 0 | AM53: =MIN(AM$5,S52+AC53) -> 0 | AN53: =MIN(AN$5,T52+AD53) -> 0 | AO53: =MIN(AO$5,U52+AE53) -> 0 | AP53: =MIN(AP$5,V52+AF53) -> 0 | AQ53: =MIN(AQ$5,W52+AG53) -> 0 | AR53: =MIN(AR$5,X52+AH53) -> 0 | AS53: =MIN(AS$5,Y52+AI53) -> 0 | ... AU53: =MIN(AU$5,AA52+AK53) -> 0
A54: =IF(F53>0.005,49,"") | B54: =IF(A54="","",EDATE(Долги!$D$5,48)) | C54: =SUM(H54:Q54) -> 0 | D54: =SUM(AB54:AK54) -> 0 | E54: =C54-D54 -> 0 | F54: =SUM(R54:AA54) -> 0 | G54: =IF(OR(A54="",$F$5<=0),"",REPT("█",ROUND(20*F54/$F$5,0))) | H54: =AL54+MIN(R53+AB54-AL54,MAX(0,ROUND(Долги!$D$19-SUM($AL54:$AU54),2))) -> 0 | I54: =AM54+MIN(S53+AC54-AM54,MAX(0,ROUND(ROUND(Долги!$D$19-SUM($AL54:$AU54),2)-(SUM($H54:H54)-SUM($AL54:AL54)),2))) -> 0 | J54: =AN54+MIN(T53+AD54-AN54,MAX(0,ROUND(ROUND(Долги!$D$19-SUM($AL54:$AU54),2)-(SUM($H54:I54)-SUM($AL54:AM54)),2))) -> 0 | K54: =AO54+MIN(U53+AE54-AO54,MAX(0,ROUND(ROUND(Долги!$D$19-SUM($AL54:$AU54),2)-(SUM($H54:J54)-SUM($AL54:AN54)),2))) -> 0 | L54: =AP54+MIN(V53+AF54-AP54,MAX(0,ROUND(ROUND(Долги!$D$19-SUM($AL54:$AU54),2)-(SUM($H54:K54)-SUM($AL54:AO54)),2))) -> 0 | M54: =AQ54+MIN(W53+AG54-AQ54,MAX(0,ROUND(ROUND(Долги!$D$19-SUM($AL54:$AU54),2)-(SUM($H54:L54)-SUM($AL54:AP54)),2))) -> 0 | N54: =AR54+MIN(X53+AH54-AR54,MAX(0,ROUND(ROUND(Долги!$D$19-SUM($AL54:$AU54),2)-(SUM($H54:M54)-SUM($AL54:AQ54)),2))) -> 0 | O54: =AS54+MIN(Y53+AI54-AS54,MAX(0,ROUND(ROUND(Долги!$D$19-SUM($AL54:$AU54),2)-(SUM($H54:N54)-SUM($AL54:AR54)),2))) -> 0 | P54: =AT54+MIN(Z53+AJ54-AT54,MAX(0,ROUND(ROUND(Долги!$D$19-SUM($AL54:$AU54),2)-(SUM($H54:O54)-SUM($AL54:AS54)),2))) -> 0 | Q54: =AU54+MIN(AA53+AK54-AU54,MAX(0,ROUND(ROUND(Долги!$D$19-SUM($AL54:$AU54),2)-(SUM($H54:P54)-SUM($AL54:AT54)),2))) -> 0 | R54: =IF(R53+AB54-H54<=0.01,0,ROUND(R53+AB54-H54,2)) -> 0 | S54: =IF(S53+AC54-I54<=0.01,0,ROUND(S53+AC54-I54,2)) -> 0 | T54: =IF(T53+AD54-J54<=0.01,0,ROUND(T53+AD54-J54,2)) -> 0 | U54: =IF(U53+AE54-K54<=0.01,0,ROUND(U53+AE54-K54,2)) -> 0 | V54: =IF(V53+AF54-L54<=0.01,0,ROUND(V53+AF54-L54,2)) -> 0 | W54: =IF(W53+AG54-M54<=0.01,0,ROUND(W53+AG54-M54,2)) -> 0 | X54: =IF(X53+AH54-N54<=0.01,0,ROUND(X53+AH54-N54,2)) -> 0 | Y54: =IF(Y53+AI54-O54<=0.01,0,ROUND(Y53+AI54-O54,2)) -> 0 | ... AA54: =IF(AA53+AK54-Q54<=0.01,0,ROUND(AA53+AK54-Q54,2)) -> 0 | AB54: =ROUND(R53*AB$5/1200,2) -> 0 | AC54: =ROUND(S53*AC$5/1200,2) -> 0 | AD54: =ROUND(T53*AD$5/1200,2) -> 0 | AE54: =ROUND(U53*AE$5/1200,2) -> 0 | AF54: =ROUND(V53*AF$5/1200,2) -> 0 | AG54: =ROUND(W53*AG$5/1200,2) -> 0 | AH54: =ROUND(X53*AH$5/1200,2) -> 0 | AI54: =ROUND(Y53*AI$5/1200,2) -> 0 | ... AK54: =ROUND(AA53*AK$5/1200,2) -> 0 | AL54: =MIN(AL$5,R53+AB54) -> 0 | AM54: =MIN(AM$5,S53+AC54) -> 0 | AN54: =MIN(AN$5,T53+AD54) -> 0 | AO54: =MIN(AO$5,U53+AE54) -> 0 | AP54: =MIN(AP$5,V53+AF54) -> 0 | AQ54: =MIN(AQ$5,W53+AG54) -> 0 | AR54: =MIN(AR$5,X53+AH54) -> 0 | AS54: =MIN(AS$5,Y53+AI54) -> 0 | ... AU54: =MIN(AU$5,AA53+AK54) -> 0
A55: =IF(F54>0.005,50,"") | B55: =IF(A55="","",EDATE(Долги!$D$5,49)) | C55: =SUM(H55:Q55) -> 0 | D55: =SUM(AB55:AK55) -> 0 | E55: =C55-D55 -> 0 | F55: =SUM(R55:AA55) -> 0 | G55: =IF(OR(A55="",$F$5<=0),"",REPT("█",ROUND(20*F55/$F$5,0))) | H55: =AL55+MIN(R54+AB55-AL55,MAX(0,ROUND(Долги!$D$19-SUM($AL55:$AU55),2))) -> 0 | I55: =AM55+MIN(S54+AC55-AM55,MAX(0,ROUND(ROUND(Долги!$D$19-SUM($AL55:$AU55),2)-(SUM($H55:H55)-SUM($AL55:AL55)),2))) -> 0 | J55: =AN55+MIN(T54+AD55-AN55,MAX(0,ROUND(ROUND(Долги!$D$19-SUM($AL55:$AU55),2)-(SUM($H55:I55)-SUM($AL55:AM55)),2))) -> 0 | K55: =AO55+MIN(U54+AE55-AO55,MAX(0,ROUND(ROUND(Долги!$D$19-SUM($AL55:$AU55),2)-(SUM($H55:J55)-SUM($AL55:AN55)),2))) -> 0 | L55: =AP55+MIN(V54+AF55-AP55,MAX(0,ROUND(ROUND(Долги!$D$19-SUM($AL55:$AU55),2)-(SUM($H55:K55)-SUM($AL55:AO55)),2))) -> 0 | M55: =AQ55+MIN(W54+AG55-AQ55,MAX(0,ROUND(ROUND(Долги!$D$19-SUM($AL55:$AU55),2)-(SUM($H55:L55)-SUM($AL55:AP55)),2))) -> 0 | N55: =AR55+MIN(X54+AH55-AR55,MAX(0,ROUND(ROUND(Долги!$D$19-SUM($AL55:$AU55),2)-(SUM($H55:M55)-SUM($AL55:AQ55)),2))) -> 0 | O55: =AS55+MIN(Y54+AI55-AS55,MAX(0,ROUND(ROUND(Долги!$D$19-SUM($AL55:$AU55),2)-(SUM($H55:N55)-SUM($AL55:AR55)),2))) -> 0 | P55: =AT55+MIN(Z54+AJ55-AT55,MAX(0,ROUND(ROUND(Долги!$D$19-SUM($AL55:$AU55),2)-(SUM($H55:O55)-SUM($AL55:AS55)),2))) -> 0 | Q55: =AU55+MIN(AA54+AK55-AU55,MAX(0,ROUND(ROUND(Долги!$D$19-SUM($AL55:$AU55),2)-(SUM($H55:P55)-SUM($AL55:AT55)),2))) -> 0 | R55: =IF(R54+AB55-H55<=0.01,0,ROUND(R54+AB55-H55,2)) -> 0 | S55: =IF(S54+AC55-I55<=0.01,0,ROUND(S54+AC55-I55,2)) -> 0 | T55: =IF(T54+AD55-J55<=0.01,0,ROUND(T54+AD55-J55,2)) -> 0 | U55: =IF(U54+AE55-K55<=0.01,0,ROUND(U54+AE55-K55,2)) -> 0 | V55: =IF(V54+AF55-L55<=0.01,0,ROUND(V54+AF55-L55,2)) -> 0 | W55: =IF(W54+AG55-M55<=0.01,0,ROUND(W54+AG55-M55,2)) -> 0 | X55: =IF(X54+AH55-N55<=0.01,0,ROUND(X54+AH55-N55,2)) -> 0 | Y55: =IF(Y54+AI55-O55<=0.01,0,ROUND(Y54+AI55-O55,2)) -> 0 | ... AA55: =IF(AA54+AK55-Q55<=0.01,0,ROUND(AA54+AK55-Q55,2)) -> 0 | AB55: =ROUND(R54*AB$5/1200,2) -> 0 | AC55: =ROUND(S54*AC$5/1200,2) -> 0 | AD55: =ROUND(T54*AD$5/1200,2) -> 0 | AE55: =ROUND(U54*AE$5/1200,2) -> 0 | AF55: =ROUND(V54*AF$5/1200,2) -> 0 | AG55: =ROUND(W54*AG$5/1200,2) -> 0 | AH55: =ROUND(X54*AH$5/1200,2) -> 0 | AI55: =ROUND(Y54*AI$5/1200,2) -> 0 | ... AK55: =ROUND(AA54*AK$5/1200,2) -> 0 | AL55: =MIN(AL$5,R54+AB55) -> 0 | AM55: =MIN(AM$5,S54+AC55) -> 0 | AN55: =MIN(AN$5,T54+AD55) -> 0 | AO55: =MIN(AO$5,U54+AE55) -> 0 | AP55: =MIN(AP$5,V54+AF55) -> 0 | AQ55: =MIN(AQ$5,W54+AG55) -> 0 | AR55: =MIN(AR$5,X54+AH55) -> 0 | AS55: =MIN(AS$5,Y54+AI55) -> 0 | ... AU55: =MIN(AU$5,AA54+AK55) -> 0
A56: =IF(F55>0.005,51,"") | B56: =IF(A56="","",EDATE(Долги!$D$5,50)) | C56: =SUM(H56:Q56) -> 0 | D56: =SUM(AB56:AK56) -> 0 | E56: =C56-D56 -> 0 | F56: =SUM(R56:AA56) -> 0 | G56: =IF(OR(A56="",$F$5<=0),"",REPT("█",ROUND(20*F56/$F$5,0))) | H56: =AL56+MIN(R55+AB56-AL56,MAX(0,ROUND(Долги!$D$19-SUM($AL56:$AU56),2))) -> 0 | I56: =AM56+MIN(S55+AC56-AM56,MAX(0,ROUND(ROUND(Долги!$D$19-SUM($AL56:$AU56),2)-(SUM($H56:H56)-SUM($AL56:AL56)),2))) -> 0 | J56: =AN56+MIN(T55+AD56-AN56,MAX(0,ROUND(ROUND(Долги!$D$19-SUM($AL56:$AU56),2)-(SUM($H56:I56)-SUM($AL56:AM56)),2))) -> 0 | K56: =AO56+MIN(U55+AE56-AO56,MAX(0,ROUND(ROUND(Долги!$D$19-SUM($AL56:$AU56),2)-(SUM($H56:J56)-SUM($AL56:AN56)),2))) -> 0 | L56: =AP56+MIN(V55+AF56-AP56,MAX(0,ROUND(ROUND(Долги!$D$19-SUM($AL56:$AU56),2)-(SUM($H56:K56)-SUM($AL56:AO56)),2))) -> 0 | M56: =AQ56+MIN(W55+AG56-AQ56,MAX(0,ROUND(ROUND(Долги!$D$19-SUM($AL56:$AU56),2)-(SUM($H56:L56)-SUM($AL56:AP56)),2))) -> 0 | N56: =AR56+MIN(X55+AH56-AR56,MAX(0,ROUND(ROUND(Долги!$D$19-SUM($AL56:$AU56),2)-(SUM($H56:M56)-SUM($AL56:AQ56)),2))) -> 0 | O56: =AS56+MIN(Y55+AI56-AS56,MAX(0,ROUND(ROUND(Долги!$D$19-SUM($AL56:$AU56),2)-(SUM($H56:N56)-SUM($AL56:AR56)),2))) -> 0 | P56: =AT56+MIN(Z55+AJ56-AT56,MAX(0,ROUND(ROUND(Долги!$D$19-SUM($AL56:$AU56),2)-(SUM($H56:O56)-SUM($AL56:AS56)),2))) -> 0 | Q56: =AU56+MIN(AA55+AK56-AU56,MAX(0,ROUND(ROUND(Долги!$D$19-SUM($AL56:$AU56),2)-(SUM($H56:P56)-SUM($AL56:AT56)),2))) -> 0 | R56: =IF(R55+AB56-H56<=0.01,0,ROUND(R55+AB56-H56,2)) -> 0 | S56: =IF(S55+AC56-I56<=0.01,0,ROUND(S55+AC56-I56,2)) -> 0 | T56: =IF(T55+AD56-J56<=0.01,0,ROUND(T55+AD56-J56,2)) -> 0 | U56: =IF(U55+AE56-K56<=0.01,0,ROUND(U55+AE56-K56,2)) -> 0 | V56: =IF(V55+AF56-L56<=0.01,0,ROUND(V55+AF56-L56,2)) -> 0 | W56: =IF(W55+AG56-M56<=0.01,0,ROUND(W55+AG56-M56,2)) -> 0 | X56: =IF(X55+AH56-N56<=0.01,0,ROUND(X55+AH56-N56,2)) -> 0 | Y56: =IF(Y55+AI56-O56<=0.01,0,ROUND(Y55+AI56-O56,2)) -> 0 | ... AA56: =IF(AA55+AK56-Q56<=0.01,0,ROUND(AA55+AK56-Q56,2)) -> 0 | AB56: =ROUND(R55*AB$5/1200,2) -> 0 | AC56: =ROUND(S55*AC$5/1200,2) -> 0 | AD56: =ROUND(T55*AD$5/1200,2) -> 0 | AE56: =ROUND(U55*AE$5/1200,2) -> 0 | AF56: =ROUND(V55*AF$5/1200,2) -> 0 | AG56: =ROUND(W55*AG$5/1200,2) -> 0 | AH56: =ROUND(X55*AH$5/1200,2) -> 0 | AI56: =ROUND(Y55*AI$5/1200,2) -> 0 | ... AK56: =ROUND(AA55*AK$5/1200,2) -> 0 | AL56: =MIN(AL$5,R55+AB56) -> 0 | AM56: =MIN(AM$5,S55+AC56) -> 0 | AN56: =MIN(AN$5,T55+AD56) -> 0 | AO56: =MIN(AO$5,U55+AE56) -> 0 | AP56: =MIN(AP$5,V55+AF56) -> 0 | AQ56: =MIN(AQ$5,W55+AG56) -> 0 | AR56: =MIN(AR$5,X55+AH56) -> 0 | AS56: =MIN(AS$5,Y55+AI56) -> 0 | ... AU56: =MIN(AU$5,AA55+AK56) -> 0
A57: =IF(F56>0.005,52,"") | B57: =IF(A57="","",EDATE(Долги!$D$5,51)) | C57: =SUM(H57:Q57) -> 0 | D57: =SUM(AB57:AK57) -> 0 | E57: =C57-D57 -> 0 | F57: =SUM(R57:AA57) -> 0 | G57: =IF(OR(A57="",$F$5<=0),"",REPT("█",ROUND(20*F57/$F$5,0))) | H57: =AL57+MIN(R56+AB57-AL57,MAX(0,ROUND(Долги!$D$19-SUM($AL57:$AU57),2))) -> 0 | I57: =AM57+MIN(S56+AC57-AM57,MAX(0,ROUND(ROUND(Долги!$D$19-SUM($AL57:$AU57),2)-(SUM($H57:H57)-SUM($AL57:AL57)),2))) -> 0 | J57: =AN57+MIN(T56+AD57-AN57,MAX(0,ROUND(ROUND(Долги!$D$19-SUM($AL57:$AU57),2)-(SUM($H57:I57)-SUM($AL57:AM57)),2))) -> 0 | K57: =AO57+MIN(U56+AE57-AO57,MAX(0,ROUND(ROUND(Долги!$D$19-SUM($AL57:$AU57),2)-(SUM($H57:J57)-SUM($AL57:AN57)),2))) -> 0 | L57: =AP57+MIN(V56+AF57-AP57,MAX(0,ROUND(ROUND(Долги!$D$19-SUM($AL57:$AU57),2)-(SUM($H57:K57)-SUM($AL57:AO57)),2))) -> 0 | M57: =AQ57+MIN(W56+AG57-AQ57,MAX(0,ROUND(ROUND(Долги!$D$19-SUM($AL57:$AU57),2)-(SUM($H57:L57)-SUM($AL57:AP57)),2))) -> 0 | N57: =AR57+MIN(X56+AH57-AR57,MAX(0,ROUND(ROUND(Долги!$D$19-SUM($AL57:$AU57),2)-(SUM($H57:M57)-SUM($AL57:AQ57)),2))) -> 0 | O57: =AS57+MIN(Y56+AI57-AS57,MAX(0,ROUND(ROUND(Долги!$D$19-SUM($AL57:$AU57),2)-(SUM($H57:N57)-SUM($AL57:AR57)),2))) -> 0 | P57: =AT57+MIN(Z56+AJ57-AT57,MAX(0,ROUND(ROUND(Долги!$D$19-SUM($AL57:$AU57),2)-(SUM($H57:O57)-SUM($AL57:AS57)),2))) -> 0 | Q57: =AU57+MIN(AA56+AK57-AU57,MAX(0,ROUND(ROUND(Долги!$D$19-SUM($AL57:$AU57),2)-(SUM($H57:P57)-SUM($AL57:AT57)),2))) -> 0 | R57: =IF(R56+AB57-H57<=0.01,0,ROUND(R56+AB57-H57,2)) -> 0 | S57: =IF(S56+AC57-I57<=0.01,0,ROUND(S56+AC57-I57,2)) -> 0 | T57: =IF(T56+AD57-J57<=0.01,0,ROUND(T56+AD57-J57,2)) -> 0 | U57: =IF(U56+AE57-K57<=0.01,0,ROUND(U56+AE57-K57,2)) -> 0 | V57: =IF(V56+AF57-L57<=0.01,0,ROUND(V56+AF57-L57,2)) -> 0 | W57: =IF(W56+AG57-M57<=0.01,0,ROUND(W56+AG57-M57,2)) -> 0 | X57: =IF(X56+AH57-N57<=0.01,0,ROUND(X56+AH57-N57,2)) -> 0 | Y57: =IF(Y56+AI57-O57<=0.01,0,ROUND(Y56+AI57-O57,2)) -> 0 | ... AA57: =IF(AA56+AK57-Q57<=0.01,0,ROUND(AA56+AK57-Q57,2)) -> 0 | AB57: =ROUND(R56*AB$5/1200,2) -> 0 | AC57: =ROUND(S56*AC$5/1200,2) -> 0 | AD57: =ROUND(T56*AD$5/1200,2) -> 0 | AE57: =ROUND(U56*AE$5/1200,2) -> 0 | AF57: =ROUND(V56*AF$5/1200,2) -> 0 | AG57: =ROUND(W56*AG$5/1200,2) -> 0 | AH57: =ROUND(X56*AH$5/1200,2) -> 0 | AI57: =ROUND(Y56*AI$5/1200,2) -> 0 | ... AK57: =ROUND(AA56*AK$5/1200,2) -> 0 | AL57: =MIN(AL$5,R56+AB57) -> 0 | AM57: =MIN(AM$5,S56+AC57) -> 0 | AN57: =MIN(AN$5,T56+AD57) -> 0 | AO57: =MIN(AO$5,U56+AE57) -> 0 | AP57: =MIN(AP$5,V56+AF57) -> 0 | AQ57: =MIN(AQ$5,W56+AG57) -> 0 | AR57: =MIN(AR$5,X56+AH57) -> 0 | AS57: =MIN(AS$5,Y56+AI57) -> 0 | ... AU57: =MIN(AU$5,AA56+AK57) -> 0
A58: =IF(F57>0.005,53,"") | B58: =IF(A58="","",EDATE(Долги!$D$5,52)) | C58: =SUM(H58:Q58) -> 0 | D58: =SUM(AB58:AK58) -> 0 | E58: =C58-D58 -> 0 | F58: =SUM(R58:AA58) -> 0 | G58: =IF(OR(A58="",$F$5<=0),"",REPT("█",ROUND(20*F58/$F$5,0))) | H58: =AL58+MIN(R57+AB58-AL58,MAX(0,ROUND(Долги!$D$19-SUM($AL58:$AU58),2))) -> 0 | I58: =AM58+MIN(S57+AC58-AM58,MAX(0,ROUND(ROUND(Долги!$D$19-SUM($AL58:$AU58),2)-(SUM($H58:H58)-SUM($AL58:AL58)),2))) -> 0 | J58: =AN58+MIN(T57+AD58-AN58,MAX(0,ROUND(ROUND(Долги!$D$19-SUM($AL58:$AU58),2)-(SUM($H58:I58)-SUM($AL58:AM58)),2))) -> 0 | K58: =AO58+MIN(U57+AE58-AO58,MAX(0,ROUND(ROUND(Долги!$D$19-SUM($AL58:$AU58),2)-(SUM($H58:J58)-SUM($AL58:AN58)),2))) -> 0 | L58: =AP58+MIN(V57+AF58-AP58,MAX(0,ROUND(ROUND(Долги!$D$19-SUM($AL58:$AU58),2)-(SUM($H58:K58)-SUM($AL58:AO58)),2))) -> 0 | M58: =AQ58+MIN(W57+AG58-AQ58,MAX(0,ROUND(ROUND(Долги!$D$19-SUM($AL58:$AU58),2)-(SUM($H58:L58)-SUM($AL58:AP58)),2))) -> 0 | N58: =AR58+MIN(X57+AH58-AR58,MAX(0,ROUND(ROUND(Долги!$D$19-SUM($AL58:$AU58),2)-(SUM($H58:M58)-SUM($AL58:AQ58)),2))) -> 0 | O58: =AS58+MIN(Y57+AI58-AS58,MAX(0,ROUND(ROUND(Долги!$D$19-SUM($AL58:$AU58),2)-(SUM($H58:N58)-SUM($AL58:AR58)),2))) -> 0 | P58: =AT58+MIN(Z57+AJ58-AT58,MAX(0,ROUND(ROUND(Долги!$D$19-SUM($AL58:$AU58),2)-(SUM($H58:O58)-SUM($AL58:AS58)),2))) -> 0 | Q58: =AU58+MIN(AA57+AK58-AU58,MAX(0,ROUND(ROUND(Долги!$D$19-SUM($AL58:$AU58),2)-(SUM($H58:P58)-SUM($AL58:AT58)),2))) -> 0 | R58: =IF(R57+AB58-H58<=0.01,0,ROUND(R57+AB58-H58,2)) -> 0 | S58: =IF(S57+AC58-I58<=0.01,0,ROUND(S57+AC58-I58,2)) -> 0 | T58: =IF(T57+AD58-J58<=0.01,0,ROUND(T57+AD58-J58,2)) -> 0 | U58: =IF(U57+AE58-K58<=0.01,0,ROUND(U57+AE58-K58,2)) -> 0 | V58: =IF(V57+AF58-L58<=0.01,0,ROUND(V57+AF58-L58,2)) -> 0 | W58: =IF(W57+AG58-M58<=0.01,0,ROUND(W57+AG58-M58,2)) -> 0 | X58: =IF(X57+AH58-N58<=0.01,0,ROUND(X57+AH58-N58,2)) -> 0 | Y58: =IF(Y57+AI58-O58<=0.01,0,ROUND(Y57+AI58-O58,2)) -> 0 | ... AA58: =IF(AA57+AK58-Q58<=0.01,0,ROUND(AA57+AK58-Q58,2)) -> 0 | AB58: =ROUND(R57*AB$5/1200,2) -> 0 | AC58: =ROUND(S57*AC$5/1200,2) -> 0 | AD58: =ROUND(T57*AD$5/1200,2) -> 0 | AE58: =ROUND(U57*AE$5/1200,2) -> 0 | AF58: =ROUND(V57*AF$5/1200,2) -> 0 | AG58: =ROUND(W57*AG$5/1200,2) -> 0 | AH58: =ROUND(X57*AH$5/1200,2) -> 0 | AI58: =ROUND(Y57*AI$5/1200,2) -> 0 | ... AK58: =ROUND(AA57*AK$5/1200,2) -> 0 | AL58: =MIN(AL$5,R57+AB58) -> 0 | AM58: =MIN(AM$5,S57+AC58) -> 0 | AN58: =MIN(AN$5,T57+AD58) -> 0 | AO58: =MIN(AO$5,U57+AE58) -> 0 | AP58: =MIN(AP$5,V57+AF58) -> 0 | AQ58: =MIN(AQ$5,W57+AG58) -> 0 | AR58: =MIN(AR$5,X57+AH58) -> 0 | AS58: =MIN(AS$5,Y57+AI58) -> 0 | ... AU58: =MIN(AU$5,AA57+AK58) -> 0
A59: =IF(F58>0.005,54,"") | B59: =IF(A59="","",EDATE(Долги!$D$5,53)) | C59: =SUM(H59:Q59) -> 0 | D59: =SUM(AB59:AK59) -> 0 | E59: =C59-D59 -> 0 | F59: =SUM(R59:AA59) -> 0 | G59: =IF(OR(A59="",$F$5<=0),"",REPT("█",ROUND(20*F59/$F$5,0))) | H59: =AL59+MIN(R58+AB59-AL59,MAX(0,ROUND(Долги!$D$19-SUM($AL59:$AU59),2))) -> 0 | I59: =AM59+MIN(S58+AC59-AM59,MAX(0,ROUND(ROUND(Долги!$D$19-SUM($AL59:$AU59),2)-(SUM($H59:H59)-SUM($AL59:AL59)),2))) -> 0 | J59: =AN59+MIN(T58+AD59-AN59,MAX(0,ROUND(ROUND(Долги!$D$19-SUM($AL59:$AU59),2)-(SUM($H59:I59)-SUM($AL59:AM59)),2))) -> 0 | K59: =AO59+MIN(U58+AE59-AO59,MAX(0,ROUND(ROUND(Долги!$D$19-SUM($AL59:$AU59),2)-(SUM($H59:J59)-SUM($AL59:AN59)),2))) -> 0 | L59: =AP59+MIN(V58+AF59-AP59,MAX(0,ROUND(ROUND(Долги!$D$19-SUM($AL59:$AU59),2)-(SUM($H59:K59)-SUM($AL59:AO59)),2))) -> 0 | M59: =AQ59+MIN(W58+AG59-AQ59,MAX(0,ROUND(ROUND(Долги!$D$19-SUM($AL59:$AU59),2)-(SUM($H59:L59)-SUM($AL59:AP59)),2))) -> 0 | N59: =AR59+MIN(X58+AH59-AR59,MAX(0,ROUND(ROUND(Долги!$D$19-SUM($AL59:$AU59),2)-(SUM($H59:M59)-SUM($AL59:AQ59)),2))) -> 0 | O59: =AS59+MIN(Y58+AI59-AS59,MAX(0,ROUND(ROUND(Долги!$D$19-SUM($AL59:$AU59),2)-(SUM($H59:N59)-SUM($AL59:AR59)),2))) -> 0 | P59: =AT59+MIN(Z58+AJ59-AT59,MAX(0,ROUND(ROUND(Долги!$D$19-SUM($AL59:$AU59),2)-(SUM($H59:O59)-SUM($AL59:AS59)),2))) -> 0 | Q59: =AU59+MIN(AA58+AK59-AU59,MAX(0,ROUND(ROUND(Долги!$D$19-SUM($AL59:$AU59),2)-(SUM($H59:P59)-SUM($AL59:AT59)),2))) -> 0 | R59: =IF(R58+AB59-H59<=0.01,0,ROUND(R58+AB59-H59,2)) -> 0 | S59: =IF(S58+AC59-I59<=0.01,0,ROUND(S58+AC59-I59,2)) -> 0 | T59: =IF(T58+AD59-J59<=0.01,0,ROUND(T58+AD59-J59,2)) -> 0 | U59: =IF(U58+AE59-K59<=0.01,0,ROUND(U58+AE59-K59,2)) -> 0 | V59: =IF(V58+AF59-L59<=0.01,0,ROUND(V58+AF59-L59,2)) -> 0 | W59: =IF(W58+AG59-M59<=0.01,0,ROUND(W58+AG59-M59,2)) -> 0 | X59: =IF(X58+AH59-N59<=0.01,0,ROUND(X58+AH59-N59,2)) -> 0 | Y59: =IF(Y58+AI59-O59<=0.01,0,ROUND(Y58+AI59-O59,2)) -> 0 | ... AA59: =IF(AA58+AK59-Q59<=0.01,0,ROUND(AA58+AK59-Q59,2)) -> 0 | AB59: =ROUND(R58*AB$5/1200,2) -> 0 | AC59: =ROUND(S58*AC$5/1200,2) -> 0 | AD59: =ROUND(T58*AD$5/1200,2) -> 0 | AE59: =ROUND(U58*AE$5/1200,2) -> 0 | AF59: =ROUND(V58*AF$5/1200,2) -> 0 | AG59: =ROUND(W58*AG$5/1200,2) -> 0 | AH59: =ROUND(X58*AH$5/1200,2) -> 0 | AI59: =ROUND(Y58*AI$5/1200,2) -> 0 | ... AK59: =ROUND(AA58*AK$5/1200,2) -> 0 | AL59: =MIN(AL$5,R58+AB59) -> 0 | AM59: =MIN(AM$5,S58+AC59) -> 0 | AN59: =MIN(AN$5,T58+AD59) -> 0 | AO59: =MIN(AO$5,U58+AE59) -> 0 | AP59: =MIN(AP$5,V58+AF59) -> 0 | AQ59: =MIN(AQ$5,W58+AG59) -> 0 | AR59: =MIN(AR$5,X58+AH59) -> 0 | AS59: =MIN(AS$5,Y58+AI59) -> 0 | ... AU59: =MIN(AU$5,AA58+AK59) -> 0
A60: =IF(F59>0.005,55,"") | B60: =IF(A60="","",EDATE(Долги!$D$5,54)) | C60: =SUM(H60:Q60) -> 0 | D60: =SUM(AB60:AK60) -> 0 | E60: =C60-D60 -> 0 | F60: =SUM(R60:AA60) -> 0 | G60: =IF(OR(A60="",$F$5<=0),"",REPT("█",ROUND(20*F60/$F$5,0))) | H60: =AL60+MIN(R59+AB60-AL60,MAX(0,ROUND(Долги!$D$19-SUM($AL60:$AU60),2))) -> 0 | I60: =AM60+MIN(S59+AC60-AM60,MAX(0,ROUND(ROUND(Долги!$D$19-SUM($AL60:$AU60),2)-(SUM($H60:H60)-SUM($AL60:AL60)),2))) -> 0 | J60: =AN60+MIN(T59+AD60-AN60,MAX(0,ROUND(ROUND(Долги!$D$19-SUM($AL60:$AU60),2)-(SUM($H60:I60)-SUM($AL60:AM60)),2))) -> 0 | K60: =AO60+MIN(U59+AE60-AO60,MAX(0,ROUND(ROUND(Долги!$D$19-SUM($AL60:$AU60),2)-(SUM($H60:J60)-SUM($AL60:AN60)),2))) -> 0 | L60: =AP60+MIN(V59+AF60-AP60,MAX(0,ROUND(ROUND(Долги!$D$19-SUM($AL60:$AU60),2)-(SUM($H60:K60)-SUM($AL60:AO60)),2))) -> 0 | M60: =AQ60+MIN(W59+AG60-AQ60,MAX(0,ROUND(ROUND(Долги!$D$19-SUM($AL60:$AU60),2)-(SUM($H60:L60)-SUM($AL60:AP60)),2))) -> 0 | N60: =AR60+MIN(X59+AH60-AR60,MAX(0,ROUND(ROUND(Долги!$D$19-SUM($AL60:$AU60),2)-(SUM($H60:M60)-SUM($AL60:AQ60)),2))) -> 0 | O60: =AS60+MIN(Y59+AI60-AS60,MAX(0,ROUND(ROUND(Долги!$D$19-SUM($AL60:$AU60),2)-(SUM($H60:N60)-SUM($AL60:AR60)),2))) -> 0 | P60: =AT60+MIN(Z59+AJ60-AT60,MAX(0,ROUND(ROUND(Долги!$D$19-SUM($AL60:$AU60),2)-(SUM($H60:O60)-SUM($AL60:AS60)),2))) -> 0 | Q60: =AU60+MIN(AA59+AK60-AU60,MAX(0,ROUND(ROUND(Долги!$D$19-SUM($AL60:$AU60),2)-(SUM($H60:P60)-SUM($AL60:AT60)),2))) -> 0 | R60: =IF(R59+AB60-H60<=0.01,0,ROUND(R59+AB60-H60,2)) -> 0 | S60: =IF(S59+AC60-I60<=0.01,0,ROUND(S59+AC60-I60,2)) -> 0 | T60: =IF(T59+AD60-J60<=0.01,0,ROUND(T59+AD60-J60,2)) -> 0 | U60: =IF(U59+AE60-K60<=0.01,0,ROUND(U59+AE60-K60,2)) -> 0 | V60: =IF(V59+AF60-L60<=0.01,0,ROUND(V59+AF60-L60,2)) -> 0 | W60: =IF(W59+AG60-M60<=0.01,0,ROUND(W59+AG60-M60,2)) -> 0 | X60: =IF(X59+AH60-N60<=0.01,0,ROUND(X59+AH60-N60,2)) -> 0 | Y60: =IF(Y59+AI60-O60<=0.01,0,ROUND(Y59+AI60-O60,2)) -> 0 | ... AA60: =IF(AA59+AK60-Q60<=0.01,0,ROUND(AA59+AK60-Q60,2)) -> 0 | AB60: =ROUND(R59*AB$5/1200,2) -> 0 | AC60: =ROUND(S59*AC$5/1200,2) -> 0 | AD60: =ROUND(T59*AD$5/1200,2) -> 0 | AE60: =ROUND(U59*AE$5/1200,2) -> 0 | AF60: =ROUND(V59*AF$5/1200,2) -> 0 | AG60: =ROUND(W59*AG$5/1200,2) -> 0 | AH60: =ROUND(X59*AH$5/1200,2) -> 0 | AI60: =ROUND(Y59*AI$5/1200,2) -> 0 | ... AK60: =ROUND(AA59*AK$5/1200,2) -> 0 | AL60: =MIN(AL$5,R59+AB60) -> 0 | AM60: =MIN(AM$5,S59+AC60) -> 0 | AN60: =MIN(AN$5,T59+AD60) -> 0 | AO60: =MIN(AO$5,U59+AE60) -> 0 | AP60: =MIN(AP$5,V59+AF60) -> 0 | AQ60: =MIN(AQ$5,W59+AG60) -> 0 | AR60: =MIN(AR$5,X59+AH60) -> 0 | AS60: =MIN(AS$5,Y59+AI60) -> 0 | ... AU60: =MIN(AU$5,AA59+AK60) -> 0
A61: =IF(F60>0.005,56,"") | B61: =IF(A61="","",EDATE(Долги!$D$5,55)) | C61: =SUM(H61:Q61) -> 0 | D61: =SUM(AB61:AK61) -> 0 | E61: =C61-D61 -> 0 | F61: =SUM(R61:AA61) -> 0 | G61: =IF(OR(A61="",$F$5<=0),"",REPT("█",ROUND(20*F61/$F$5,0))) | H61: =AL61+MIN(R60+AB61-AL61,MAX(0,ROUND(Долги!$D$19-SUM($AL61:$AU61),2))) -> 0 | I61: =AM61+MIN(S60+AC61-AM61,MAX(0,ROUND(ROUND(Долги!$D$19-SUM($AL61:$AU61),2)-(SUM($H61:H61)-SUM($AL61:AL61)),2))) -> 0 | J61: =AN61+MIN(T60+AD61-AN61,MAX(0,ROUND(ROUND(Долги!$D$19-SUM($AL61:$AU61),2)-(SUM($H61:I61)-SUM($AL61:AM61)),2))) -> 0 | K61: =AO61+MIN(U60+AE61-AO61,MAX(0,ROUND(ROUND(Долги!$D$19-SUM($AL61:$AU61),2)-(SUM($H61:J61)-SUM($AL61:AN61)),2))) -> 0 | L61: =AP61+MIN(V60+AF61-AP61,MAX(0,ROUND(ROUND(Долги!$D$19-SUM($AL61:$AU61),2)-(SUM($H61:K61)-SUM($AL61:AO61)),2))) -> 0 | M61: =AQ61+MIN(W60+AG61-AQ61,MAX(0,ROUND(ROUND(Долги!$D$19-SUM($AL61:$AU61),2)-(SUM($H61:L61)-SUM($AL61:AP61)),2))) -> 0 | N61: =AR61+MIN(X60+AH61-AR61,MAX(0,ROUND(ROUND(Долги!$D$19-SUM($AL61:$AU61),2)-(SUM($H61:M61)-SUM($AL61:AQ61)),2))) -> 0 | O61: =AS61+MIN(Y60+AI61-AS61,MAX(0,ROUND(ROUND(Долги!$D$19-SUM($AL61:$AU61),2)-(SUM($H61:N61)-SUM($AL61:AR61)),2))) -> 0 | P61: =AT61+MIN(Z60+AJ61-AT61,MAX(0,ROUND(ROUND(Долги!$D$19-SUM($AL61:$AU61),2)-(SUM($H61:O61)-SUM($AL61:AS61)),2))) -> 0 | Q61: =AU61+MIN(AA60+AK61-AU61,MAX(0,ROUND(ROUND(Долги!$D$19-SUM($AL61:$AU61),2)-(SUM($H61:P61)-SUM($AL61:AT61)),2))) -> 0 | R61: =IF(R60+AB61-H61<=0.01,0,ROUND(R60+AB61-H61,2)) -> 0 | S61: =IF(S60+AC61-I61<=0.01,0,ROUND(S60+AC61-I61,2)) -> 0 | T61: =IF(T60+AD61-J61<=0.01,0,ROUND(T60+AD61-J61,2)) -> 0 | U61: =IF(U60+AE61-K61<=0.01,0,ROUND(U60+AE61-K61,2)) -> 0 | V61: =IF(V60+AF61-L61<=0.01,0,ROUND(V60+AF61-L61,2)) -> 0 | W61: =IF(W60+AG61-M61<=0.01,0,ROUND(W60+AG61-M61,2)) -> 0 | X61: =IF(X60+AH61-N61<=0.01,0,ROUND(X60+AH61-N61,2)) -> 0 | Y61: =IF(Y60+AI61-O61<=0.01,0,ROUND(Y60+AI61-O61,2)) -> 0 | ... AA61: =IF(AA60+AK61-Q61<=0.01,0,ROUND(AA60+AK61-Q61,2)) -> 0 | AB61: =ROUND(R60*AB$5/1200,2) -> 0 | AC61: =ROUND(S60*AC$5/1200,2) -> 0 | AD61: =ROUND(T60*AD$5/1200,2) -> 0 | AE61: =ROUND(U60*AE$5/1200,2) -> 0 | AF61: =ROUND(V60*AF$5/1200,2) -> 0 | AG61: =ROUND(W60*AG$5/1200,2) -> 0 | AH61: =ROUND(X60*AH$5/1200,2) -> 0 | AI61: =ROUND(Y60*AI$5/1200,2) -> 0 | ... AK61: =ROUND(AA60*AK$5/1200,2) -> 0 | AL61: =MIN(AL$5,R60+AB61) -> 0 | AM61: =MIN(AM$5,S60+AC61) -> 0 | AN61: =MIN(AN$5,T60+AD61) -> 0 | AO61: =MIN(AO$5,U60+AE61) -> 0 | AP61: =MIN(AP$5,V60+AF61) -> 0 | AQ61: =MIN(AQ$5,W60+AG61) -> 0 | AR61: =MIN(AR$5,X60+AH61) -> 0 | AS61: =MIN(AS$5,Y60+AI61) -> 0 | ... AU61: =MIN(AU$5,AA60+AK61) -> 0
A62: =IF(F61>0.005,57,"") | B62: =IF(A62="","",EDATE(Долги!$D$5,56)) | C62: =SUM(H62:Q62) -> 0 | D62: =SUM(AB62:AK62) -> 0 | E62: =C62-D62 -> 0 | F62: =SUM(R62:AA62) -> 0 | G62: =IF(OR(A62="",$F$5<=0),"",REPT("█",ROUND(20*F62/$F$5,0))) | H62: =AL62+MIN(R61+AB62-AL62,MAX(0,ROUND(Долги!$D$19-SUM($AL62:$AU62),2))) -> 0 | I62: =AM62+MIN(S61+AC62-AM62,MAX(0,ROUND(ROUND(Долги!$D$19-SUM($AL62:$AU62),2)-(SUM($H62:H62)-SUM($AL62:AL62)),2))) -> 0 | J62: =AN62+MIN(T61+AD62-AN62,MAX(0,ROUND(ROUND(Долги!$D$19-SUM($AL62:$AU62),2)-(SUM($H62:I62)-SUM($AL62:AM62)),2))) -> 0 | K62: =AO62+MIN(U61+AE62-AO62,MAX(0,ROUND(ROUND(Долги!$D$19-SUM($AL62:$AU62),2)-(SUM($H62:J62)-SUM($AL62:AN62)),2))) -> 0 | L62: =AP62+MIN(V61+AF62-AP62,MAX(0,ROUND(ROUND(Долги!$D$19-SUM($AL62:$AU62),2)-(SUM($H62:K62)-SUM($AL62:AO62)),2))) -> 0 | M62: =AQ62+MIN(W61+AG62-AQ62,MAX(0,ROUND(ROUND(Долги!$D$19-SUM($AL62:$AU62),2)-(SUM($H62:L62)-SUM($AL62:AP62)),2))) -> 0 | N62: =AR62+MIN(X61+AH62-AR62,MAX(0,ROUND(ROUND(Долги!$D$19-SUM($AL62:$AU62),2)-(SUM($H62:M62)-SUM($AL62:AQ62)),2))) -> 0 | O62: =AS62+MIN(Y61+AI62-AS62,MAX(0,ROUND(ROUND(Долги!$D$19-SUM($AL62:$AU62),2)-(SUM($H62:N62)-SUM($AL62:AR62)),2))) -> 0 | P62: =AT62+MIN(Z61+AJ62-AT62,MAX(0,ROUND(ROUND(Долги!$D$19-SUM($AL62:$AU62),2)-(SUM($H62:O62)-SUM($AL62:AS62)),2))) -> 0 | Q62: =AU62+MIN(AA61+AK62-AU62,MAX(0,ROUND(ROUND(Долги!$D$19-SUM($AL62:$AU62),2)-(SUM($H62:P62)-SUM($AL62:AT62)),2))) -> 0 | R62: =IF(R61+AB62-H62<=0.01,0,ROUND(R61+AB62-H62,2)) -> 0 | S62: =IF(S61+AC62-I62<=0.01,0,ROUND(S61+AC62-I62,2)) -> 0 | T62: =IF(T61+AD62-J62<=0.01,0,ROUND(T61+AD62-J62,2)) -> 0 | U62: =IF(U61+AE62-K62<=0.01,0,ROUND(U61+AE62-K62,2)) -> 0 | V62: =IF(V61+AF62-L62<=0.01,0,ROUND(V61+AF62-L62,2)) -> 0 | W62: =IF(W61+AG62-M62<=0.01,0,ROUND(W61+AG62-M62,2)) -> 0 | X62: =IF(X61+AH62-N62<=0.01,0,ROUND(X61+AH62-N62,2)) -> 0 | Y62: =IF(Y61+AI62-O62<=0.01,0,ROUND(Y61+AI62-O62,2)) -> 0 | ... AA62: =IF(AA61+AK62-Q62<=0.01,0,ROUND(AA61+AK62-Q62,2)) -> 0 | AB62: =ROUND(R61*AB$5/1200,2) -> 0 | AC62: =ROUND(S61*AC$5/1200,2) -> 0 | AD62: =ROUND(T61*AD$5/1200,2) -> 0 | AE62: =ROUND(U61*AE$5/1200,2) -> 0 | AF62: =ROUND(V61*AF$5/1200,2) -> 0 | AG62: =ROUND(W61*AG$5/1200,2) -> 0 | AH62: =ROUND(X61*AH$5/1200,2) -> 0 | AI62: =ROUND(Y61*AI$5/1200,2) -> 0 | ... AK62: =ROUND(AA61*AK$5/1200,2) -> 0 | AL62: =MIN(AL$5,R61+AB62) -> 0 | AM62: =MIN(AM$5,S61+AC62) -> 0 | AN62: =MIN(AN$5,T61+AD62) -> 0 | AO62: =MIN(AO$5,U61+AE62) -> 0 | AP62: =MIN(AP$5,V61+AF62) -> 0 | AQ62: =MIN(AQ$5,W61+AG62) -> 0 | AR62: =MIN(AR$5,X61+AH62) -> 0 | AS62: =MIN(AS$5,Y61+AI62) -> 0 | ... AU62: =MIN(AU$5,AA61+AK62) -> 0
A63: =IF(F62>0.005,58,"") | B63: =IF(A63="","",EDATE(Долги!$D$5,57)) | C63: =SUM(H63:Q63) -> 0 | D63: =SUM(AB63:AK63) -> 0 | E63: =C63-D63 -> 0 | F63: =SUM(R63:AA63) -> 0 | G63: =IF(OR(A63="",$F$5<=0),"",REPT("█",ROUND(20*F63/$F$5,0))) | H63: =AL63+MIN(R62+AB63-AL63,MAX(0,ROUND(Долги!$D$19-SUM($AL63:$AU63),2))) -> 0 | I63: =AM63+MIN(S62+AC63-AM63,MAX(0,ROUND(ROUND(Долги!$D$19-SUM($AL63:$AU63),2)-(SUM($H63:H63)-SUM($AL63:AL63)),2))) -> 0 | J63: =AN63+MIN(T62+AD63-AN63,MAX(0,ROUND(ROUND(Долги!$D$19-SUM($AL63:$AU63),2)-(SUM($H63:I63)-SUM($AL63:AM63)),2))) -> 0 | K63: =AO63+MIN(U62+AE63-AO63,MAX(0,ROUND(ROUND(Долги!$D$19-SUM($AL63:$AU63),2)-(SUM($H63:J63)-SUM($AL63:AN63)),2))) -> 0 | L63: =AP63+MIN(V62+AF63-AP63,MAX(0,ROUND(ROUND(Долги!$D$19-SUM($AL63:$AU63),2)-(SUM($H63:K63)-SUM($AL63:AO63)),2))) -> 0 | M63: =AQ63+MIN(W62+AG63-AQ63,MAX(0,ROUND(ROUND(Долги!$D$19-SUM($AL63:$AU63),2)-(SUM($H63:L63)-SUM($AL63:AP63)),2))) -> 0 | N63: =AR63+MIN(X62+AH63-AR63,MAX(0,ROUND(ROUND(Долги!$D$19-SUM($AL63:$AU63),2)-(SUM($H63:M63)-SUM($AL63:AQ63)),2))) -> 0 | O63: =AS63+MIN(Y62+AI63-AS63,MAX(0,ROUND(ROUND(Долги!$D$19-SUM($AL63:$AU63),2)-(SUM($H63:N63)-SUM($AL63:AR63)),2))) -> 0 | P63: =AT63+MIN(Z62+AJ63-AT63,MAX(0,ROUND(ROUND(Долги!$D$19-SUM($AL63:$AU63),2)-(SUM($H63:O63)-SUM($AL63:AS63)),2))) -> 0 | Q63: =AU63+MIN(AA62+AK63-AU63,MAX(0,ROUND(ROUND(Долги!$D$19-SUM($AL63:$AU63),2)-(SUM($H63:P63)-SUM($AL63:AT63)),2))) -> 0 | R63: =IF(R62+AB63-H63<=0.01,0,ROUND(R62+AB63-H63,2)) -> 0 | S63: =IF(S62+AC63-I63<=0.01,0,ROUND(S62+AC63-I63,2)) -> 0 | T63: =IF(T62+AD63-J63<=0.01,0,ROUND(T62+AD63-J63,2)) -> 0 | U63: =IF(U62+AE63-K63<=0.01,0,ROUND(U62+AE63-K63,2)) -> 0 | V63: =IF(V62+AF63-L63<=0.01,0,ROUND(V62+AF63-L63,2)) -> 0 | W63: =IF(W62+AG63-M63<=0.01,0,ROUND(W62+AG63-M63,2)) -> 0 | X63: =IF(X62+AH63-N63<=0.01,0,ROUND(X62+AH63-N63,2)) -> 0 | Y63: =IF(Y62+AI63-O63<=0.01,0,ROUND(Y62+AI63-O63,2)) -> 0 | ... AA63: =IF(AA62+AK63-Q63<=0.01,0,ROUND(AA62+AK63-Q63,2)) -> 0 | AB63: =ROUND(R62*AB$5/1200,2) -> 0 | AC63: =ROUND(S62*AC$5/1200,2) -> 0 | AD63: =ROUND(T62*AD$5/1200,2) -> 0 | AE63: =ROUND(U62*AE$5/1200,2) -> 0 | AF63: =ROUND(V62*AF$5/1200,2) -> 0 | AG63: =ROUND(W62*AG$5/1200,2) -> 0 | AH63: =ROUND(X62*AH$5/1200,2) -> 0 | AI63: =ROUND(Y62*AI$5/1200,2) -> 0 | ... AK63: =ROUND(AA62*AK$5/1200,2) -> 0 | AL63: =MIN(AL$5,R62+AB63) -> 0 | AM63: =MIN(AM$5,S62+AC63) -> 0 | AN63: =MIN(AN$5,T62+AD63) -> 0 | AO63: =MIN(AO$5,U62+AE63) -> 0 | AP63: =MIN(AP$5,V62+AF63) -> 0 | AQ63: =MIN(AQ$5,W62+AG63) -> 0 | AR63: =MIN(AR$5,X62+AH63) -> 0 | AS63: =MIN(AS$5,Y62+AI63) -> 0 | ... AU63: =MIN(AU$5,AA62+AK63) -> 0
A64: =IF(F63>0.005,59,"") | B64: =IF(A64="","",EDATE(Долги!$D$5,58)) | C64: =SUM(H64:Q64) -> 0 | D64: =SUM(AB64:AK64) -> 0 | E64: =C64-D64 -> 0 | F64: =SUM(R64:AA64) -> 0 | G64: =IF(OR(A64="",$F$5<=0),"",REPT("█",ROUND(20*F64/$F$5,0))) | H64: =AL64+MIN(R63+AB64-AL64,MAX(0,ROUND(Долги!$D$19-SUM($AL64:$AU64),2))) -> 0 | I64: =AM64+MIN(S63+AC64-AM64,MAX(0,ROUND(ROUND(Долги!$D$19-SUM($AL64:$AU64),2)-(SUM($H64:H64)-SUM($AL64:AL64)),2))) -> 0 | J64: =AN64+MIN(T63+AD64-AN64,MAX(0,ROUND(ROUND(Долги!$D$19-SUM($AL64:$AU64),2)-(SUM($H64:I64)-SUM($AL64:AM64)),2))) -> 0 | K64: =AO64+MIN(U63+AE64-AO64,MAX(0,ROUND(ROUND(Долги!$D$19-SUM($AL64:$AU64),2)-(SUM($H64:J64)-SUM($AL64:AN64)),2))) -> 0 | L64: =AP64+MIN(V63+AF64-AP64,MAX(0,ROUND(ROUND(Долги!$D$19-SUM($AL64:$AU64),2)-(SUM($H64:K64)-SUM($AL64:AO64)),2))) -> 0 | M64: =AQ64+MIN(W63+AG64-AQ64,MAX(0,ROUND(ROUND(Долги!$D$19-SUM($AL64:$AU64),2)-(SUM($H64:L64)-SUM($AL64:AP64)),2))) -> 0 | N64: =AR64+MIN(X63+AH64-AR64,MAX(0,ROUND(ROUND(Долги!$D$19-SUM($AL64:$AU64),2)-(SUM($H64:M64)-SUM($AL64:AQ64)),2))) -> 0 | O64: =AS64+MIN(Y63+AI64-AS64,MAX(0,ROUND(ROUND(Долги!$D$19-SUM($AL64:$AU64),2)-(SUM($H64:N64)-SUM($AL64:AR64)),2))) -> 0 | P64: =AT64+MIN(Z63+AJ64-AT64,MAX(0,ROUND(ROUND(Долги!$D$19-SUM($AL64:$AU64),2)-(SUM($H64:O64)-SUM($AL64:AS64)),2))) -> 0 | Q64: =AU64+MIN(AA63+AK64-AU64,MAX(0,ROUND(ROUND(Долги!$D$19-SUM($AL64:$AU64),2)-(SUM($H64:P64)-SUM($AL64:AT64)),2))) -> 0 | R64: =IF(R63+AB64-H64<=0.01,0,ROUND(R63+AB64-H64,2)) -> 0 | S64: =IF(S63+AC64-I64<=0.01,0,ROUND(S63+AC64-I64,2)) -> 0 | T64: =IF(T63+AD64-J64<=0.01,0,ROUND(T63+AD64-J64,2)) -> 0 | U64: =IF(U63+AE64-K64<=0.01,0,ROUND(U63+AE64-K64,2)) -> 0 | V64: =IF(V63+AF64-L64<=0.01,0,ROUND(V63+AF64-L64,2)) -> 0 | W64: =IF(W63+AG64-M64<=0.01,0,ROUND(W63+AG64-M64,2)) -> 0 | X64: =IF(X63+AH64-N64<=0.01,0,ROUND(X63+AH64-N64,2)) -> 0 | Y64: =IF(Y63+AI64-O64<=0.01,0,ROUND(Y63+AI64-O64,2)) -> 0 | ... AA64: =IF(AA63+AK64-Q64<=0.01,0,ROUND(AA63+AK64-Q64,2)) -> 0 | AB64: =ROUND(R63*AB$5/1200,2) -> 0 | AC64: =ROUND(S63*AC$5/1200,2) -> 0 | AD64: =ROUND(T63*AD$5/1200,2) -> 0 | AE64: =ROUND(U63*AE$5/1200,2) -> 0 | AF64: =ROUND(V63*AF$5/1200,2) -> 0 | AG64: =ROUND(W63*AG$5/1200,2) -> 0 | AH64: =ROUND(X63*AH$5/1200,2) -> 0 | AI64: =ROUND(Y63*AI$5/1200,2) -> 0 | ... AK64: =ROUND(AA63*AK$5/1200,2) -> 0 | AL64: =MIN(AL$5,R63+AB64) -> 0 | AM64: =MIN(AM$5,S63+AC64) -> 0 | AN64: =MIN(AN$5,T63+AD64) -> 0 | AO64: =MIN(AO$5,U63+AE64) -> 0 | AP64: =MIN(AP$5,V63+AF64) -> 0 | AQ64: =MIN(AQ$5,W63+AG64) -> 0 | AR64: =MIN(AR$5,X63+AH64) -> 0 | AS64: =MIN(AS$5,Y63+AI64) -> 0 | ... AU64: =MIN(AU$5,AA63+AK64) -> 0
A65: =IF(F64>0.005,60,"") | B65: =IF(A65="","",EDATE(Долги!$D$5,59)) | C65: =SUM(H65:Q65) -> 0 | D65: =SUM(AB65:AK65) -> 0 | E65: =C65-D65 -> 0 | F65: =SUM(R65:AA65) -> 0 | G65: =IF(OR(A65="",$F$5<=0),"",REPT("█",ROUND(20*F65/$F$5,0))) | H65: =AL65+MIN(R64+AB65-AL65,MAX(0,ROUND(Долги!$D$19-SUM($AL65:$AU65),2))) -> 0 | I65: =AM65+MIN(S64+AC65-AM65,MAX(0,ROUND(ROUND(Долги!$D$19-SUM($AL65:$AU65),2)-(SUM($H65:H65)-SUM($AL65:AL65)),2))) -> 0 | J65: =AN65+MIN(T64+AD65-AN65,MAX(0,ROUND(ROUND(Долги!$D$19-SUM($AL65:$AU65),2)-(SUM($H65:I65)-SUM($AL65:AM65)),2))) -> 0 | K65: =AO65+MIN(U64+AE65-AO65,MAX(0,ROUND(ROUND(Долги!$D$19-SUM($AL65:$AU65),2)-(SUM($H65:J65)-SUM($AL65:AN65)),2))) -> 0 | L65: =AP65+MIN(V64+AF65-AP65,MAX(0,ROUND(ROUND(Долги!$D$19-SUM($AL65:$AU65),2)-(SUM($H65:K65)-SUM($AL65:AO65)),2))) -> 0 | M65: =AQ65+MIN(W64+AG65-AQ65,MAX(0,ROUND(ROUND(Долги!$D$19-SUM($AL65:$AU65),2)-(SUM($H65:L65)-SUM($AL65:AP65)),2))) -> 0 | N65: =AR65+MIN(X64+AH65-AR65,MAX(0,ROUND(ROUND(Долги!$D$19-SUM($AL65:$AU65),2)-(SUM($H65:M65)-SUM($AL65:AQ65)),2))) -> 0 | O65: =AS65+MIN(Y64+AI65-AS65,MAX(0,ROUND(ROUND(Долги!$D$19-SUM($AL65:$AU65),2)-(SUM($H65:N65)-SUM($AL65:AR65)),2))) -> 0 | P65: =AT65+MIN(Z64+AJ65-AT65,MAX(0,ROUND(ROUND(Долги!$D$19-SUM($AL65:$AU65),2)-(SUM($H65:O65)-SUM($AL65:AS65)),2))) -> 0 | Q65: =AU65+MIN(AA64+AK65-AU65,MAX(0,ROUND(ROUND(Долги!$D$19-SUM($AL65:$AU65),2)-(SUM($H65:P65)-SUM($AL65:AT65)),2))) -> 0 | R65: =IF(R64+AB65-H65<=0.01,0,ROUND(R64+AB65-H65,2)) -> 0 | S65: =IF(S64+AC65-I65<=0.01,0,ROUND(S64+AC65-I65,2)) -> 0 | T65: =IF(T64+AD65-J65<=0.01,0,ROUND(T64+AD65-J65,2)) -> 0 | U65: =IF(U64+AE65-K65<=0.01,0,ROUND(U64+AE65-K65,2)) -> 0 | V65: =IF(V64+AF65-L65<=0.01,0,ROUND(V64+AF65-L65,2)) -> 0 | W65: =IF(W64+AG65-M65<=0.01,0,ROUND(W64+AG65-M65,2)) -> 0 | X65: =IF(X64+AH65-N65<=0.01,0,ROUND(X64+AH65-N65,2)) -> 0 | Y65: =IF(Y64+AI65-O65<=0.01,0,ROUND(Y64+AI65-O65,2)) -> 0 | ... AA65: =IF(AA64+AK65-Q65<=0.01,0,ROUND(AA64+AK65-Q65,2)) -> 0 | AB65: =ROUND(R64*AB$5/1200,2) -> 0 | AC65: =ROUND(S64*AC$5/1200,2) -> 0 | AD65: =ROUND(T64*AD$5/1200,2) -> 0 | AE65: =ROUND(U64*AE$5/1200,2) -> 0 | AF65: =ROUND(V64*AF$5/1200,2) -> 0 | AG65: =ROUND(W64*AG$5/1200,2) -> 0 | AH65: =ROUND(X64*AH$5/1200,2) -> 0 | AI65: =ROUND(Y64*AI$5/1200,2) -> 0 | ... AK65: =ROUND(AA64*AK$5/1200,2) -> 0 | AL65: =MIN(AL$5,R64+AB65) -> 0 | AM65: =MIN(AM$5,S64+AC65) -> 0 | AN65: =MIN(AN$5,T64+AD65) -> 0 | AO65: =MIN(AO$5,U64+AE65) -> 0 | AP65: =MIN(AP$5,V64+AF65) -> 0 | AQ65: =MIN(AQ$5,W64+AG65) -> 0 | AR65: =MIN(AR$5,X64+AH65) -> 0 | AS65: =MIN(AS$5,Y64+AI65) -> 0 | ... AU65: =MIN(AU$5,AA64+AK65) -> 0
A66: =IF(F65>0.005,61,"") | B66: =IF(A66="","",EDATE(Долги!$D$5,60)) | C66: =SUM(H66:Q66) -> 0 | D66: =SUM(AB66:AK66) -> 0 | E66: =C66-D66 -> 0 | F66: =SUM(R66:AA66) -> 0 | G66: =IF(OR(A66="",$F$5<=0),"",REPT("█",ROUND(20*F66/$F$5,0))) | H66: =AL66+MIN(R65+AB66-AL66,MAX(0,ROUND(Долги!$D$19-SUM($AL66:$AU66),2))) -> 0 | I66: =AM66+MIN(S65+AC66-AM66,MAX(0,ROUND(ROUND(Долги!$D$19-SUM($AL66:$AU66),2)-(SUM($H66:H66)-SUM($AL66:AL66)),2))) -> 0 | J66: =AN66+MIN(T65+AD66-AN66,MAX(0,ROUND(ROUND(Долги!$D$19-SUM($AL66:$AU66),2)-(SUM($H66:I66)-SUM($AL66:AM66)),2))) -> 0 | K66: =AO66+MIN(U65+AE66-AO66,MAX(0,ROUND(ROUND(Долги!$D$19-SUM($AL66:$AU66),2)-(SUM($H66:J66)-SUM($AL66:AN66)),2))) -> 0 | L66: =AP66+MIN(V65+AF66-AP66,MAX(0,ROUND(ROUND(Долги!$D$19-SUM($AL66:$AU66),2)-(SUM($H66:K66)-SUM($AL66:AO66)),2))) -> 0 | M66: =AQ66+MIN(W65+AG66-AQ66,MAX(0,ROUND(ROUND(Долги!$D$19-SUM($AL66:$AU66),2)-(SUM($H66:L66)-SUM($AL66:AP66)),2))) -> 0 | N66: =AR66+MIN(X65+AH66-AR66,MAX(0,ROUND(ROUND(Долги!$D$19-SUM($AL66:$AU66),2)-(SUM($H66:M66)-SUM($AL66:AQ66)),2))) -> 0 | O66: =AS66+MIN(Y65+AI66-AS66,MAX(0,ROUND(ROUND(Долги!$D$19-SUM($AL66:$AU66),2)-(SUM($H66:N66)-SUM($AL66:AR66)),2))) -> 0 | P66: =AT66+MIN(Z65+AJ66-AT66,MAX(0,ROUND(ROUND(Долги!$D$19-SUM($AL66:$AU66),2)-(SUM($H66:O66)-SUM($AL66:AS66)),2))) -> 0 | Q66: =AU66+MIN(AA65+AK66-AU66,MAX(0,ROUND(ROUND(Долги!$D$19-SUM($AL66:$AU66),2)-(SUM($H66:P66)-SUM($AL66:AT66)),2))) -> 0 | R66: =IF(R65+AB66-H66<=0.01,0,ROUND(R65+AB66-H66,2)) -> 0 | S66: =IF(S65+AC66-I66<=0.01,0,ROUND(S65+AC66-I66,2)) -> 0 | T66: =IF(T65+AD66-J66<=0.01,0,ROUND(T65+AD66-J66,2)) -> 0 | U66: =IF(U65+AE66-K66<=0.01,0,ROUND(U65+AE66-K66,2)) -> 0 | V66: =IF(V65+AF66-L66<=0.01,0,ROUND(V65+AF66-L66,2)) -> 0 | W66: =IF(W65+AG66-M66<=0.01,0,ROUND(W65+AG66-M66,2)) -> 0 | X66: =IF(X65+AH66-N66<=0.01,0,ROUND(X65+AH66-N66,2)) -> 0 | Y66: =IF(Y65+AI66-O66<=0.01,0,ROUND(Y65+AI66-O66,2)) -> 0 | ... AA66: =IF(AA65+AK66-Q66<=0.01,0,ROUND(AA65+AK66-Q66,2)) -> 0 | AB66: =ROUND(R65*AB$5/1200,2) -> 0 | AC66: =ROUND(S65*AC$5/1200,2) -> 0 | AD66: =ROUND(T65*AD$5/1200,2) -> 0 | AE66: =ROUND(U65*AE$5/1200,2) -> 0 | AF66: =ROUND(V65*AF$5/1200,2) -> 0 | AG66: =ROUND(W65*AG$5/1200,2) -> 0 | AH66: =ROUND(X65*AH$5/1200,2) -> 0 | AI66: =ROUND(Y65*AI$5/1200,2) -> 0 | ... AK66: =ROUND(AA65*AK$5/1200,2) -> 0 | AL66: =MIN(AL$5,R65+AB66) -> 0 | AM66: =MIN(AM$5,S65+AC66) -> 0 | AN66: =MIN(AN$5,T65+AD66) -> 0 | AO66: =MIN(AO$5,U65+AE66) -> 0 | AP66: =MIN(AP$5,V65+AF66) -> 0 | AQ66: =MIN(AQ$5,W65+AG66) -> 0 | AR66: =MIN(AR$5,X65+AH66) -> 0 | AS66: =MIN(AS$5,Y65+AI66) -> 0 | ... AU66: =MIN(AU$5,AA65+AK66) -> 0
A67: =IF(F66>0.005,62,"") | B67: =IF(A67="","",EDATE(Долги!$D$5,61)) | C67: =SUM(H67:Q67) -> 0 | D67: =SUM(AB67:AK67) -> 0 | E67: =C67-D67 -> 0 | F67: =SUM(R67:AA67) -> 0 | G67: =IF(OR(A67="",$F$5<=0),"",REPT("█",ROUND(20*F67/$F$5,0))) | H67: =AL67+MIN(R66+AB67-AL67,MAX(0,ROUND(Долги!$D$19-SUM($AL67:$AU67),2))) -> 0 | I67: =AM67+MIN(S66+AC67-AM67,MAX(0,ROUND(ROUND(Долги!$D$19-SUM($AL67:$AU67),2)-(SUM($H67:H67)-SUM($AL67:AL67)),2))) -> 0 | J67: =AN67+MIN(T66+AD67-AN67,MAX(0,ROUND(ROUND(Долги!$D$19-SUM($AL67:$AU67),2)-(SUM($H67:I67)-SUM($AL67:AM67)),2))) -> 0 | K67: =AO67+MIN(U66+AE67-AO67,MAX(0,ROUND(ROUND(Долги!$D$19-SUM($AL67:$AU67),2)-(SUM($H67:J67)-SUM($AL67:AN67)),2))) -> 0 | L67: =AP67+MIN(V66+AF67-AP67,MAX(0,ROUND(ROUND(Долги!$D$19-SUM($AL67:$AU67),2)-(SUM($H67:K67)-SUM($AL67:AO67)),2))) -> 0 | M67: =AQ67+MIN(W66+AG67-AQ67,MAX(0,ROUND(ROUND(Долги!$D$19-SUM($AL67:$AU67),2)-(SUM($H67:L67)-SUM($AL67:AP67)),2))) -> 0 | N67: =AR67+MIN(X66+AH67-AR67,MAX(0,ROUND(ROUND(Долги!$D$19-SUM($AL67:$AU67),2)-(SUM($H67:M67)-SUM($AL67:AQ67)),2))) -> 0 | O67: =AS67+MIN(Y66+AI67-AS67,MAX(0,ROUND(ROUND(Долги!$D$19-SUM($AL67:$AU67),2)-(SUM($H67:N67)-SUM($AL67:AR67)),2))) -> 0 | P67: =AT67+MIN(Z66+AJ67-AT67,MAX(0,ROUND(ROUND(Долги!$D$19-SUM($AL67:$AU67),2)-(SUM($H67:O67)-SUM($AL67:AS67)),2))) -> 0 | Q67: =AU67+MIN(AA66+AK67-AU67,MAX(0,ROUND(ROUND(Долги!$D$19-SUM($AL67:$AU67),2)-(SUM($H67:P67)-SUM($AL67:AT67)),2))) -> 0 | R67: =IF(R66+AB67-H67<=0.01,0,ROUND(R66+AB67-H67,2)) -> 0 | S67: =IF(S66+AC67-I67<=0.01,0,ROUND(S66+AC67-I67,2)) -> 0 | T67: =IF(T66+AD67-J67<=0.01,0,ROUND(T66+AD67-J67,2)) -> 0 | U67: =IF(U66+AE67-K67<=0.01,0,ROUND(U66+AE67-K67,2)) -> 0 | V67: =IF(V66+AF67-L67<=0.01,0,ROUND(V66+AF67-L67,2)) -> 0 | W67: =IF(W66+AG67-M67<=0.01,0,ROUND(W66+AG67-M67,2)) -> 0 | X67: =IF(X66+AH67-N67<=0.01,0,ROUND(X66+AH67-N67,2)) -> 0 | Y67: =IF(Y66+AI67-O67<=0.01,0,ROUND(Y66+AI67-O67,2)) -> 0 | ... AA67: =IF(AA66+AK67-Q67<=0.01,0,ROUND(AA66+AK67-Q67,2)) -> 0 | AB67: =ROUND(R66*AB$5/1200,2) -> 0 | AC67: =ROUND(S66*AC$5/1200,2) -> 0 | AD67: =ROUND(T66*AD$5/1200,2) -> 0 | AE67: =ROUND(U66*AE$5/1200,2) -> 0 | AF67: =ROUND(V66*AF$5/1200,2) -> 0 | AG67: =ROUND(W66*AG$5/1200,2) -> 0 | AH67: =ROUND(X66*AH$5/1200,2) -> 0 | AI67: =ROUND(Y66*AI$5/1200,2) -> 0 | ... AK67: =ROUND(AA66*AK$5/1200,2) -> 0 | AL67: =MIN(AL$5,R66+AB67) -> 0 | AM67: =MIN(AM$5,S66+AC67) -> 0 | AN67: =MIN(AN$5,T66+AD67) -> 0 | AO67: =MIN(AO$5,U66+AE67) -> 0 | AP67: =MIN(AP$5,V66+AF67) -> 0 | AQ67: =MIN(AQ$5,W66+AG67) -> 0 | AR67: =MIN(AR$5,X66+AH67) -> 0 | AS67: =MIN(AS$5,Y66+AI67) -> 0 | ... AU67: =MIN(AU$5,AA66+AK67) -> 0
A68: =IF(F67>0.005,63,"") | B68: =IF(A68="","",EDATE(Долги!$D$5,62)) | C68: =SUM(H68:Q68) -> 0 | D68: =SUM(AB68:AK68) -> 0 | E68: =C68-D68 -> 0 | F68: =SUM(R68:AA68) -> 0 | G68: =IF(OR(A68="",$F$5<=0),"",REPT("█",ROUND(20*F68/$F$5,0))) | H68: =AL68+MIN(R67+AB68-AL68,MAX(0,ROUND(Долги!$D$19-SUM($AL68:$AU68),2))) -> 0 | I68: =AM68+MIN(S67+AC68-AM68,MAX(0,ROUND(ROUND(Долги!$D$19-SUM($AL68:$AU68),2)-(SUM($H68:H68)-SUM($AL68:AL68)),2))) -> 0 | J68: =AN68+MIN(T67+AD68-AN68,MAX(0,ROUND(ROUND(Долги!$D$19-SUM($AL68:$AU68),2)-(SUM($H68:I68)-SUM($AL68:AM68)),2))) -> 0 | K68: =AO68+MIN(U67+AE68-AO68,MAX(0,ROUND(ROUND(Долги!$D$19-SUM($AL68:$AU68),2)-(SUM($H68:J68)-SUM($AL68:AN68)),2))) -> 0 | L68: =AP68+MIN(V67+AF68-AP68,MAX(0,ROUND(ROUND(Долги!$D$19-SUM($AL68:$AU68),2)-(SUM($H68:K68)-SUM($AL68:AO68)),2))) -> 0 | M68: =AQ68+MIN(W67+AG68-AQ68,MAX(0,ROUND(ROUND(Долги!$D$19-SUM($AL68:$AU68),2)-(SUM($H68:L68)-SUM($AL68:AP68)),2))) -> 0 | N68: =AR68+MIN(X67+AH68-AR68,MAX(0,ROUND(ROUND(Долги!$D$19-SUM($AL68:$AU68),2)-(SUM($H68:M68)-SUM($AL68:AQ68)),2))) -> 0 | O68: =AS68+MIN(Y67+AI68-AS68,MAX(0,ROUND(ROUND(Долги!$D$19-SUM($AL68:$AU68),2)-(SUM($H68:N68)-SUM($AL68:AR68)),2))) -> 0 | P68: =AT68+MIN(Z67+AJ68-AT68,MAX(0,ROUND(ROUND(Долги!$D$19-SUM($AL68:$AU68),2)-(SUM($H68:O68)-SUM($AL68:AS68)),2))) -> 0 | Q68: =AU68+MIN(AA67+AK68-AU68,MAX(0,ROUND(ROUND(Долги!$D$19-SUM($AL68:$AU68),2)-(SUM($H68:P68)-SUM($AL68:AT68)),2))) -> 0 | R68: =IF(R67+AB68-H68<=0.01,0,ROUND(R67+AB68-H68,2)) -> 0 | S68: =IF(S67+AC68-I68<=0.01,0,ROUND(S67+AC68-I68,2)) -> 0 | T68: =IF(T67+AD68-J68<=0.01,0,ROUND(T67+AD68-J68,2)) -> 0 | U68: =IF(U67+AE68-K68<=0.01,0,ROUND(U67+AE68-K68,2)) -> 0 | V68: =IF(V67+AF68-L68<=0.01,0,ROUND(V67+AF68-L68,2)) -> 0 | W68: =IF(W67+AG68-M68<=0.01,0,ROUND(W67+AG68-M68,2)) -> 0 | X68: =IF(X67+AH68-N68<=0.01,0,ROUND(X67+AH68-N68,2)) -> 0 | Y68: =IF(Y67+AI68-O68<=0.01,0,ROUND(Y67+AI68-O68,2)) -> 0 | ... AA68: =IF(AA67+AK68-Q68<=0.01,0,ROUND(AA67+AK68-Q68,2)) -> 0 | AB68: =ROUND(R67*AB$5/1200,2) -> 0 | AC68: =ROUND(S67*AC$5/1200,2) -> 0 | AD68: =ROUND(T67*AD$5/1200,2) -> 0 | AE68: =ROUND(U67*AE$5/1200,2) -> 0 | AF68: =ROUND(V67*AF$5/1200,2) -> 0 | AG68: =ROUND(W67*AG$5/1200,2) -> 0 | AH68: =ROUND(X67*AH$5/1200,2) -> 0 | AI68: =ROUND(Y67*AI$5/1200,2) -> 0 | ... AK68: =ROUND(AA67*AK$5/1200,2) -> 0 | AL68: =MIN(AL$5,R67+AB68) -> 0 | AM68: =MIN(AM$5,S67+AC68) -> 0 | AN68: =MIN(AN$5,T67+AD68) -> 0 | AO68: =MIN(AO$5,U67+AE68) -> 0 | AP68: =MIN(AP$5,V67+AF68) -> 0 | AQ68: =MIN(AQ$5,W67+AG68) -> 0 | AR68: =MIN(AR$5,X67+AH68) -> 0 | AS68: =MIN(AS$5,Y67+AI68) -> 0 | ... AU68: =MIN(AU$5,AA67+AK68) -> 0
A69: =IF(F68>0.005,64,"") | B69: =IF(A69="","",EDATE(Долги!$D$5,63)) | C69: =SUM(H69:Q69) -> 0 | D69: =SUM(AB69:AK69) -> 0 | E69: =C69-D69 -> 0 | F69: =SUM(R69:AA69) -> 0 | G69: =IF(OR(A69="",$F$5<=0),"",REPT("█",ROUND(20*F69/$F$5,0))) | H69: =AL69+MIN(R68+AB69-AL69,MAX(0,ROUND(Долги!$D$19-SUM($AL69:$AU69),2))) -> 0 | I69: =AM69+MIN(S68+AC69-AM69,MAX(0,ROUND(ROUND(Долги!$D$19-SUM($AL69:$AU69),2)-(SUM($H69:H69)-SUM($AL69:AL69)),2))) -> 0 | J69: =AN69+MIN(T68+AD69-AN69,MAX(0,ROUND(ROUND(Долги!$D$19-SUM($AL69:$AU69),2)-(SUM($H69:I69)-SUM($AL69:AM69)),2))) -> 0 | K69: =AO69+MIN(U68+AE69-AO69,MAX(0,ROUND(ROUND(Долги!$D$19-SUM($AL69:$AU69),2)-(SUM($H69:J69)-SUM($AL69:AN69)),2))) -> 0 | L69: =AP69+MIN(V68+AF69-AP69,MAX(0,ROUND(ROUND(Долги!$D$19-SUM($AL69:$AU69),2)-(SUM($H69:K69)-SUM($AL69:AO69)),2))) -> 0 | M69: =AQ69+MIN(W68+AG69-AQ69,MAX(0,ROUND(ROUND(Долги!$D$19-SUM($AL69:$AU69),2)-(SUM($H69:L69)-SUM($AL69:AP69)),2))) -> 0 | N69: =AR69+MIN(X68+AH69-AR69,MAX(0,ROUND(ROUND(Долги!$D$19-SUM($AL69:$AU69),2)-(SUM($H69:M69)-SUM($AL69:AQ69)),2))) -> 0 | O69: =AS69+MIN(Y68+AI69-AS69,MAX(0,ROUND(ROUND(Долги!$D$19-SUM($AL69:$AU69),2)-(SUM($H69:N69)-SUM($AL69:AR69)),2))) -> 0 | P69: =AT69+MIN(Z68+AJ69-AT69,MAX(0,ROUND(ROUND(Долги!$D$19-SUM($AL69:$AU69),2)-(SUM($H69:O69)-SUM($AL69:AS69)),2))) -> 0 | Q69: =AU69+MIN(AA68+AK69-AU69,MAX(0,ROUND(ROUND(Долги!$D$19-SUM($AL69:$AU69),2)-(SUM($H69:P69)-SUM($AL69:AT69)),2))) -> 0 | R69: =IF(R68+AB69-H69<=0.01,0,ROUND(R68+AB69-H69,2)) -> 0 | S69: =IF(S68+AC69-I69<=0.01,0,ROUND(S68+AC69-I69,2)) -> 0 | T69: =IF(T68+AD69-J69<=0.01,0,ROUND(T68+AD69-J69,2)) -> 0 | U69: =IF(U68+AE69-K69<=0.01,0,ROUND(U68+AE69-K69,2)) -> 0 | V69: =IF(V68+AF69-L69<=0.01,0,ROUND(V68+AF69-L69,2)) -> 0 | W69: =IF(W68+AG69-M69<=0.01,0,ROUND(W68+AG69-M69,2)) -> 0 | X69: =IF(X68+AH69-N69<=0.01,0,ROUND(X68+AH69-N69,2)) -> 0 | Y69: =IF(Y68+AI69-O69<=0.01,0,ROUND(Y68+AI69-O69,2)) -> 0 | ... AA69: =IF(AA68+AK69-Q69<=0.01,0,ROUND(AA68+AK69-Q69,2)) -> 0 | AB69: =ROUND(R68*AB$5/1200,2) -> 0 | AC69: =ROUND(S68*AC$5/1200,2) -> 0 | AD69: =ROUND(T68*AD$5/1200,2) -> 0 | AE69: =ROUND(U68*AE$5/1200,2) -> 0 | AF69: =ROUND(V68*AF$5/1200,2) -> 0 | AG69: =ROUND(W68*AG$5/1200,2) -> 0 | AH69: =ROUND(X68*AH$5/1200,2) -> 0 | AI69: =ROUND(Y68*AI$5/1200,2) -> 0 | ... AK69: =ROUND(AA68*AK$5/1200,2) -> 0 | AL69: =MIN(AL$5,R68+AB69) -> 0 | AM69: =MIN(AM$5,S68+AC69) -> 0 | AN69: =MIN(AN$5,T68+AD69) -> 0 | AO69: =MIN(AO$5,U68+AE69) -> 0 | AP69: =MIN(AP$5,V68+AF69) -> 0 | AQ69: =MIN(AQ$5,W68+AG69) -> 0 | AR69: =MIN(AR$5,X68+AH69) -> 0 | AS69: =MIN(AS$5,Y68+AI69) -> 0 | ... AU69: =MIN(AU$5,AA68+AK69) -> 0
A70: =IF(F69>0.005,65,"") | B70: =IF(A70="","",EDATE(Долги!$D$5,64)) | C70: =SUM(H70:Q70) -> 0 | D70: =SUM(AB70:AK70) -> 0 | E70: =C70-D70 -> 0 | F70: =SUM(R70:AA70) -> 0 | G70: =IF(OR(A70="",$F$5<=0),"",REPT("█",ROUND(20*F70/$F$5,0))) | H70: =AL70+MIN(R69+AB70-AL70,MAX(0,ROUND(Долги!$D$19-SUM($AL70:$AU70),2))) -> 0 | I70: =AM70+MIN(S69+AC70-AM70,MAX(0,ROUND(ROUND(Долги!$D$19-SUM($AL70:$AU70),2)-(SUM($H70:H70)-SUM($AL70:AL70)),2))) -> 0 | J70: =AN70+MIN(T69+AD70-AN70,MAX(0,ROUND(ROUND(Долги!$D$19-SUM($AL70:$AU70),2)-(SUM($H70:I70)-SUM($AL70:AM70)),2))) -> 0 | K70: =AO70+MIN(U69+AE70-AO70,MAX(0,ROUND(ROUND(Долги!$D$19-SUM($AL70:$AU70),2)-(SUM($H70:J70)-SUM($AL70:AN70)),2))) -> 0 | L70: =AP70+MIN(V69+AF70-AP70,MAX(0,ROUND(ROUND(Долги!$D$19-SUM($AL70:$AU70),2)-(SUM($H70:K70)-SUM($AL70:AO70)),2))) -> 0 | M70: =AQ70+MIN(W69+AG70-AQ70,MAX(0,ROUND(ROUND(Долги!$D$19-SUM($AL70:$AU70),2)-(SUM($H70:L70)-SUM($AL70:AP70)),2))) -> 0 | N70: =AR70+MIN(X69+AH70-AR70,MAX(0,ROUND(ROUND(Долги!$D$19-SUM($AL70:$AU70),2)-(SUM($H70:M70)-SUM($AL70:AQ70)),2))) -> 0 | O70: =AS70+MIN(Y69+AI70-AS70,MAX(0,ROUND(ROUND(Долги!$D$19-SUM($AL70:$AU70),2)-(SUM($H70:N70)-SUM($AL70:AR70)),2))) -> 0 | P70: =AT70+MIN(Z69+AJ70-AT70,MAX(0,ROUND(ROUND(Долги!$D$19-SUM($AL70:$AU70),2)-(SUM($H70:O70)-SUM($AL70:AS70)),2))) -> 0 | Q70: =AU70+MIN(AA69+AK70-AU70,MAX(0,ROUND(ROUND(Долги!$D$19-SUM($AL70:$AU70),2)-(SUM($H70:P70)-SUM($AL70:AT70)),2))) -> 0 | R70: =IF(R69+AB70-H70<=0.01,0,ROUND(R69+AB70-H70,2)) -> 0 | S70: =IF(S69+AC70-I70<=0.01,0,ROUND(S69+AC70-I70,2)) -> 0 | T70: =IF(T69+AD70-J70<=0.01,0,ROUND(T69+AD70-J70,2)) -> 0 | U70: =IF(U69+AE70-K70<=0.01,0,ROUND(U69+AE70-K70,2)) -> 0 | V70: =IF(V69+AF70-L70<=0.01,0,ROUND(V69+AF70-L70,2)) -> 0 | W70: =IF(W69+AG70-M70<=0.01,0,ROUND(W69+AG70-M70,2)) -> 0 | X70: =IF(X69+AH70-N70<=0.01,0,ROUND(X69+AH70-N70,2)) -> 0 | Y70: =IF(Y69+AI70-O70<=0.01,0,ROUND(Y69+AI70-O70,2)) -> 0 | ... AA70: =IF(AA69+AK70-Q70<=0.01,0,ROUND(AA69+AK70-Q70,2)) -> 0 | AB70: =ROUND(R69*AB$5/1200,2) -> 0 | AC70: =ROUND(S69*AC$5/1200,2) -> 0 | AD70: =ROUND(T69*AD$5/1200,2) -> 0 | AE70: =ROUND(U69*AE$5/1200,2) -> 0 | AF70: =ROUND(V69*AF$5/1200,2) -> 0 | AG70: =ROUND(W69*AG$5/1200,2) -> 0 | AH70: =ROUND(X69*AH$5/1200,2) -> 0 | AI70: =ROUND(Y69*AI$5/1200,2) -> 0 | ... AK70: =ROUND(AA69*AK$5/1200,2) -> 0 | AL70: =MIN(AL$5,R69+AB70) -> 0 | AM70: =MIN(AM$5,S69+AC70) -> 0 | AN70: =MIN(AN$5,T69+AD70) -> 0 | AO70: =MIN(AO$5,U69+AE70) -> 0 | AP70: =MIN(AP$5,V69+AF70) -> 0 | AQ70: =MIN(AQ$5,W69+AG70) -> 0 | AR70: =MIN(AR$5,X69+AH70) -> 0 | AS70: =MIN(AS$5,Y69+AI70) -> 0 | ... AU70: =MIN(AU$5,AA69+AK70) -> 0
A71: =IF(F70>0.005,66,"") | B71: =IF(A71="","",EDATE(Долги!$D$5,65)) | C71: =SUM(H71:Q71) -> 0 | D71: =SUM(AB71:AK71) -> 0 | E71: =C71-D71 -> 0 | F71: =SUM(R71:AA71) -> 0 | G71: =IF(OR(A71="",$F$5<=0),"",REPT("█",ROUND(20*F71/$F$5,0))) | H71: =AL71+MIN(R70+AB71-AL71,MAX(0,ROUND(Долги!$D$19-SUM($AL71:$AU71),2))) -> 0 | I71: =AM71+MIN(S70+AC71-AM71,MAX(0,ROUND(ROUND(Долги!$D$19-SUM($AL71:$AU71),2)-(SUM($H71:H71)-SUM($AL71:AL71)),2))) -> 0 | J71: =AN71+MIN(T70+AD71-AN71,MAX(0,ROUND(ROUND(Долги!$D$19-SUM($AL71:$AU71),2)-(SUM($H71:I71)-SUM($AL71:AM71)),2))) -> 0 | K71: =AO71+MIN(U70+AE71-AO71,MAX(0,ROUND(ROUND(Долги!$D$19-SUM($AL71:$AU71),2)-(SUM($H71:J71)-SUM($AL71:AN71)),2))) -> 0 | L71: =AP71+MIN(V70+AF71-AP71,MAX(0,ROUND(ROUND(Долги!$D$19-SUM($AL71:$AU71),2)-(SUM($H71:K71)-SUM($AL71:AO71)),2))) -> 0 | M71: =AQ71+MIN(W70+AG71-AQ71,MAX(0,ROUND(ROUND(Долги!$D$19-SUM($AL71:$AU71),2)-(SUM($H71:L71)-SUM($AL71:AP71)),2))) -> 0 | N71: =AR71+MIN(X70+AH71-AR71,MAX(0,ROUND(ROUND(Долги!$D$19-SUM($AL71:$AU71),2)-(SUM($H71:M71)-SUM($AL71:AQ71)),2))) -> 0 | O71: =AS71+MIN(Y70+AI71-AS71,MAX(0,ROUND(ROUND(Долги!$D$19-SUM($AL71:$AU71),2)-(SUM($H71:N71)-SUM($AL71:AR71)),2))) -> 0 | P71: =AT71+MIN(Z70+AJ71-AT71,MAX(0,ROUND(ROUND(Долги!$D$19-SUM($AL71:$AU71),2)-(SUM($H71:O71)-SUM($AL71:AS71)),2))) -> 0 | Q71: =AU71+MIN(AA70+AK71-AU71,MAX(0,ROUND(ROUND(Долги!$D$19-SUM($AL71:$AU71),2)-(SUM($H71:P71)-SUM($AL71:AT71)),2))) -> 0 | R71: =IF(R70+AB71-H71<=0.01,0,ROUND(R70+AB71-H71,2)) -> 0 | S71: =IF(S70+AC71-I71<=0.01,0,ROUND(S70+AC71-I71,2)) -> 0 | T71: =IF(T70+AD71-J71<=0.01,0,ROUND(T70+AD71-J71,2)) -> 0 | U71: =IF(U70+AE71-K71<=0.01,0,ROUND(U70+AE71-K71,2)) -> 0 | V71: =IF(V70+AF71-L71<=0.01,0,ROUND(V70+AF71-L71,2)) -> 0 | W71: =IF(W70+AG71-M71<=0.01,0,ROUND(W70+AG71-M71,2)) -> 0 | X71: =IF(X70+AH71-N71<=0.01,0,ROUND(X70+AH71-N71,2)) -> 0 | Y71: =IF(Y70+AI71-O71<=0.01,0,ROUND(Y70+AI71-O71,2)) -> 0 | ... AA71: =IF(AA70+AK71-Q71<=0.01,0,ROUND(AA70+AK71-Q71,2)) -> 0 | AB71: =ROUND(R70*AB$5/1200,2) -> 0 | AC71: =ROUND(S70*AC$5/1200,2) -> 0 | AD71: =ROUND(T70*AD$5/1200,2) -> 0 | AE71: =ROUND(U70*AE$5/1200,2) -> 0 | AF71: =ROUND(V70*AF$5/1200,2) -> 0 | AG71: =ROUND(W70*AG$5/1200,2) -> 0 | AH71: =ROUND(X70*AH$5/1200,2) -> 0 | AI71: =ROUND(Y70*AI$5/1200,2) -> 0 | ... AK71: =ROUND(AA70*AK$5/1200,2) -> 0 | AL71: =MIN(AL$5,R70+AB71) -> 0 | AM71: =MIN(AM$5,S70+AC71) -> 0 | AN71: =MIN(AN$5,T70+AD71) -> 0 | AO71: =MIN(AO$5,U70+AE71) -> 0 | AP71: =MIN(AP$5,V70+AF71) -> 0 | AQ71: =MIN(AQ$5,W70+AG71) -> 0 | AR71: =MIN(AR$5,X70+AH71) -> 0 | AS71: =MIN(AS$5,Y70+AI71) -> 0 | ... AU71: =MIN(AU$5,AA70+AK71) -> 0
A72: =IF(F71>0.005,67,"") | B72: =IF(A72="","",EDATE(Долги!$D$5,66)) | C72: =SUM(H72:Q72) -> 0 | D72: =SUM(AB72:AK72) -> 0 | E72: =C72-D72 -> 0 | F72: =SUM(R72:AA72) -> 0 | G72: =IF(OR(A72="",$F$5<=0),"",REPT("█",ROUND(20*F72/$F$5,0))) | H72: =AL72+MIN(R71+AB72-AL72,MAX(0,ROUND(Долги!$D$19-SUM($AL72:$AU72),2))) -> 0 | I72: =AM72+MIN(S71+AC72-AM72,MAX(0,ROUND(ROUND(Долги!$D$19-SUM($AL72:$AU72),2)-(SUM($H72:H72)-SUM($AL72:AL72)),2))) -> 0 | J72: =AN72+MIN(T71+AD72-AN72,MAX(0,ROUND(ROUND(Долги!$D$19-SUM($AL72:$AU72),2)-(SUM($H72:I72)-SUM($AL72:AM72)),2))) -> 0 | K72: =AO72+MIN(U71+AE72-AO72,MAX(0,ROUND(ROUND(Долги!$D$19-SUM($AL72:$AU72),2)-(SUM($H72:J72)-SUM($AL72:AN72)),2))) -> 0 | L72: =AP72+MIN(V71+AF72-AP72,MAX(0,ROUND(ROUND(Долги!$D$19-SUM($AL72:$AU72),2)-(SUM($H72:K72)-SUM($AL72:AO72)),2))) -> 0 | M72: =AQ72+MIN(W71+AG72-AQ72,MAX(0,ROUND(ROUND(Долги!$D$19-SUM($AL72:$AU72),2)-(SUM($H72:L72)-SUM($AL72:AP72)),2))) -> 0 | N72: =AR72+MIN(X71+AH72-AR72,MAX(0,ROUND(ROUND(Долги!$D$19-SUM($AL72:$AU72),2)-(SUM($H72:M72)-SUM($AL72:AQ72)),2))) -> 0 | O72: =AS72+MIN(Y71+AI72-AS72,MAX(0,ROUND(ROUND(Долги!$D$19-SUM($AL72:$AU72),2)-(SUM($H72:N72)-SUM($AL72:AR72)),2))) -> 0 | P72: =AT72+MIN(Z71+AJ72-AT72,MAX(0,ROUND(ROUND(Долги!$D$19-SUM($AL72:$AU72),2)-(SUM($H72:O72)-SUM($AL72:AS72)),2))) -> 0 | Q72: =AU72+MIN(AA71+AK72-AU72,MAX(0,ROUND(ROUND(Долги!$D$19-SUM($AL72:$AU72),2)-(SUM($H72:P72)-SUM($AL72:AT72)),2))) -> 0 | R72: =IF(R71+AB72-H72<=0.01,0,ROUND(R71+AB72-H72,2)) -> 0 | S72: =IF(S71+AC72-I72<=0.01,0,ROUND(S71+AC72-I72,2)) -> 0 | T72: =IF(T71+AD72-J72<=0.01,0,ROUND(T71+AD72-J72,2)) -> 0 | U72: =IF(U71+AE72-K72<=0.01,0,ROUND(U71+AE72-K72,2)) -> 0 | V72: =IF(V71+AF72-L72<=0.01,0,ROUND(V71+AF72-L72,2)) -> 0 | W72: =IF(W71+AG72-M72<=0.01,0,ROUND(W71+AG72-M72,2)) -> 0 | X72: =IF(X71+AH72-N72<=0.01,0,ROUND(X71+AH72-N72,2)) -> 0 | Y72: =IF(Y71+AI72-O72<=0.01,0,ROUND(Y71+AI72-O72,2)) -> 0 | ... AA72: =IF(AA71+AK72-Q72<=0.01,0,ROUND(AA71+AK72-Q72,2)) -> 0 | AB72: =ROUND(R71*AB$5/1200,2) -> 0 | AC72: =ROUND(S71*AC$5/1200,2) -> 0 | AD72: =ROUND(T71*AD$5/1200,2) -> 0 | AE72: =ROUND(U71*AE$5/1200,2) -> 0 | AF72: =ROUND(V71*AF$5/1200,2) -> 0 | AG72: =ROUND(W71*AG$5/1200,2) -> 0 | AH72: =ROUND(X71*AH$5/1200,2) -> 0 | AI72: =ROUND(Y71*AI$5/1200,2) -> 0 | ... AK72: =ROUND(AA71*AK$5/1200,2) -> 0 | AL72: =MIN(AL$5,R71+AB72) -> 0 | AM72: =MIN(AM$5,S71+AC72) -> 0 | AN72: =MIN(AN$5,T71+AD72) -> 0 | AO72: =MIN(AO$5,U71+AE72) -> 0 | AP72: =MIN(AP$5,V71+AF72) -> 0 | AQ72: =MIN(AQ$5,W71+AG72) -> 0 | AR72: =MIN(AR$5,X71+AH72) -> 0 | AS72: =MIN(AS$5,Y71+AI72) -> 0 | ... AU72: =MIN(AU$5,AA71+AK72) -> 0
A73: =IF(F72>0.005,68,"") | B73: =IF(A73="","",EDATE(Долги!$D$5,67)) | C73: =SUM(H73:Q73) -> 0 | D73: =SUM(AB73:AK73) -> 0 | E73: =C73-D73 -> 0 | F73: =SUM(R73:AA73) -> 0 | G73: =IF(OR(A73="",$F$5<=0),"",REPT("█",ROUND(20*F73/$F$5,0))) | H73: =AL73+MIN(R72+AB73-AL73,MAX(0,ROUND(Долги!$D$19-SUM($AL73:$AU73),2))) -> 0 | I73: =AM73+MIN(S72+AC73-AM73,MAX(0,ROUND(ROUND(Долги!$D$19-SUM($AL73:$AU73),2)-(SUM($H73:H73)-SUM($AL73:AL73)),2))) -> 0 | J73: =AN73+MIN(T72+AD73-AN73,MAX(0,ROUND(ROUND(Долги!$D$19-SUM($AL73:$AU73),2)-(SUM($H73:I73)-SUM($AL73:AM73)),2))) -> 0 | K73: =AO73+MIN(U72+AE73-AO73,MAX(0,ROUND(ROUND(Долги!$D$19-SUM($AL73:$AU73),2)-(SUM($H73:J73)-SUM($AL73:AN73)),2))) -> 0 | L73: =AP73+MIN(V72+AF73-AP73,MAX(0,ROUND(ROUND(Долги!$D$19-SUM($AL73:$AU73),2)-(SUM($H73:K73)-SUM($AL73:AO73)),2))) -> 0 | M73: =AQ73+MIN(W72+AG73-AQ73,MAX(0,ROUND(ROUND(Долги!$D$19-SUM($AL73:$AU73),2)-(SUM($H73:L73)-SUM($AL73:AP73)),2))) -> 0 | N73: =AR73+MIN(X72+AH73-AR73,MAX(0,ROUND(ROUND(Долги!$D$19-SUM($AL73:$AU73),2)-(SUM($H73:M73)-SUM($AL73:AQ73)),2))) -> 0 | O73: =AS73+MIN(Y72+AI73-AS73,MAX(0,ROUND(ROUND(Долги!$D$19-SUM($AL73:$AU73),2)-(SUM($H73:N73)-SUM($AL73:AR73)),2))) -> 0 | P73: =AT73+MIN(Z72+AJ73-AT73,MAX(0,ROUND(ROUND(Долги!$D$19-SUM($AL73:$AU73),2)-(SUM($H73:O73)-SUM($AL73:AS73)),2))) -> 0 | Q73: =AU73+MIN(AA72+AK73-AU73,MAX(0,ROUND(ROUND(Долги!$D$19-SUM($AL73:$AU73),2)-(SUM($H73:P73)-SUM($AL73:AT73)),2))) -> 0 | R73: =IF(R72+AB73-H73<=0.01,0,ROUND(R72+AB73-H73,2)) -> 0 | S73: =IF(S72+AC73-I73<=0.01,0,ROUND(S72+AC73-I73,2)) -> 0 | T73: =IF(T72+AD73-J73<=0.01,0,ROUND(T72+AD73-J73,2)) -> 0 | U73: =IF(U72+AE73-K73<=0.01,0,ROUND(U72+AE73-K73,2)) -> 0 | V73: =IF(V72+AF73-L73<=0.01,0,ROUND(V72+AF73-L73,2)) -> 0 | W73: =IF(W72+AG73-M73<=0.01,0,ROUND(W72+AG73-M73,2)) -> 0 | X73: =IF(X72+AH73-N73<=0.01,0,ROUND(X72+AH73-N73,2)) -> 0 | Y73: =IF(Y72+AI73-O73<=0.01,0,ROUND(Y72+AI73-O73,2)) -> 0 | ... AA73: =IF(AA72+AK73-Q73<=0.01,0,ROUND(AA72+AK73-Q73,2)) -> 0 | AB73: =ROUND(R72*AB$5/1200,2) -> 0 | AC73: =ROUND(S72*AC$5/1200,2) -> 0 | AD73: =ROUND(T72*AD$5/1200,2) -> 0 | AE73: =ROUND(U72*AE$5/1200,2) -> 0 | AF73: =ROUND(V72*AF$5/1200,2) -> 0 | AG73: =ROUND(W72*AG$5/1200,2) -> 0 | AH73: =ROUND(X72*AH$5/1200,2) -> 0 | AI73: =ROUND(Y72*AI$5/1200,2) -> 0 | ... AK73: =ROUND(AA72*AK$5/1200,2) -> 0 | AL73: =MIN(AL$5,R72+AB73) -> 0 | AM73: =MIN(AM$5,S72+AC73) -> 0 | AN73: =MIN(AN$5,T72+AD73) -> 0 | AO73: =MIN(AO$5,U72+AE73) -> 0 | AP73: =MIN(AP$5,V72+AF73) -> 0 | AQ73: =MIN(AQ$5,W72+AG73) -> 0 | AR73: =MIN(AR$5,X72+AH73) -> 0 | AS73: =MIN(AS$5,Y72+AI73) -> 0 | ... AU73: =MIN(AU$5,AA72+AK73) -> 0
A74: =IF(F73>0.005,69,"") | B74: =IF(A74="","",EDATE(Долги!$D$5,68)) | C74: =SUM(H74:Q74) -> 0 | D74: =SUM(AB74:AK74) -> 0 | E74: =C74-D74 -> 0 | F74: =SUM(R74:AA74) -> 0 | G74: =IF(OR(A74="",$F$5<=0),"",REPT("█",ROUND(20*F74/$F$5,0))) | H74: =AL74+MIN(R73+AB74-AL74,MAX(0,ROUND(Долги!$D$19-SUM($AL74:$AU74),2))) -> 0 | I74: =AM74+MIN(S73+AC74-AM74,MAX(0,ROUND(ROUND(Долги!$D$19-SUM($AL74:$AU74),2)-(SUM($H74:H74)-SUM($AL74:AL74)),2))) -> 0 | J74: =AN74+MIN(T73+AD74-AN74,MAX(0,ROUND(ROUND(Долги!$D$19-SUM($AL74:$AU74),2)-(SUM($H74:I74)-SUM($AL74:AM74)),2))) -> 0 | K74: =AO74+MIN(U73+AE74-AO74,MAX(0,ROUND(ROUND(Долги!$D$19-SUM($AL74:$AU74),2)-(SUM($H74:J74)-SUM($AL74:AN74)),2))) -> 0 | L74: =AP74+MIN(V73+AF74-AP74,MAX(0,ROUND(ROUND(Долги!$D$19-SUM($AL74:$AU74),2)-(SUM($H74:K74)-SUM($AL74:AO74)),2))) -> 0 | M74: =AQ74+MIN(W73+AG74-AQ74,MAX(0,ROUND(ROUND(Долги!$D$19-SUM($AL74:$AU74),2)-(SUM($H74:L74)-SUM($AL74:AP74)),2))) -> 0 | N74: =AR74+MIN(X73+AH74-AR74,MAX(0,ROUND(ROUND(Долги!$D$19-SUM($AL74:$AU74),2)-(SUM($H74:M74)-SUM($AL74:AQ74)),2))) -> 0 | O74: =AS74+MIN(Y73+AI74-AS74,MAX(0,ROUND(ROUND(Долги!$D$19-SUM($AL74:$AU74),2)-(SUM($H74:N74)-SUM($AL74:AR74)),2))) -> 0 | P74: =AT74+MIN(Z73+AJ74-AT74,MAX(0,ROUND(ROUND(Долги!$D$19-SUM($AL74:$AU74),2)-(SUM($H74:O74)-SUM($AL74:AS74)),2))) -> 0 | Q74: =AU74+MIN(AA73+AK74-AU74,MAX(0,ROUND(ROUND(Долги!$D$19-SUM($AL74:$AU74),2)-(SUM($H74:P74)-SUM($AL74:AT74)),2))) -> 0 | R74: =IF(R73+AB74-H74<=0.01,0,ROUND(R73+AB74-H74,2)) -> 0 | S74: =IF(S73+AC74-I74<=0.01,0,ROUND(S73+AC74-I74,2)) -> 0 | T74: =IF(T73+AD74-J74<=0.01,0,ROUND(T73+AD74-J74,2)) -> 0 | U74: =IF(U73+AE74-K74<=0.01,0,ROUND(U73+AE74-K74,2)) -> 0 | V74: =IF(V73+AF74-L74<=0.01,0,ROUND(V73+AF74-L74,2)) -> 0 | W74: =IF(W73+AG74-M74<=0.01,0,ROUND(W73+AG74-M74,2)) -> 0 | X74: =IF(X73+AH74-N74<=0.01,0,ROUND(X73+AH74-N74,2)) -> 0 | Y74: =IF(Y73+AI74-O74<=0.01,0,ROUND(Y73+AI74-O74,2)) -> 0 | ... AA74: =IF(AA73+AK74-Q74<=0.01,0,ROUND(AA73+AK74-Q74,2)) -> 0 | AB74: =ROUND(R73*AB$5/1200,2) -> 0 | AC74: =ROUND(S73*AC$5/1200,2) -> 0 | AD74: =ROUND(T73*AD$5/1200,2) -> 0 | AE74: =ROUND(U73*AE$5/1200,2) -> 0 | AF74: =ROUND(V73*AF$5/1200,2) -> 0 | AG74: =ROUND(W73*AG$5/1200,2) -> 0 | AH74: =ROUND(X73*AH$5/1200,2) -> 0 | AI74: =ROUND(Y73*AI$5/1200,2) -> 0 | ... AK74: =ROUND(AA73*AK$5/1200,2) -> 0 | AL74: =MIN(AL$5,R73+AB74) -> 0 | AM74: =MIN(AM$5,S73+AC74) -> 0 | AN74: =MIN(AN$5,T73+AD74) -> 0 | AO74: =MIN(AO$5,U73+AE74) -> 0 | AP74: =MIN(AP$5,V73+AF74) -> 0 | AQ74: =MIN(AQ$5,W73+AG74) -> 0 | AR74: =MIN(AR$5,X73+AH74) -> 0 | AS74: =MIN(AS$5,Y73+AI74) -> 0 | ... AU74: =MIN(AU$5,AA73+AK74) -> 0
A75: =IF(F74>0.005,70,"") | B75: =IF(A75="","",EDATE(Долги!$D$5,69)) | C75: =SUM(H75:Q75) -> 0 | D75: =SUM(AB75:AK75) -> 0 | E75: =C75-D75 -> 0 | F75: =SUM(R75:AA75) -> 0 | G75: =IF(OR(A75="",$F$5<=0),"",REPT("█",ROUND(20*F75/$F$5,0))) | H75: =AL75+MIN(R74+AB75-AL75,MAX(0,ROUND(Долги!$D$19-SUM($AL75:$AU75),2))) -> 0 | I75: =AM75+MIN(S74+AC75-AM75,MAX(0,ROUND(ROUND(Долги!$D$19-SUM($AL75:$AU75),2)-(SUM($H75:H75)-SUM($AL75:AL75)),2))) -> 0 | J75: =AN75+MIN(T74+AD75-AN75,MAX(0,ROUND(ROUND(Долги!$D$19-SUM($AL75:$AU75),2)-(SUM($H75:I75)-SUM($AL75:AM75)),2))) -> 0 | K75: =AO75+MIN(U74+AE75-AO75,MAX(0,ROUND(ROUND(Долги!$D$19-SUM($AL75:$AU75),2)-(SUM($H75:J75)-SUM($AL75:AN75)),2))) -> 0 | L75: =AP75+MIN(V74+AF75-AP75,MAX(0,ROUND(ROUND(Долги!$D$19-SUM($AL75:$AU75),2)-(SUM($H75:K75)-SUM($AL75:AO75)),2))) -> 0 | M75: =AQ75+MIN(W74+AG75-AQ75,MAX(0,ROUND(ROUND(Долги!$D$19-SUM($AL75:$AU75),2)-(SUM($H75:L75)-SUM($AL75:AP75)),2))) -> 0 | N75: =AR75+MIN(X74+AH75-AR75,MAX(0,ROUND(ROUND(Долги!$D$19-SUM($AL75:$AU75),2)-(SUM($H75:M75)-SUM($AL75:AQ75)),2))) -> 0 | O75: =AS75+MIN(Y74+AI75-AS75,MAX(0,ROUND(ROUND(Долги!$D$19-SUM($AL75:$AU75),2)-(SUM($H75:N75)-SUM($AL75:AR75)),2))) -> 0 | P75: =AT75+MIN(Z74+AJ75-AT75,MAX(0,ROUND(ROUND(Долги!$D$19-SUM($AL75:$AU75),2)-(SUM($H75:O75)-SUM($AL75:AS75)),2))) -> 0 | Q75: =AU75+MIN(AA74+AK75-AU75,MAX(0,ROUND(ROUND(Долги!$D$19-SUM($AL75:$AU75),2)-(SUM($H75:P75)-SUM($AL75:AT75)),2))) -> 0 | R75: =IF(R74+AB75-H75<=0.01,0,ROUND(R74+AB75-H75,2)) -> 0 | S75: =IF(S74+AC75-I75<=0.01,0,ROUND(S74+AC75-I75,2)) -> 0 | T75: =IF(T74+AD75-J75<=0.01,0,ROUND(T74+AD75-J75,2)) -> 0 | U75: =IF(U74+AE75-K75<=0.01,0,ROUND(U74+AE75-K75,2)) -> 0 | V75: =IF(V74+AF75-L75<=0.01,0,ROUND(V74+AF75-L75,2)) -> 0 | W75: =IF(W74+AG75-M75<=0.01,0,ROUND(W74+AG75-M75,2)) -> 0 | X75: =IF(X74+AH75-N75<=0.01,0,ROUND(X74+AH75-N75,2)) -> 0 | Y75: =IF(Y74+AI75-O75<=0.01,0,ROUND(Y74+AI75-O75,2)) -> 0 | ... AA75: =IF(AA74+AK75-Q75<=0.01,0,ROUND(AA74+AK75-Q75,2)) -> 0 | AB75: =ROUND(R74*AB$5/1200,2) -> 0 | AC75: =ROUND(S74*AC$5/1200,2) -> 0 | AD75: =ROUND(T74*AD$5/1200,2) -> 0 | AE75: =ROUND(U74*AE$5/1200,2) -> 0 | AF75: =ROUND(V74*AF$5/1200,2) -> 0 | AG75: =ROUND(W74*AG$5/1200,2) -> 0 | AH75: =ROUND(X74*AH$5/1200,2) -> 0 | AI75: =ROUND(Y74*AI$5/1200,2) -> 0 | ... AK75: =ROUND(AA74*AK$5/1200,2) -> 0 | AL75: =MIN(AL$5,R74+AB75) -> 0 | AM75: =MIN(AM$5,S74+AC75) -> 0 | AN75: =MIN(AN$5,T74+AD75) -> 0 | AO75: =MIN(AO$5,U74+AE75) -> 0 | AP75: =MIN(AP$5,V74+AF75) -> 0 | AQ75: =MIN(AQ$5,W74+AG75) -> 0 | AR75: =MIN(AR$5,X74+AH75) -> 0 | AS75: =MIN(AS$5,Y74+AI75) -> 0 | ... AU75: =MIN(AU$5,AA74+AK75) -> 0
